Workbook

Sheet Смета 12 гр. по ФЕР
A1: =Source!B1 -> Smeta.RU (495) 974-1589
B3: "СОГЛАСОВАНО" | H3: "УТВЕРЖДАЮ"
B6: =CONCATENATE("______________________ ", IF(Source!AL12<>"", Source!AL12, "")) -> ______________________ | H6: =CONCATENATE("______________________ ", IF(Source!AH12<>"", Source!AH12, "")) -> ______________________
B7: "_____"________________ 2018 г. | H7: "_____"________________ 2018 г.
B11: СМЕТА
B12: =IF(Source!G20<>"Новая локальная смета", Source!G20, "")
B14: Выполнение работ по ремонту системы водоснабжения в загородном учебно-спортивном комплексе "база отдыха Волга" НИЯУ МИФИ по адресу: Тверская область, Калининский район, п/о Лисицкий бор, деревня Видогощи.
G17: базовая цена | I17: текущая цена
C18: Сметная стоимость | G18: =SUM(O29:O373)/1000 -> 326.70593 | I18: =(Source!P235/1000) -> 1985.3166 | K18: тыс. руб.
C19: Строительные работы | G19: =SUM(W29:W373)/1000 -> 326.70593 | I19: =(Source!P222)/1000 -> 1682.4717 | K19: тыс. руб.
C20: Монтажные работы | G20: =SUM(X29:X373)/1000 -> 0 | I20: =(Source!P223)/1000 -> 0 | K20: тыс. руб.
C21: Оборудование | G21: =SUM(Y29:Y373)/1000 -> 0 | I21: =(Source!P214)/1000 -> 0 | K21: тыс. руб.
C22: Прочие работы | G22: =SUM(Z29:Z373)/1000 -> 0 | I22: =(Source!P224+Source!P225)/1000 -> 0 | K22: тыс. руб.
C23: Нормативная трудоемкость | G23: =I23 -> 6327.503 | I23: =(Source!P227+Source!P228) -> 6327.503 | K23: чел. -ч.
C24: Средства на оплату труда | G24: =SUM(R29:R373)/1000 -> 54.12987 | I24: =((Source!P220 + Source!P219)/1000) -> 278.76885 | K24: тыс. руб.
A26: Составлена в ценах III квартал 2018 года
A27: № п/п | B27: Шифр расценки и коды ресурсов | C27: Наименование работ и затрат | D27: Ед. изм. | E27: Кол-во единиц | F27: Цена на ед. изм. | G27: Попра-вочные коэфф. | H27: Стоимость в ценах 2001г. | I27: Пункт коэфф. пересчета | J27: Коэфф. пересчета | K27: Стоимость в текущих ценах | L27: ЗТР всего чел.-час
A28: 1 | B28: 2 | C28: 3 | D28: 4 | E28: 5 | F28: 6 | G28: 7 | H28: 8 | I28: 9 | J28: 10 | K28: 11 | L28: 12
A29: =Source!E25 -> 1 | B29: =Source!F25 -> 01-02-055-02 | C29: =Source!G25 -> Разработка грунта вручную с креплениями в траншеях шириной до 2 м, глубиной до 2 м, группа грунтов 2 | D29: =Source!H25 -> 100 м3 | E29: =Source!I25 -> 11.85 | F29: =Source!AL25+Source!AM25+Source!AO25 -> 1583.82 | I29: =Source!BO25 | S29: =ROUND((Source!FX25/100)*((ROUND(Source!AF25*Source!I25, 2)+ROUND(Source!AE25*Source!I25, 2))), 2) -> 15540.13 | T29: =Source!X25 -> 80031.64 | U29: =ROUND((Source!FY25/100)*((ROUND(Source!AF25*Source!I25, 2)+ROUND(Source!AE25*Source!I25, 2))), 2) -> 8255.69 | V29: =Source!Y25 -> 42238.92
C30: ="Объем: "&Source!I25&"=1185/"&"100" -> Объем: 11,85=1185/100
C31: Зарплата | F31: =Source!AO25 -> 1583.82 | G31: =Source!DG25 -> )*1,15 | H31: =ROUND(Source!AF25*Source!I25, 2) -> 21583.51 | J31: =IF(Source!BA25<> 0, Source!BA25, 1) -> 5.15 | K31: =Source!S25 -> 111155.06 | R31: =H31 -> 21583.51
C32: НР от ФОТ | D32: % | E32: =Source!BZ25 -> 80 | F32: =CONCATENATE(" )", Source!DL25, Source!FT25, "=", Source!FX25) -> )*0,9=72 | H32: =SUM(S29:S34) -> 15540.13 | J32: =Source!AT25 -> 72 | K32: =SUM(T29:T34) -> 80031.64
C33: СП от ФОТ | D33: % | E33: =Source!CA25 -> 45 | F33: =CONCATENATE(" )", Source!DM25, Source!FU25, "=", Source!FY25) -> )*0,85=38,25 | H33: =SUM(U29:U34) -> 8255.69 | J33: =Source!AU25 -> 38 | K33: =SUM(V29:V34) -> 42238.92
C34: Затраты труда | D34: чел-ч | E34: =Source!AQ25 -> 189 | G34: =Source!DI25 -> )*1,15 | L34: =Source!U25 -> 2575.5975
G35: =H31+H32+H33 -> 45379.33 | J35: =K31+K32+K33 -> 233425.62 | L35: =Source!U25 -> 2575.5975 | O35: =G35 -> 45379.33 | P35: =J35 -> 233425.62 | Q35: =L35 -> 2575.5975 | W35: =IF(Source!BI25<=1,H31+H32+H33, 0) -> 45379.33 | X35: =IF(Source!BI25=2,H31+H32+H33, 0) -> 0 | Y35: =IF(Source!BI25=3,H31+H32+H33, 0) -> 0 | Z35: =IF(Source!BI25=4,H31+H32+H33, 0) -> 0
A36: =Source!E27 -> 2 | B36: =Source!F27 -> 66-3-1 | C36: =Source!G27 -> Разборка кирпичной кладки камер, каналов, компенсаторных ниш, углов поворота вручную без очистки кирпича (4 шт.) | D36: =Source!H27 -> м3 | E36: =Source!I27 -> 1.413 | F36: =Source!AL27+Source!AM27+Source!AO27 -> 50.23 | I36: =Source!BO27 | S36: =ROUND((Source!FX27/100)*((ROUND(Source!AF27*Source!I27, 2)+ROUND(Source!AE27*Source!I27, 2))), 2) -> 52.52 | T36: =Source!X27 -> 270.48 | U36: =ROUND((Source!FY27/100)*((ROUND(Source!AF27*Source!I27, 2)+ROUND(Source!AE27*Source!I27, 2))), 2) -> 35.49 | V36: =Source!Y27 -> 182.76
C37: Зарплата | F37: =Source!AO27 -> 50.23 | G37: =Source!DG27 | H37: =ROUND(Source!AF27*Source!I27, 2) -> 70.97 | J37: =IF(Source!BA27<> 0, Source!BA27, 1) -> 5.15 | K37: =Source!S27 -> 365.52 | R37: =H37 -> 70.97
C38: НР от ФОТ | D38: % | E38: =Source!BZ27 -> 74 | H38: =SUM(S36:S40) -> 52.52 | J38: =Source!AT27 -> 74 | K38: =SUM(T36:T40) -> 270.48
C39: СП от ФОТ | D39: % | E39: =Source!CA27 -> 50 | H39: =SUM(U36:U40) -> 35.49 | J39: =Source!AU27 -> 50 | K39: =SUM(V36:V40) -> 182.76
C40: Затраты труда | D40: чел-ч | E40: =Source!AQ27 -> 6.44 | G40: =Source!DI27 | L40: =Source!U27 -> 9.09972
G41: =H37+H38+H39 -> 158.98 | J41: =K37+K38+K39 -> 818.76 | L41: =Source!U27 -> 9.09972 | O41: =G41 -> 158.98 | P41: =J41 -> 818.76 | Q41: =L41 -> 9.09972 | W41: =IF(Source!BI27<=1,H37+H38+H39, 0) -> 158.98 | X41: =IF(Source!BI27=2,H37+H38+H39, 0) -> 0 | Y41: =IF(Source!BI27=3,H37+H38+H39, 0) -> 0 | Z41: =IF(Source!BI27=4,H37+H38+H39, 0) -> 0
A42: =Source!E29 -> 3 | B42: =Source!F29 -> 07-06-002-06 | C42: =Source!G29 -> Демонтаж: Устройство плит перекрытий каналов площадью до 1 м2 | D42: =Source!H29 -> 100 ШТ | E42: =Source!I29 -> 0.3 | F42: =Source!AL29+Source!AM29+Source!AO29 -> 6289.69 | I42: =Source!BO29 | S42: =ROUND((Source!FX29/100)*((ROUND(Source!AF29*Source!I29, 2)+ROUND(Source!AE29*Source!I29, 2))), 2) -> 485.64 | T42: =Source!X29 -> 2501.1 | U42: =ROUND((Source!FY29/100)*((ROUND(Source!AF29*Source!I29, 2)+ROUND(Source!AE29*Source!I29, 2))), 2) -> 299.9 | V42: =Source!Y29 -> 1539.14
C43: ="Объем: "&Source!I29&"=30/"&"100" -> Объем: 0,3=30/100
C44: Зарплата | F44: =Source!AO29 -> 1011.72 | G44: =Source!DG29 -> )*0,8 | H44: =ROUND(Source!AF29*Source!I29, 2) -> 242.81 | J44: =IF(Source!BA29<> 0, Source!BA29, 1) -> 5.15 | K44: =Source!S29 -> 1250.49 | R44: =H44 -> 242.81
C45: Эксплуатация машин | F45: =Source!AM29 -> 5151.64 | G45: =Source!DE29 -> )*0,8 | H45: =ROUND(Source!AD29*Source!I29, 2) -> 1236.39 | J45: =IF(Source!BB29<> 0, Source!BB29, 1) -> 5.15 | K45: =Source!Q29 -> 6367.43
C46: в т.ч. зарплата машинистов | F46: =Source!AN29 -> 717.8 | G46: =Source!DF29 -> )*0,8 | H46: =ROUND(Source!AE29*Source!I29, 2) -> 172.27 | J46: =IF(Source!BS29<> 0, Source!BS29, 1) -> 5.15 | K46: =Source!R29 -> 887.2 | R46: =H46 -> 172.27
C47: НР от ФОТ | D47: % | E47: =Source!BZ29 -> 130 | F47: =CONCATENATE(" )", Source!DL29, Source!FT29, "=", Source!FX29) -> )*0,9=117 | H47: =SUM(S42:S49) -> 485.64 | J47: =Source!AT29 -> 117 | K47: =SUM(T42:T49) -> 2501.1
C48: СП от ФОТ | D48: % | E48: =Source!CA29 -> 85 | F48: =CONCATENATE(" )", Source!DM29, Source!FU29, "=", Source!FY29) -> )*0,85=72,25 | H48: =SUM(U42:U49) -> 299.9 | J48: =Source!AU29 -> 72 | K48: =SUM(V42:V49) -> 1539.14
C49: Затраты труда | D49: чел-ч | E49: =Source!AQ29 -> 107.63 | G49: =Source!DI29 -> )*0,8 | L49: =Source!U29 -> 25.8312
G50: =H44+H45+H47+H48 -> 2264.74 | J50: =K44+K45+K47+K48 -> 11658.16 | L50: =Source!U29 -> 25.8312 | O50: =G50 -> 2264.74 | P50: =J50 -> 11658.16 | Q50: =L50 -> 25.8312 | W50: =IF(Source!BI29<=1,H44+H45+H47+H48, 0) -> 2264.74 | X50: =IF(Source!BI29=2,H44+H45+H47+H48, 0) -> 0 | Y50: =IF(Source!BI29=3,H44+H45+H47+H48, 0) -> 0 | Z50: =IF(Source!BI29=4,H44+H45+H47+H48, 0) -> 0
A51: =Source!E31 -> 4 | B51: =Source!F31 -> 65-1-3 | C51: =Source!G31 -> Разборка трубопроводов из водогазопроводных труб диаметром до 100 мм (диам.80мм) | D51: =Source!H31 -> 100 м | E51: =Source!I31 -> 0.6 | F51: =Source!AL31+Source!AM31+Source!AO31 -> 716.97 | I51: =Source!BO31 | S51: =ROUND((Source!FX31/100)*((ROUND(Source!AF31*Source!I31, 2)+ROUND(Source!AE31*Source!I31, 2))), 2) -> 283.38 | T51: =Source!X31 -> 1459.38 | U51: =ROUND((Source!FY31/100)*((ROUND(Source!AF31*Source!I31, 2)+ROUND(Source!AE31*Source!I31, 2))), 2) -> 191.47 | V51: =Source!Y31 -> 986.07
C52: ="Объем: "&Source!I31&"=60/"&"100" -> Объем: 0,6=60/100
C53: Зарплата | F53: =Source!AO31 -> 634.72 | G53: =Source!DG31 | H53: =ROUND(Source!AF31*Source!I31, 2) -> 380.83 | J53: =IF(Source!BA31<> 0, Source!BA31, 1) -> 5.15 | K53: =Source!S31 -> 1961.28 | R53: =H53 -> 380.83
C54: Эксплуатация машин | F54: =Source!AM31 -> 15.93 | G54: =Source!DE31 | H54: =ROUND(Source!AD31*Source!I31, 2) -> 9.56 | J54: =IF(Source!BB31<> 0, Source!BB31, 1) -> 5.15 | K54: =Source!Q31 -> 49.22
C55: в т.ч. зарплата машинистов | F55: =Source!AN31 -> 3.51 | G55: =Source!DF31 | H55: =ROUND(Source!AE31*Source!I31, 2) -> 2.11 | J55: =IF(Source!BS31<> 0, Source!BS31, 1) -> 5.15 | K55: =Source!R31 -> 10.85 | R55: =H55 -> 2.11
C56: Материальные ресурсы | F56: =Source!AL31 -> 66.32 | G56: =Source!DD31 | H56: =ROUND(Source!AC31*Source!I31, 2) -> 39.79 | J56: =IF(Source!BC31<> 0, Source!BC31, 1) -> 5.15 | K56: =Source!P31 -> 204.93
C57: НР от ФОТ | D57: % | E57: =Source!BZ31 -> 74 | H57: =SUM(S51:S59) -> 283.38 | J57: =Source!AT31 -> 74 | K57: =SUM(T51:T59) -> 1459.38
C58: СП от ФОТ | D58: % | E58: =Source!CA31 -> 50 | H58: =SUM(U51:U59) -> 191.47 | J58: =Source!AU31 -> 50 | K58: =SUM(V51:V59) -> 986.07
C59: Затраты труда | D59: чел-ч | E59: =Source!AQ31 -> 76.38 | G59: =Source!DI31 | L59: =Source!U31 -> 45.828
G60: =H53+H54+H56+H57+H58 -> 905.03 | J60: =K53+K54+K56+K57+K58 -> 4660.88 | L60: =Source!U31 -> 45.828 | O60: =G60 -> 905.03 | P60: =J60 -> 4660.88 | Q60: =L60 -> 45.828 | W60: =IF(Source!BI31<=1,H53+H54+H56+H57+H58, 0) -> 905.03 | X60: =IF(Source!BI31=2,H53+H54+H56+H57+H58, 0) -> 0 | Y60: =IF(Source!BI31=3,H53+H54+H56+H57+H58, 0) -> 0 | Z60: =IF(Source!BI31=4,H53+H54+H56+H57+H58, 0) -> 0
A61: =Source!E33 -> 5 | B61: =Source!F33 -> 66-1-2 | C61: =Source!G33 -> Разборка трубопроводов водоснабжения из чугунных труб диаметром 100 мм | D61: =Source!H33 -> 100 м | E61: =Source!I33 -> 3.5 | F61: =Source!AL33+Source!AM33+Source!AO33 -> 722.28 | I61: =Source!BO33 | S61: =ROUND((Source!FX33/100)*((ROUND(Source!AF33*Source!I33, 2)+ROUND(Source!AE33*Source!I33, 2))), 2) -> 1870.71 | T61: =Source!X33 -> 9634.13 | U61: =ROUND((Source!FY33/100)*((ROUND(Source!AF33*Source!I33, 2)+ROUND(Source!AE33*Source!I33, 2))), 2) -> 1263.99 | V61: =Source!Y33 -> 6509.55
C62: ="Объем: "&Source!I33&"=350/"&"100" -> Объем: 3,5=350/100
C63: Зарплата | F63: =Source!AO33 -> 722.28 | G63: =Source!DG33 | H63: =ROUND(Source!AF33*Source!I33, 2) -> 2527.98 | J63: =IF(Source!BA33<> 0, Source!BA33, 1) -> 5.15 | K63: =Source!S33 -> 13019.1 | R63: =H63 -> 2527.98
C64: НР от ФОТ | D64: % | E64: =Source!BZ33 -> 74 | H64: =SUM(S61:S66) -> 1870.71 | J64: =Source!AT33 -> 74 | K64: =SUM(T61:T66) -> 9634.13
C65: СП от ФОТ | D65: % | E65: =Source!CA33 -> 50 | H65: =SUM(U61:U66) -> 1263.99 | J65: =Source!AU33 -> 50 | K65: =SUM(V61:V66) -> 6509.55
C66: Затраты труда | D66: чел-ч | E66: =Source!AQ33 -> 92.6 | G66: =Source!DI33 | L66: =Source!U33 -> 324.1
G67: =H63+H64+H65 -> 5662.68 | J67: =K63+K64+K65 -> 29162.78 | L67: =Source!U33 -> 324.1 | O67: =G67 -> 5662.68 | P67: =J67 -> 29162.78 | Q67: =L67 -> 324.1 | W67: =IF(Source!BI33<=1,H63+H64+H65, 0) -> 5662.68 | X67: =IF(Source!BI33=2,H63+H64+H65, 0) -> 0 | Y67: =IF(Source!BI33=3,H63+H64+H65, 0) -> 0 | Z67: =IF(Source!BI33=4,H63+H64+H65, 0) -> 0
A68: =Source!E35 -> 6 | B68: =Source!F35 -> 66-1-1 | C68: =Source!G35 -> Разборка трубопроводов водоснабжения из чугунных труб диаметром 50 мм | D68: =Source!H35 -> 100 м | E68: =Source!I35 -> 3.18 | F68: =Source!AL35+Source!AM35+Source!AO35 -> 611.99 | I68: =Source!BO35 | S68: =ROUND((Source!FX35/100)*((ROUND(Source!AF35*Source!I35, 2)+ROUND(Source!AE35*Source!I35, 2))), 2) -> 1440.14 | T68: =Source!X35 -> 7416.69 | U68: =ROUND((Source!FY35/100)*((ROUND(Source!AF35*Source!I35, 2)+ROUND(Source!AE35*Source!I35, 2))), 2) -> 973.07 | V68: =Source!Y35 -> 5011.28
C69: ="Объем: "&Source!I35&"=318/"&"100" -> Объем: 3,18=318/100
C70: Зарплата | F70: =Source!AO35 -> 611.99 | G70: =Source!DG35 | H70: =ROUND(Source!AF35*Source!I35, 2) -> 1946.13 | J70: =IF(Source!BA35<> 0, Source!BA35, 1) -> 5.15 | K70: =Source!S35 -> 10022.56 | R70: =H70 -> 1946.13
C71: НР от ФОТ | D71: % | E71: =Source!BZ35 -> 74 | H71: =SUM(S68:S73) -> 1440.14 | J71: =Source!AT35 -> 74 | K71: =SUM(T68:T73) -> 7416.69
C72: СП от ФОТ | D72: % | E72: =Source!CA35 -> 50 | H72: =SUM(U68:U73) -> 973.07 | J72: =Source!AU35 -> 50 | K72: =SUM(V68:V73) -> 5011.28
C73: Затраты труда | D73: чел-ч | E73: =Source!AQ35 -> 78.46 | G73: =Source!DI35 | L73: =Source!U35 -> 249.5028
G74: =H70+H71+H72 -> 4359.34 | J74: =K70+K71+K72 -> 22450.53 | L74: =Source!U35 -> 249.5028 | O74: =G74 -> 4359.34 | P74: =J74 -> 22450.53 | Q74: =L74 -> 249.5028 | W74: =IF(Source!BI35<=1,H70+H71+H72, 0) -> 4359.34 | X74: =IF(Source!BI35=2,H70+H71+H72, 0) -> 0 | Y74: =IF(Source!BI35=3,H70+H71+H72, 0) -> 0 | Z74: =IF(Source!BI35=4,H70+H71+H72, 0) -> 0
A75: =Source!E37 -> 7 | B75: =Source!F37 -> 66-26-1 | C75: =Source!G37 -> Демонтаж задвижек диаметром до 50 мм | D75: =Source!H37 -> ШТ | E75: =Source!I37 -> 5 | F75: =Source!AL37+Source!AM37+Source!AO37 -> 11.84 | I75: =Source!BO37 | S75: =ROUND((Source!FX37/100)*((ROUND(Source!AF37*Source!I37, 2)+ROUND(Source!AE37*Source!I37, 2))), 2) -> 23.79 | T75: =Source!X37 -> 122.52 | U75: =ROUND((Source!FY37/100)*((ROUND(Source!AF37*Source!I37, 2)+ROUND(Source!AE37*Source!I37, 2))), 2) -> 16.08 | V75: =Source!Y37 -> 82.79
C76: Зарплата | F76: =Source!AO37 -> 5.27 | G76: =Source!DG37 | H76: =ROUND(Source!AF37*Source!I37, 2) -> 26.35 | J76: =IF(Source!BA37<> 0, Source!BA37, 1) -> 5.15 | K76: =Source!S37 -> 135.7 | R76: =H76 -> 26.35
C77: Эксплуатация машин | F77: =Source!AM37 -> 6.57 | G77: =Source!DE37 | H77: =ROUND(Source!AD37*Source!I37, 2) -> 32.85 | J77: =IF(Source!BB37<> 0, Source!BB37, 1) -> 5.15 | K77: =Source!Q37 -> 169.18
C78: в т.ч. зарплата машинистов | F78: =Source!AN37 -> 1.16 | G78: =Source!DF37 | H78: =ROUND(Source!AE37*Source!I37, 2) -> 5.8 | J78: =IF(Source!BS37<> 0, Source!BS37, 1) -> 5.15 | K78: =Source!R37 -> 29.87 | R78: =H78 -> 5.8
C79: НР от ФОТ | D79: % | E79: =Source!BZ37 -> 74 | H79: =SUM(S75:S81) -> 23.79 | J79: =Source!AT37 -> 74 | K79: =SUM(T75:T81) -> 122.52
C80: СП от ФОТ | D80: % | E80: =Source!CA37 -> 50 | H80: =SUM(U75:U81) -> 16.08 | J80: =Source!AU37 -> 50 | K80: =SUM(V75:V81) -> 82.79
C81: Затраты труда | D81: чел-ч | E81: =Source!AQ37 -> 0.61 | G81: =Source!DI37 | L81: =Source!U37 -> 3.05
G82: =H76+H77+H79+H80 -> 99.07 | J82: =K76+K77+K79+K80 -> 510.19 | L82: =Source!U37 -> 3.05 | O82: =G82 -> 99.07 | P82: =J82 -> 510.19 | Q82: =L82 -> 3.05 | W82: =IF(Source!BI37<=1,H76+H77+H79+H80, 0) -> 99.07 | X82: =IF(Source!BI37=2,H76+H77+H79+H80, 0) -> 0 | Y82: =IF(Source!BI37=3,H76+H77+H79+H80, 0) -> 0 | Z82: =IF(Source!BI37=4,H76+H77+H79+H80, 0) -> 0
A83: =Source!E39 -> 8 | B83: =Source!F39 -> 66-26-2 | C83: =Source!G39 -> Демонтаж задвижек диаметром до 100 мм | D83: =Source!H39 -> ШТ | E83: =Source!I39 -> 6 | F83: =Source!AL39+Source!AM39+Source!AO39 -> 16.42 | I83: =Source!BO39 | S83: =ROUND((Source!FX39/100)*((ROUND(Source!AF39*Source!I39, 2)+ROUND(Source!AE39*Source!I39, 2))), 2) -> 48.88 | T83: =Source!X39 -> 251.76 | U83: =ROUND((Source!FY39/100)*((ROUND(Source!AF39*Source!I39, 2)+ROUND(Source!AE39*Source!I39, 2))), 2) -> 33.03 | V83: =Source!Y39 -> 170.11
C84: Зарплата | F84: =Source!AO39 -> 9.85 | G84: =Source!DG39 | H84: =ROUND(Source!AF39*Source!I39, 2) -> 59.1 | J84: =IF(Source!BA39<> 0, Source!BA39, 1) -> 5.15 | K84: =Source!S39 -> 304.37 | R84: =H84 -> 59.1
C85: Эксплуатация машин | F85: =Source!AM39 -> 6.57 | G85: =Source!DE39 | H85: =ROUND(Source!AD39*Source!I39, 2) -> 39.42 | J85: =IF(Source!BB39<> 0, Source!BB39, 1) -> 5.15 | K85: =Source!Q39 -> 203.01
C86: в т.ч. зарплата машинистов | F86: =Source!AN39 -> 1.16 | G86: =Source!DF39 | H86: =ROUND(Source!AE39*Source!I39, 2) -> 6.96 | J86: =IF(Source!BS39<> 0, Source!BS39, 1) -> 5.15 | K86: =Source!R39 -> 35.84 | R86: =H86 -> 6.96
C87: НР от ФОТ | D87: % | E87: =Source!BZ39 -> 74 | H87: =SUM(S83:S89) -> 48.88 | J87: =Source!AT39 -> 74 | K87: =SUM(T83:T89) -> 251.76
C88: СП от ФОТ | D88: % | E88: =Source!CA39 -> 50 | H88: =SUM(U83:U89) -> 33.03 | J88: =Source!AU39 -> 50 | K88: =SUM(V83:V89) -> 170.11
C89: Затраты труда | D89: чел-ч | E89: =Source!AQ39 -> 1.14 | G89: =Source!DI39 | L89: =Source!U39 -> 6.84
G90: =H84+H85+H87+H88 -> 180.43 | J90: =K84+K85+K87+K88 -> 929.25 | L90: =Source!U39 -> 6.84 | O90: =G90 -> 180.43 | P90: =J90 -> 929.25 | Q90: =L90 -> 6.84 | W90: =IF(Source!BI39<=1,H84+H85+H87+H88, 0) -> 180.43 | X90: =IF(Source!BI39=2,H84+H85+H87+H88, 0) -> 0 | Y90: =IF(Source!BI39=3,H84+H85+H87+H88, 0) -> 0 | Z90: =IF(Source!BI39=4,H84+H85+H87+H88, 0) -> 0
A91: =Source!E41 -> 9 | B91: =Source!F41 -> 23-03-001-05 | C91: =Source!G41 -> Устройство круглых сборных железобетонных канализационных колодцев диаметром 1,5 м в сухих грунтах | D91: =Source!H41 -> 10 м3 | E91: =Source!I41 -> 0.9 | F91: =Source!AL41+Source!AM41+Source!AO41 -> 8839.8 | I91: =Source!BO41 | S91: =ROUND((Source!FX41/100)*((ROUND(Source!AF41*Source!I41, 2)+ROUND(Source!AE41*Source!I41, 2))), 2) -> 1350.98 | T91: =Source!X41 -> 6957.52 | U91: =ROUND((Source!FY41/100)*((ROUND(Source!AF41*Source!I41, 2)+ROUND(Source!AE41*Source!I41, 2))), 2) -> 873.52 | V91: =Source!Y41 -> 4519.42
C92: ="Объем: "&Source!I41&"=9/"&"10" -> Объем: 0,9=9/10
C93: Зарплата | F93: =Source!AO41 -> 875.71 | G93: =Source!DG41 -> )*1,15 | H93: =ROUND(Source!AF41*Source!I41, 2) -> 906.36 | J93: =IF(Source!BA41<> 0, Source!BA41, 1) -> 5.15 | K93: =Source!S41 -> 4667.75 | R93: =H93 -> 906.36
C94: Эксплуатация машин | F94: =Source!AM41 -> 1631.65 | G94: =Source!DE41 -> )*1,25 | H94: =ROUND(Source!AD41*Source!I41, 2) -> 1835.61 | J94: =IF(Source!BB41<> 0, Source!BB41, 1) -> 5.15 | K94: =Source!Q41 -> 9453.37
C95: в т.ч. зарплата машинистов | F95: =Source!AN41 -> 220.73 | G95: =Source!DF41 -> )*1,25 | H95: =ROUND(Source!AE41*Source!I41, 2) -> 248.32 | J95: =IF(Source!BS41<> 0, Source!BS41, 1) -> 5.15 | K95: =Source!R41 -> 1278.85 | R95: =H95 -> 248.32
C96: Материальные ресурсы | F96: =Source!AL41 -> 6332.44 | G96: =Source!DD41 | H96: =ROUND(Source!AC41*Source!I41, 2) -> 5699.2 | J96: =IF(Source!BC41<> 0, Source!BC41, 1) -> 5.15 | K96: =Source!P41 -> 29350.86
C97: НР от ФОТ | D97: % | E97: =Source!BZ41 -> 130 | F97: =CONCATENATE(" )", Source!DL41, Source!FT41, "=", Source!FX41) -> )*0,9=117 | H97: =SUM(S91:S108) -> 1350.98 | J97: =Source!AT41 -> 117 | K97: =SUM(T91:T108) -> 6957.52
C98: СП от ФОТ | D98: % | E98: =Source!CA41 -> 89 | F98: =CONCATENATE(" )", Source!DM41, Source!FU41, "=", Source!FY41) -> )*0,85=75,65 | H98: =SUM(U91:U108) -> 873.52 | J98: =Source!AU41 -> 76 | K98: =SUM(V91:V108) -> 4519.42
C99: Затраты труда | D99: чел-ч | E99: =Source!AQ41 -> 96.55 | G99: =Source!DI41 -> )*1,15 | L99: =Source!U41 -> 99.92925
A100: =Source!E43 -> 9,1 | B100: =Source!F43 -> 02.3.01.02 | C100: =Source!G43 -> Песок для строительных работ природный | D100: =Source!H43 -> м3 | E100: =Source!I43 -> 1.305 | F100: =Source!AL43+Source!AM43+Source!AO43 -> 0 | H100: =ROUND(Source!AC43*Source!I43, 2)+ROUND(Source!AD43*Source!I43, 2)+ROUND(Source!AF43*Source!I43, 2) -> 0 | J100: =IF(Source!BC43<> 0, Source!BC43, 1) -> 5.15 | K100: =Source!O43 -> 0 | S100: =ROUND((Source!FX43/100)*((ROUND(Source!AF43*Source!I43, 2)+ROUND(Source!AE43*Source!I43, 2))), 2) -> 0 | T100: =Source!X43 -> 0 | U100: =ROUND((Source!FY43/100)*((ROUND(Source!AF43*Source!I43, 2)+ROUND(Source!AE43*Source!I43, 2))), 2) -> 0 | V100: =Source!Y43 -> 0 | W100: =IF(Source!BI43<=1,H100, 0) -> 0 | X100: =IF(Source!BI43=2,H100, 0) -> 0 | Y100: =IF(Source!BI43=3,H100, 0) -> 0 | Z100: =IF(Source!BI43=4,H100, 0) -> 0
A101: =Source!E45 -> 9,2 | B101: =Source!F45 -> 02.3.01.02-0015 | C101: =Source!G45 -> Песок природный для строительных работ средний | D101: =Source!H45 -> м3 | E101: =Source!I45 -> 1.305 | F101: =Source!AL45+Source!AM45+Source!AO45 -> 55.26 | H101: =ROUND(Source!AC45*Source!I45, 2)+ROUND(Source!AD45*Source!I45, 2)+ROUND(Source!AF45*Source!I45, 2) -> 72.11 | J101: =IF(Source!BC45<> 0, Source!BC45, 1) -> 5.15 | K101: =Source!O45 -> 371.39 | S101: =ROUND((Source!FX45/100)*((ROUND(Source!AF45*Source!I45, 2)+ROUND(Source!AE45*Source!I45, 2))), 2) -> 0 | T101: =Source!X45 -> 0 | U101: =ROUND((Source!FY45/100)*((ROUND(Source!AF45*Source!I45, 2)+ROUND(Source!AE45*Source!I45, 2))), 2) -> 0 | V101: =Source!Y45 -> 0 | W101: =IF(Source!BI45<=1,H101, 0) -> 72.11 | X101: =IF(Source!BI45=2,H101, 0) -> 0 | Y101: =IF(Source!BI45=3,H101, 0) -> 0 | Z101: =IF(Source!BI45=4,H101, 0) -> 0
A102: =Source!E47 -> 9,3 | B102: =Source!F47 -> 04.3.01.03 | C102: =Source!G47 -> Раствор асбоцементный | D102: =Source!H47 -> м3 | E102: =Source!I47 -> 0.108 | F102: =Source!AL47+Source!AM47+Source!AO47 -> 0 | H102: =ROUND(Source!AC47*Source!I47, 2)+ROUND(Source!AD47*Source!I47, 2)+ROUND(Source!AF47*Source!I47, 2) -> 0 | J102: =IF(Source!BC47<> 0, Source!BC47, 1) -> 5.15 | K102: =Source!O47 -> 0 | S102: =ROUND((Source!FX47/100)*((ROUND(Source!AF47*Source!I47, 2)+ROUND(Source!AE47*Source!I47, 2))), 2) -> 0 | T102: =Source!X47 -> 0 | U102: =ROUND((Source!FY47/100)*((ROUND(Source!AF47*Source!I47, 2)+ROUND(Source!AE47*Source!I47, 2))), 2) -> 0 | V102: =Source!Y47 -> 0 | W102: =IF(Source!BI47<=1,H102, 0) -> 0 | X102: =IF(Source!BI47=2,H102, 0) -> 0 | Y102: =IF(Source!BI47=3,H102, 0) -> 0 | Z102: =IF(Source!BI47=4,H102, 0) -> 0
A103: =Source!E49 -> 9,4 | B103: =Source!F49 -> 04.3.01.09-0015 | C103: =Source!G49 -> Раствор готовый кладочный цементный марки 150 | D103: =Source!H49 -> м3 | E103: =Source!I49 -> 0.108 | F103: =Source!AL49+Source!AM49+Source!AO49 -> 548.3 | H103: =ROUND(Source!AC49*Source!I49, 2)+ROUND(Source!AD49*Source!I49, 2)+ROUND(Source!AF49*Source!I49, 2) -> 59.22 | J103: =IF(Source!BC49<> 0, Source!BC49, 1) -> 5.15 | K103: =Source!O49 -> 304.96 | S103: =ROUND((Source!FX49/100)*((ROUND(Source!AF49*Source!I49, 2)+ROUND(Source!AE49*Source!I49, 2))), 2) -> 0 | T103: =Source!X49 -> 0 | U103: =ROUND((Source!FY49/100)*((ROUND(Source!AF49*Source!I49, 2)+ROUND(Source!AE49*Source!I49, 2))), 2) -> 0 | V103: =Source!Y49 -> 0 | W103: =IF(Source!BI49<=1,H103, 0) -> 59.22 | X103: =IF(Source!BI49=2,H103, 0) -> 0 | Y103: =IF(Source!BI49=3,H103, 0) -> 0 | Z103: =IF(Source!BI49=4,H103, 0) -> 0
A104: =Source!E51 -> 9,5 | B104: =Source!F51 -> 05.1.01.09 | C104: =Source!G51 -> Кольца для колодцев сборные железобетонные диаметром 1500 мм | D104: =Source!H51 -> м | E104: =Source!I51 -> 6.192 | F104: =Source!AL51+Source!AM51+Source!AO51 -> 0 | H104: =ROUND(Source!AC51*Source!I51, 2)+ROUND(Source!AD51*Source!I51, 2)+ROUND(Source!AF51*Source!I51, 2) -> 0 | J104: =IF(Source!BC51<> 0, Source!BC51, 1) -> 5.15 | K104: =Source!O51 -> 0 | S104: =ROUND((Source!FX51/100)*((ROUND(Source!AF51*Source!I51, 2)+ROUND(Source!AE51*Source!I51, 2))), 2) -> 0 | T104: =Source!X51 -> 0 | U104: =ROUND((Source!FY51/100)*((ROUND(Source!AF51*Source!I51, 2)+ROUND(Source!AE51*Source!I51, 2))), 2) -> 0 | V104: =Source!Y51 -> 0 | W104: =IF(Source!BI51<=1,H104, 0) -> 0 | X104: =IF(Source!BI51=2,H104, 0) -> 0 | Y104: =IF(Source!BI51=3,H104, 0) -> 0 | Z104: =IF(Source!BI51=4,H104, 0) -> 0
A105: =Source!E53 -> 9,6 | B105: =Source!F53 -> 05.1.01.09-0003 | C105: =Source!G53 -> Кольца для колодцев сборные железобетонные диаметром 1500 мм | D105: =Source!H53 -> м | E105: =Source!I53 -> 6.192 | F105: =Source!AL53+Source!AM53+Source!AO53 -> 806.47 | H105: =ROUND(Source!AC53*Source!I53, 2)+ROUND(Source!AD53*Source!I53, 2)+ROUND(Source!AF53*Source!I53, 2) -> 4993.66 | J105: =IF(Source!BC53<> 0, Source!BC53, 1) -> 5.15 | K105: =Source!O53 -> 25717.36 | S105: =ROUND((Source!FX53/100)*((ROUND(Source!AF53*Source!I53, 2)+ROUND(Source!AE53*Source!I53, 2))), 2) -> 0 | T105: =Source!X53 -> 0 | U105: =ROUND((Source!FY53/100)*((ROUND(Source!AF53*Source!I53, 2)+ROUND(Source!AE53*Source!I53, 2))), 2) -> 0 | V105: =Source!Y53 -> 0 | W105: =IF(Source!BI53<=1,H105, 0) -> 4993.66 | X105: =IF(Source!BI53=2,H105, 0) -> 0 | Y105: =IF(Source!BI53=3,H105, 0) -> 0 | Z105: =IF(Source!BI53=4,H105, 0) -> 0
A106: =Source!E55 -> 9,7 | B106: =Source!F55 -> 05.1.01.08-0094 | C106: =Source!G55 -> Крышки колодцев КЦП 1-20-1 /бетон В15 (М200), объем 0,51 м3, расход арматуры 43,40 кг/ (серия 3.900-3 вып.7) | D106: =Source!H55 -> шт. | E106: =Source!I55 -> 2 | F106: =Source!AL55+Source!AM55+Source!AO55 -> 978.71 | H106: =ROUND(Source!AC55*Source!I55, 2)+ROUND(Source!AD55*Source!I55, 2)+ROUND(Source!AF55*Source!I55, 2) -> 1957.42 | J106: =IF(Source!BC55<> 0, Source!BC55, 1) -> 5.15 | K106: =Source!O55 -> 10080.71 | S106: =ROUND((Source!FX55/100)*((ROUND(Source!AF55*Source!I55, 2)+ROUND(Source!AE55*Source!I55, 2))), 2) -> 0 | T106: =Source!X55 -> 0 | U106: =ROUND((Source!FY55/100)*((ROUND(Source!AF55*Source!I55, 2)+ROUND(Source!AE55*Source!I55, 2))), 2) -> 0 | V106: =Source!Y55 -> 0 | W106: =IF(Source!BI55<=1,H106, 0) -> 1957.42 | X106: =IF(Source!BI55=2,H106, 0) -> 0 | Y106: =IF(Source!BI55=3,H106, 0) -> 0 | Z106: =IF(Source!BI55=4,H106, 0) -> 0
A107: =Source!E57 -> 9,8 | B107: =Source!F57 -> 07.2.05.01-0032 | C107: =Source!G57 -> Ограждения лестничных проемов, лестничные марши, пожарные лестницы | D107: =Source!H57 -> т | E107: =Source!I57 -> 0.04 | F107: =Source!AL57+Source!AM57+Source!AO57 -> 7571 | H107: =ROUND(Source!AC57*Source!I57, 2)+ROUND(Source!AD57*Source!I57, 2)+ROUND(Source!AF57*Source!I57, 2) -> 302.84 | J107: =IF(Source!BC57<> 0, Source!BC57, 1) -> 5.15 | K107: =Source!O57 -> 1559.63 | S107: =ROUND((Source!FX57/100)*((ROUND(Source!AF57*Source!I57, 2)+ROUND(Source!AE57*Source!I57, 2))), 2) -> 0 | T107: =Source!X57 -> 0 | U107: =ROUND((Source!FY57/100)*((ROUND(Source!AF57*Source!I57, 2)+ROUND(Source!AE57*Source!I57, 2))), 2) -> 0 | V107: =Source!Y57 -> 0 | W107: =IF(Source!BI57<=1,H107, 0) -> 302.84 | X107: =IF(Source!BI57=2,H107, 0) -> 0 | Y107: =IF(Source!BI57=3,H107, 0) -> 0 | Z107: =IF(Source!BI57=4,H107, 0) -> 0
A108: =Source!E59 -> 9,9 | B108: =Source!F59 -> 08.1.02.06-0034 | C108: =Source!G59 -> Люк чугунный тяжелый (ГОСТ 3634-99) марка Т(С250)-ТС-1-60 | D108: =Source!H59 -> шт. | E108: =Source!I59 -> 2 | F108: =Source!AL59+Source!AM59+Source!AO59 -> 596.04 | H108: =ROUND(Source!AC59*Source!I59, 2)+ROUND(Source!AD59*Source!I59, 2)+ROUND(Source!AF59*Source!I59, 2) -> 1192.08 | J108: =IF(Source!BC59<> 0, Source!BC59, 1) -> 5.15 | K108: =Source!O59 -> 6139.21 | S108: =ROUND((Source!FX59/100)*((ROUND(Source!AF59*Source!I59, 2)+ROUND(Source!AE59*Source!I59, 2))), 2) -> 0 | T108: =Source!X59 -> 0 | U108: =ROUND((Source!FY59/100)*((ROUND(Source!AF59*Source!I59, 2)+ROUND(Source!AE59*Source!I59, 2))), 2) -> 0 | V108: =Source!Y59 -> 0 | W108: =IF(Source!BI59<=1,H108, 0) -> 1192.08 | X108: =IF(Source!BI59=2,H108, 0) -> 0 | Y108: =IF(Source!BI59=3,H108, 0) -> 0 | Z108: =IF(Source!BI59=4,H108, 0) -> 0
G109: =H93+H94+H96+H97+H98+SUM(H100:H108) -> 19243 | J109: =K93+K94+K96+K97+K98+SUM(K100:K108) -> 99122.18 | L109: =Source!U41 -> 99.92925 | O109: =G109 -> 19243 | P109: =J109 -> 99122.18 | Q109: =L109 -> 99.92925 | W109: =IF(Source!BI41<=1,H93+H94+H96+H97+H98, 0) -> 10665.67 | X109: =IF(Source!BI41=2,H93+H94+H96+H97+H98, 0) -> 0 | Y109: =IF(Source!BI41=3,H93+H94+H96+H97+H98, 0) -> 0 | Z109: =IF(Source!BI41=4,H93+H94+H96+H97+H98, 0) -> 0
A110: =Source!E61 -> 10 | B110: =Source!F61 -> 23-03-003-03 | C110: =Source!G61 -> Устройство круглых кирпичных канализационных колодцев с конусным переходом к горловине в сухих грунтах, диаметр колодца 1,5 м | D110: =Source!H61 -> 10 м3 | E110: =Source!I61 -> 0.45 | F110: =Source!AL61+Source!AM61+Source!AO61 -> 4289.9 | I110: =Source!BO61 | S110: =ROUND((Source!FX61/100)*((ROUND(Source!AF61*Source!I61, 2)+ROUND(Source!AE61*Source!I61, 2))), 2) -> 749.96 | T110: =Source!X61 -> 3862.29 | U110: =ROUND((Source!FY61/100)*((ROUND(Source!AF61*Source!I61, 2)+ROUND(Source!AE61*Source!I61, 2))), 2) -> 484.91 | V110: =Source!Y61 -> 2508.84
...

Sheet Source
A1: 0 | B1: Smeta.RU (495) 974-1589 | D1: _PS_ | F1: 0 | G1: 0 | H1: 0 | I1: Smeta.RU | K1: 0 | L1: 13277 | M1: 10
A12: 1 | B12: 298 | C12: 0 | D12: =ROW(A237) -> 237 | E12: 0 | F12: Новый объект | G12: на капитальный ремонт уличного водопровода загородного учебно-спортивного комплекса " база отдыха "Волга" НИЯУ МИФИ по адресу: Тверская область,Калининский район,п/о Лисицкий бор,деревня Видогощи. | I12: 0 | K12: 0 | O12: 0 | P12: 0 | Q12: 0 | R12: 0 | S12: 0 | V12: 0 | BH12: Сметные нормы списания | BI12: Коды ценников | BJ12: 1 | BK12: 1 | BL12: 0 | BM12: 0 | BN12: 1 | BO12: 0 | BP12: 6 | BQ12: 2 | BR12: 1 | BS12: 1 | BT12: 0 | BU12: 0 | BV12: 0 | BW12: 0 | BX12: 0 | BY12: ФЕР-2017 | BZ12: ТР для Версии 10: Центральные регионы (с учетом п-ма 2536-ИП/12/ГС от 22.03.2017 г | CA12: ФЕР-2017 | CB12: ФЕР-2017 | CC12: ФЕР-2017 | CD12: ФЕР-2017 | CE12: Поправки для ГСН 2017 от 31.03.2017 г | CF12: 0 | CG12: 0 | CH12: 524296 | CK12: 4 | EC12: 0
A15: 15 | B15: 1
A18: 52 | B18: =B237 -> 298 | C18: =C237 -> 1 | D18: =D237 -> 12 | E18: =E237 -> 0 | F18: =F237 -> Новый объект | G18: =G237 -> на капитальный ремонт уличного водопровода загородного учебно-спортивного комплекса " база отдыха "Волга" НИЯУ МИФИ по адресу: Тверская область,Калининский район,п/о Лисицкий бор,деревня Видогощи. | O18: =O237 -> 307841.67 | P18: =P237 -> 242420.07 | Q18: =Q237 -> 13329.69 | R18: =R237 -> 2037.96 | S18: =S237 -> 52091.91 | T18: =T237 -> 0 | U18: =U237 -> 6164.7402 | V18: =V237 -> 162.7628 | ... GX18: =GX237 -> 0
A20: 3 | B20: 1 | D20: =ROW(A205) -> 205 | F20: Новая локальная смета | G20: Новая локальная смета | I20: 0 | K20: 0 | V20: 0 | BX20: 0 | CF20: 0 | CG20: 0
A22: 52 | B22: =B205 -> 1 | C22: =C205 -> 3 | D22: =D205 -> 20 | E22: =E205 -> 0 | F22: =F205 -> Новая локальная смета | G22: =G205 -> Новая локальная смета | O22: =O205 -> 307841.67 | P22: =P205 -> 242420.07 | Q22: =Q205 -> 13329.69 | R22: =R205 -> 2037.96 | S22: =S205 -> 52091.91 | T22: =T205 -> 0 | U22: =U205 -> 6164.7402 | V22: =V205 -> 162.7628 | ... GX22: =GX205 -> 0
A24: 17 | B24: 1 | C24: =ROW(SmtRes!A1) -> 1 | D24: =ROW(EtalonRes!A1) -> 1 | E24: 1 | F24: 01-02-055-02 | G24: Разработка грунта вручную с креплениями в траншеях шириной до 2 м, глубиной до 2 м, группа грунтов 2 | H24: 100 м3 | I24: =ROUND(1185/100,9) -> 11.85 | J24: 0 | O24: =ROUND(CP24,2) -> 21583.51 | P24: =ROUND(CQ24*I24,2) -> 0 | Q24: =ROUND(CR24*I24,2) -> 0 | R24: =ROUND(CS24*I24,2) -> 0 | S24: =ROUND(CT24*I24,2) -> 21583.51 | T24: =ROUND(CU24*I24,2) -> 0 | U24: =CV24*I24 -> 2575.5975 | V24: =CW24*I24 -> 0 | W24: =ROUND(CX24*I24,2) -> 0 | X24: =ROUND(CY24,2) -> 15540.13 | Y24: =ROUND(CZ24,2) -> 8201.73 | AA24: 39612628 | AB24: =ROUND((AC24+AD24+AF24),6) -> 1821.393 | AC24: =ROUND((ES24),6) -> 0 | AD24: =ROUND(((((ET24*1.25))-((EU24*1.25)))+AE24),6) -> 0 | AE24: =ROUND(((EU24*1.25)),6) -> 0 | AF24: =ROUND(((EV24*1.15)),6) -> 1821.393 | AG24: =ROUND((AP24),6) -> 0 | AH24: =((EW24*1.15)) -> 217.35 | AI24: =((EX24*1.25)) -> 0 | AJ24: =ROUND((AS24),6) -> 0 | AK24: 1583.82 | AL24: 0 | AM24: 0 | AN24: 0 | AO24: 1583.82 | AP24: 0 | AQ24: 189 | AR24: 0 | AS24: 0 | AT24: 72 | AU24: 38 | AV24: 1 | AW24: 1 | AZ24: 1 | BA24: 1 | BB24: 1 | BC24: 1 | BH24: 0 | BI24: 1 | BJ24: ФЕР-2001, 01-02-055-02, приказ Минстроя России №1039/пр от 30.12.2016г. | BM24: 1003 | BN24: 0 | BP24: 0 | BQ24: 2 | BR24: 0 | BS24: 1 | BT24: 1 | BU24: 1 | BV24: 1 | BW24: 1 | BX24: 1 | BZ24: 80 | CA24: 45 | CF24: 0 | CG24: 0 | CM24: 0 | CN24: Поправка: МДС 81-35.2004, п.4.7 Наименование: Работы, выполняемые при реконструкции зданий и сооружений работы, аналогичные технологическим процессам в новом строительстве (в том числе возведение новых конструктивных элементов) стоимость которых определена по соответствующим сборникам ФЕР, кроме сборника № 46 «Работы при реконструкции зданий и сооружений» | CO24: 0 | CP24: =(P24+Q24+S24) -> 21583.51 | CQ24: =AC24*BC24 -> 0 | CR24: =AD24*BB24 -> 0 | CS24: =AE24*BS24 -> 0 | CT24: =AF24*BA24 -> 1821.393 | CU24: =AG24 -> 0 | CV24: =AH24 -> 217.35 | CW24: =AI24 -> 0 | CX24: =AJ24 -> 0 | CY24: =(((S24+R24)*AT24)/100) -> 15540.127 | CZ24: =(((S24+R24)*AU24)/100) -> 8201.7338 | DE24: )*1,25 | DF24: )*1,25 | DG24: )*1,15 | DI24: )*1,15 | DJ24: )*1,25 | DN24: 0 | DO24: 0 | DP24: 1 | DQ24: 1 | DU24: 1007 | DV24: 100 м3 | DW24: 100 м3 | DX24: 100 | EE24: 39174479 | EF24: 2 | EG24: Общестроительные работы | EH24: 0 | EJ24: 1 | EK24: 1003 | EL24: Земляные работы, выполняемые ручным способом | EM24: ФЕР-01 | EO24: Поправка: МДС 81-35.2004, п.4.7 | EQ24: 131072 | ER24: 1583.82 | ES24: 0 | ET24: 0 | EU24: 0 | EV24: 1583.82 | EW24: 189 | EX24: 0 | EY24: 0 | FQ24: 0 | FR24: =ROUND(IF(AND(BH24=3,BI24=3),P24,0),2) -> 0 | FS24: 0 | FT24: *0,9 | FU24: *0,85 | FX24: 72 | FY24: 38.25 | GD24: 0 | GF24: 1494300783 | GG24: 2 | GH24: 1 | GI24: -2 | GJ24: 0 | GK24: =ROUND(R24*(R12)/100,2) -> 0 | GL24: =ROUND(IF(AND(BH24=3,BI24=3,FS24<>0),P24,0),2) -> 0 | GM24: =ROUND(O24+X24+Y24+GK24,2)+GX24 -> 45325.37 | GN24: =IF(OR(BI24=0,BI24=1),ROUND(O24+X24+Y24+GK24,2),0) -> 45325.37 | GO24: =IF(BI24=2,ROUND(O24+X24+Y24+GK24,2),0) -> 0 | GP24: =IF(BI24=4,ROUND(O24+X24+Y24+GK24,2)+GX24,0) -> 0 | GR24: 0 | GS24: 3 | GT24: 0 | GV24: =ROUND(GT24,6) -> 0 | GW24: 1 | GX24: =ROUND(GV24*GW24*I24,2) -> 0 | HA24: 0 | HB24: 0 | IK24: 0
A25: 17 | B25: 1 | C25: =ROW(SmtRes!A2) -> 2 | D25: =ROW(EtalonRes!A2) -> 2 | E25: 1 | F25: 01-02-055-02 | G25: Разработка грунта вручную с креплениями в траншеях шириной до 2 м, глубиной до 2 м, группа грунтов 2 | H25: 100 м3 | I25: =ROUND(1185/100,9) -> 11.85 | J25: 0 | O25: =ROUND(CP25,2) -> 111155.06 | P25: =ROUND(CQ25*I25,2) -> 0 | Q25: =ROUND(CR25*I25,2) -> 0 | R25: =ROUND(CS25*I25,2) -> 0 | S25: =ROUND(CT25*I25,2) -> 111155.06 | T25: =ROUND(CU25*I25,2) -> 0 | U25: =CV25*I25 -> 2575.5975 | V25: =CW25*I25 -> 0 | W25: =ROUND(CX25*I25,2) -> 0 | X25: =ROUND(CY25,2) -> 80031.64 | Y25: =ROUND(CZ25,2) -> 42238.92 | AA25: 39612629 | AB25: =ROUND((AC25+AD25+AF25),6) -> 1821.393 | AC25: =ROUND((ES25),6) -> 0 | AD25: =ROUND(((((ET25*1.25))-((EU25*1.25)))+AE25),6) -> 0 | AE25: =ROUND(((EU25*1.25)),6) -> 0 | AF25: =ROUND(((EV25*1.15)),6) -> 1821.393 | AG25: =ROUND((AP25),6) -> 0 | AH25: =((EW25*1.15)) -> 217.35 | AI25: =((EX25*1.25)) -> 0 | AJ25: =ROUND((AS25),6) -> 0 | AK25: 1583.82 | AL25: 0 | AM25: 0 | AN25: 0 | AO25: 1583.82 | AP25: 0 | AQ25: 189 | AR25: 0 | AS25: 0 | AT25: 72 | AU25: 38 | AV25: 1 | AW25: 1 | AZ25: 5.15 | BA25: 5.15 | BB25: 5.15 | BC25: 5.15 | BH25: 0 | BI25: 1 | BJ25: ФЕР-2001, 01-02-055-02, приказ Минстроя России №1039/пр от 30.12.2016г. | BM25: 1003 | BN25: 0 | BP25: 0 | BQ25: 2 | BR25: 0 | BS25: 5.15 | BT25: 1 | BU25: 1 | BV25: 1 | BW25: 1 | BX25: 1 | BZ25: 80 | CA25: 45 | CF25: 0 | CG25: 0 | CM25: 0 | CN25: Поправка: МДС 81-35.2004, п.4.7 Наименование: Работы, выполняемые при реконструкции зданий и сооружений работы, аналогичные технологическим процессам в новом строительстве (в том числе возведение новых конструктивных элементов) стоимость которых определена по соответствующим сборникам ФЕР, кроме сборника № 46 «Работы при реконструкции зданий и сооружений» | CO25: 0 | CP25: =(P25+Q25+S25) -> 111155.06 | CQ25: =AC25*BC25 -> 0 | CR25: =AD25*BB25 -> 0 | CS25: =AE25*BS25 -> 0 | CT25: =AF25*BA25 -> 9380.174 | CU25: =AG25 -> 0 | CV25: =AH25 -> 217.35 | CW25: =AI25 -> 0 | CX25: =AJ25 -> 0 | CY25: =(((S25+R25)*AT25)/100) -> 80031.643 | CZ25: =(((S25+R25)*AU25)/100) -> 42238.923 | DE25: )*1,25 | DF25: )*1,25 | DG25: )*1,15 | DI25: )*1,15 | DJ25: )*1,25 | DN25: 0 | DO25: 0 | DP25: 1 | DQ25: 1 | DU25: 1007 | DV25: 100 м3 | DW25: 100 м3 | DX25: 100 | EE25: 39174479 | EF25: 2 | EG25: Общестроительные работы | EH25: 0 | EJ25: 1 | EK25: 1003 | EL25: Земляные работы, выполняемые ручным способом | EM25: ФЕР-01 | EO25: Поправка: МДС 81-35.2004, п.4.7 | EQ25: 131072 | ER25: 1583.82 | ES25: 0 | ET25: 0 | EU25: 0 | EV25: 1583.82 | EW25: 189 | EX25: 0 | EY25: 0 | FQ25: 0 | FR25: =ROUND(IF(AND(BH25=3,BI25=3),P25,0),2) -> 0 | FS25: 0 | FT25: *0,9 | FU25: *0,85 | FX25: 72 | FY25: 38.25 | GD25: 0 | GF25: 1494300783 | GG25: 1 | GH25: 1 | GI25: 4 | GJ25: 0 | GK25: =ROUND(R25*(S12)/100,2) -> 0 | GL25: =ROUND(IF(AND(BH25=3,BI25=3,FS25<>0),P25,0),2) -> 0 | GM25: =ROUND(O25+X25+Y25+GK25,2)+GX25 -> 233425.62 | GN25: =IF(OR(BI25=0,BI25=1),ROUND(O25+X25+Y25+GK25,2),0) -> 233425.62 | GO25: =IF(BI25=2,ROUND(O25+X25+Y25+GK25,2),0) -> 0 | GP25: =IF(BI25=4,ROUND(O25+X25+Y25+GK25,2)+GX25,0) -> 0 | GR25: 0 | GS25: 3 | GT25: 0 | GV25: =ROUND(GT25,6) -> 0 | GW25: 1 | GX25: =ROUND(GV25*GW25*I25,2) -> 0 | HA25: 0 | HB25: 0 | IK25: 0
A26: 17 | B26: 1 | C26: =ROW(SmtRes!A3) -> 3 | D26: =ROW(EtalonRes!A4) -> 4 | E26: 2 | F26: 66-3-1 | G26: Разборка кирпичной кладки камер, каналов, компенсаторных ниш, углов поворота вручную без очистки кирпича (4 шт.) | H26: м3 | I26: 1.413 | J26: 0 | O26: =ROUND(CP26,2) -> 70.97 | P26: =ROUND(CQ26*I26,2) -> 0 | Q26: =ROUND(CR26*I26,2) -> 0 | R26: =ROUND(CS26*I26,2) -> 0 | S26: =ROUND(CT26*I26,2) -> 70.97 | T26: =ROUND(CU26*I26,2) -> 0 | U26: =CV26*I26 -> 9.09972 | V26: =CW26*I26 -> 0 | W26: =ROUND(CX26*I26,2) -> 0 | X26: =ROUND(CY26,2) -> 52.52 | Y26: =ROUND(CZ26,2) -> 35.49 | AA26: 39612628 | AB26: =ROUND((AC26+AD26+AF26),6) -> 50.23 | AC26: =ROUND((ES26),6) -> 0 | AD26: =ROUND((((ET26)-(EU26))+AE26),6) -> 0 | AE26: =ROUND((EU26),6) -> 0 | AF26: =ROUND((EV26),6) -> 50.23 | AG26: =ROUND((AP26),6) -> 0 | AH26: =(EW26) -> 6.44 | AI26: =(EX26) -> 0 | AJ26: =ROUND((AS26),6) -> 0 | AK26: 50.23 | AL26: 0 | AM26: 0 | AN26: 0 | AO26: 50.23 | AP26: 0 | AQ26: 6.44 | AR26: 0 | AS26: 0 | AT26: 74 | AU26: 50 | AV26: 1 | AW26: 1 | AZ26: 1 | BA26: 1 | BB26: 1 | BC26: 1 | BH26: 0 | BI26: 1 | BJ26: ФЕРр-2001, 66-3-1, приказ Минстроя России №1039/пр от 30.12.2016г. | BM26: 66001 | BN26: 0 | BP26: 0 | BQ26: 6 | BR26: 0 | BS26: 1 | BT26: 1 | BU26: 1 | BV26: 1 | BW26: 1 | BX26: 1 | BZ26: 74 | CA26: 50 | CF26: 0 | CG26: 0 | CM26: 0 | CO26: 0 | CP26: =(P26+Q26+S26) -> 70.97 | CQ26: =AC26*BC26 -> 0 | CR26: =AD26*BB26 -> 0 | CS26: =AE26*BS26 -> 0 | CT26: =AF26*BA26 -> 50.23 | CU26: =AG26 -> 0 | CV26: =AH26 -> 6.44 | CW26: =AI26 -> 0 | CX26: =AJ26 -> 0 | CY26: =(((S26+R26)*AT26)/100) -> 52.5178 | CZ26: =(((S26+R26)*AU26)/100) -> 35.485 | DN26: 0 | DO26: 0 | DP26: 1 | DQ26: 1 | DU26: 1007 | DV26: м3 | DW26: м3 | DX26: 1 | EE26: 39174607 | EF26: 6 | EG26: Ремонтно-строительные работы | EH26: 0 | EJ26: 1 | EK26: 66001 | EL26: Наружные с/техработы : разборка, очистка... | EM26: рФЕР-66 | EQ26: 131072 | ER26: 50.23 | ES26: 0 | ET26: 0 | EU26: 0 | EV26: 50.23 | EW26: 6.44 | EX26: 0 | EY26: 0 | FQ26: 0 | FR26: =ROUND(IF(AND(BH26=3,BI26=3),P26,0),2) -> 0 | FS26: 0 | FX26: 74 | FY26: 50 | GD26: 0 | GF26: 1635173541 | GG26: 2 | GH26: 1 | GI26: -2 | GJ26: 0 | GK26: =ROUND(R26*(R12)/100,2) -> 0 | GL26: =ROUND(IF(AND(BH26=3,BI26=3,FS26<>0),P26,0),2) -> 0 | GM26: =ROUND(O26+X26+Y26+GK26,2)+GX26 -> 158.98 | GN26: =IF(OR(BI26=0,BI26=1),ROUND(O26+X26+Y26+GK26,2),0) -> 158.98 | GO26: =IF(BI26=2,ROUND(O26+X26+Y26+GK26,2),0) -> 0 | GP26: =IF(BI26=4,ROUND(O26+X26+Y26+GK26,2)+GX26,0) -> 0 | GR26: 0 | GS26: 3 | GT26: 0 | GV26: =ROUND(GT26,6) -> 0 | GW26: 1 | GX26: =ROUND(GV26*GW26*I26,2) -> 0 | HA26: 0 | HB26: 0 | IK26: 0
A27: 17 | B27: 1 | C27: =ROW(SmtRes!A4) -> 4 | D27: =ROW(EtalonRes!A6) -> 6 | E27: 2 | F27: 66-3-1 | G27: Разборка кирпичной кладки камер, каналов, компенсаторных ниш, углов поворота вручную без очистки кирпича (4 шт.) | H27: м3 | I27: 1.413 | J27: 0 | O27: =ROUND(CP27,2) -> 365.52 | P27: =ROUND(CQ27*I27,2) -> 0 | Q27: =ROUND(CR27*I27,2) -> 0 | R27: =ROUND(CS27*I27,2) -> 0 | S27: =ROUND(CT27*I27,2) -> 365.52 | T27: =ROUND(CU27*I27,2) -> 0 | U27: =CV27*I27 -> 9.09972 | V27: =CW27*I27 -> 0 | W27: =ROUND(CX27*I27,2) -> 0 | X27: =ROUND(CY27,2) -> 270.48 | Y27: =ROUND(CZ27,2) -> 182.76 | AA27: 39612629 | AB27: =ROUND((AC27+AD27+AF27),6) -> 50.23 | AC27: =ROUND((ES27),6) -> 0 | AD27: =ROUND((((ET27)-(EU27))+AE27),6) -> 0 | AE27: =ROUND((EU27),6) -> 0 | AF27: =ROUND((EV27),6) -> 50.23 | AG27: =ROUND((AP27),6) -> 0 | AH27: =(EW27) -> 6.44 | AI27: =(EX27) -> 0 | AJ27: =ROUND((AS27),6) -> 0 | AK27: 50.23 | AL27: 0 | AM27: 0 | AN27: 0 | AO27: 50.23 | AP27: 0 | AQ27: 6.44 | AR27: 0 | AS27: 0 | AT27: 74 | AU27: 50 | AV27: 1 | AW27: 1 | AZ27: 5.15 | BA27: 5.15 | BB27: 5.15 | BC27: 5.15 | BH27: 0 | BI27: 1 | BJ27: ФЕРр-2001, 66-3-1, приказ Минстроя России №1039/пр от 30.12.2016г. | BM27: 66001 | BN27: 0 | BP27: 0 | BQ27: 6 | BR27: 0 | BS27: 5.15 | BT27: 1 | BU27: 1 | BV27: 1 | BW27: 1 | BX27: 1 | BZ27: 74 | CA27: 50 | CF27: 0 | CG27: 0 | CM27: 0 | CO27: 0 | CP27: =(P27+Q27+S27) -> 365.52 | CQ27: =AC27*BC27 -> 0 | CR27: =AD27*BB27 -> 0 | CS27: =AE27*BS27 -> 0 | CT27: =AF27*BA27 -> 258.6845 | CU27: =AG27 -> 0 | CV27: =AH27 -> 6.44 | CW27: =AI27 -> 0 | CX27: =AJ27 -> 0 | CY27: =(((S27+R27)*AT27)/100) -> 270.4848 | CZ27: =(((S27+R27)*AU27)/100) -> 182.76 | DN27: 0 | DO27: 0 | DP27: 1 | DQ27: 1 | DU27: 1007 | DV27: м3 | DW27: м3 | DX27: 1 | EE27: 39174607 | EF27: 6 | EG27: Ремонтно-строительные работы | EH27: 0 | EJ27: 1 | EK27: 66001 | EL27: Наружные с/техработы : разборка, очистка... | EM27: рФЕР-66 | EQ27: 131072 | ER27: 50.23 | ES27: 0 | ET27: 0 | EU27: 0 | EV27: 50.23 | EW27: 6.44 | EX27: 0 | EY27: 0 | FQ27: 0 | FR27: =ROUND(IF(AND(BH27=3,BI27=3),P27,0),2) -> 0 | FS27: 0 | FX27: 74 | FY27: 50 | GD27: 0 | GF27: 1635173541 | GG27: 1 | GH27: 1 | GI27: 4 | GJ27: 0 | GK27: =ROUND(R27*(S12)/100,2) -> 0 | GL27: =ROUND(IF(AND(BH27=3,BI27=3,FS27<>0),P27,0),2) -> 0 | GM27: =ROUND(O27+X27+Y27+GK27,2)+GX27 -> 818.76 | GN27: =IF(OR(BI27=0,BI27=1),ROUND(O27+X27+Y27+GK27,2),0) -> 818.76 | GO27: =IF(BI27=2,ROUND(O27+X27+Y27+GK27,2),0) -> 0 | GP27: =IF(BI27=4,ROUND(O27+X27+Y27+GK27,2)+GX27,0) -> 0 | GR27: 0 | GS27: 3 | GT27: 0 | GV27: =ROUND(GT27,6) -> 0 | GW27: 1 | GX27: =ROUND(GV27*GW27*I27,2) -> 0 | HA27: 0 | HB27: 0 | IK27: 0
A28: 17 | B28: 1 | C28: =ROW(SmtRes!A8) -> 8 | D28: =ROW(EtalonRes!A11) -> 11 | E28: 3 | F28: 07-06-002-06 | G28: Демонтаж: Устройство плит перекрытий каналов площадью до 1 м2 | H28: 100 ШТ | I28: =ROUND(30/100,9) -> 0.3 | J28: 0 | O28: =ROUND(CP28,2) -> 1479.2 | P28: =ROUND(CQ28*I28,2) -> 0 | Q28: =ROUND(CR28*I28,2) -> 1236.39 | R28: =ROUND(CS28*I28,2) -> 172.27 | S28: =ROUND(CT28*I28,2) -> 242.81 | T28: =ROUND(CU28*I28,2) -> 0 | U28: =CV28*I28 -> 25.8312 | V28: =CW28*I28 -> 12.7608 | W28: =ROUND(CX28*I28,2) -> 0 | X28: =ROUND(CY28,2) -> 485.64 | Y28: =ROUND(CZ28,2) -> 298.86 | AA28: 39612628 | AB28: =ROUND((AC28+AD28+AF28),6) -> 4930.688 | AC28: =ROUND(((ES28*0)),6) -> 0 | AD28: =ROUND(((((ET28*0.8))-((EU28*0.8)))+AE28),6) -> 4121.312 | AE28: =ROUND(((EU28*0.8)),6) -> 574.24 | AF28: =ROUND(((EV28*0.8)),6) -> 809.376 | AG28: =ROUND((AP28),6) -> 0 | AH28: =((EW28*0.8)) -> 86.104 | AI28: =((EX28*0.8)) -> 42.536 | AJ28: =ROUND((AS28),6) -> 0 | AK28: 6289.69 | AL28: 126.33 | AM28: 5151.64 | AN28: 717.8 | AO28: 1011.72 | AP28: 0 | AQ28: 107.63 | AR28: 53.17 | AS28: 0 | AT28: 117 | AU28: 72 | AV28: 1 | AW28: 1 | AZ28: 1 | BA28: 1 | BB28: 1 | BC28: 1 | BH28: 0 | BI28: 1 | BJ28: ФЕР-2001, 07-06-002-06, приказ Минстроя России №1039/пр от 30.12.2016г. | BM28: 7006 | BN28: 0 | BP28: 0 | BQ28: 2 | BR28: 0 | BS28: 1 | BT28: 1 | BU28: 1 | BV28: 1 | BW28: 1 | BX28: 1 | BZ28: 130 | CA28: 85 | CF28: 0 | CG28: 0 | CM28: 0 | CN28: Поправка: МДС 81-36.2004, п.3.3.1.а Наименование: При демонтаже (разборке) сборных бетонных и железобетонных конструкций | CO28: 0 | CP28: =(P28+Q28+S28) -> 1479.2 | CQ28: =AC28*BC28 -> 0 | CR28: =AD28*BB28 -> 4121.312 | CS28: =AE28*BS28 -> 574.24 | CT28: =AF28*BA28 -> 809.376 | CU28: =AG28 -> 0 | CV28: =AH28 -> 86.104 | CW28: =AI28 -> 42.536 | CX28: =AJ28 -> 0 | CY28: =(((S28+R28)*AT28)/100) -> 485.6436 | CZ28: =(((S28+R28)*AU28)/100) -> 298.8576 | DD28: )*0 | DE28: )*0,8 | DF28: )*0,8 | DG28: )*0,8 | DI28: )*0,8 | DJ28: )*0,8 | DN28: 0 | DO28: 0 | DP28: 1 | DQ28: 1 | DU28: 1013 | DV28: 100 ШТ | DW28: 100 ШТ | DX28: 1 | EE28: 39174497 | EF28: 2 | EG28: Общестроительные работы | EH28: 0 | EJ28: 1 | EK28: 7006 | EL28: Сборные бетонные конструкции в промышленном строительстве ( тепловые сети ) | EM28: ФЕР-07 | EO28: Поправка: МДС 81-36.2004, п.3.3.1.а | EQ28: 131072 | ER28: 6289.69 | ES28: 126.33 | ET28: 5151.64 | EU28: 717.8 | EV28: 1011.72 | EW28: 107.63 | EX28: 53.17 | EY28: 0 | FQ28: 0 | FR28: =ROUND(IF(AND(BH28=3,BI28=3),P28,0),2) -> 0 | FS28: 0 | FT28: *0,9 | FU28: *0,85 | FX28: 117 | FY28: 72.25 | GD28: 0 | GF28: 1669395671 | GG28: 2 | GH28: 1 | GI28: -2 | GJ28: 0 | GK28: =ROUND(R28*(R12)/100,2) -> 0 | GL28: =ROUND(IF(AND(BH28=3,BI28=3,FS28<>0),P28,0),2) -> 0 | GM28: =ROUND(O28+X28+Y28+GK28,2)+GX28 -> 2263.7 | GN28: =IF(OR(BI28=0,BI28=1),ROUND(O28+X28+Y28+GK28,2),0) -> 2263.7 | GO28: =IF(BI28=2,ROUND(O28+X28+Y28+GK28,2),0) -> 0 | GP28: =IF(BI28=4,ROUND(O28+X28+Y28+GK28,2)+GX28,0) -> 0 | GR28: 0 | GS28: 3 | GT28: 0 | GV28: =ROUND(GT28,6) -> 0 | GW28: 1 | GX28: =ROUND(GV28*GW28*I28,2) -> 0 | HA28: 0 | HB28: 0 | IK28: 0
A29: 17 | B29: 1 | C29: =ROW(SmtRes!A12) -> 12 | D29: =ROW(EtalonRes!A16) -> 16 | E29: 3 | F29: 07-06-002-06 | G29: Демонтаж: Устройство плит перекрытий каналов площадью до 1 м2 | H29: 100 ШТ | I29: =ROUND(30/100,9) -> 0.3 | J29: 0 | O29: =ROUND(CP29,2) -> 7617.92 | P29: =ROUND(CQ29*I29,2) -> 0 | Q29: =ROUND(CR29*I29,2) -> 6367.43 | R29: =ROUND(CS29*I29,2) -> 887.2 | S29: =ROUND(CT29*I29,2) -> 1250.49 | T29: =ROUND(CU29*I29,2) -> 0 | U29: =CV29*I29 -> 25.8312 | V29: =CW29*I29 -> 12.7608 | W29: =ROUND(CX29*I29,2) -> 0 | X29: =ROUND(CY29,2) -> 2501.1 | Y29: =ROUND(CZ29,2) -> 1539.14 | AA29: 39612629 | AB29: =ROUND((AC29+AD29+AF29),6) -> 4930.688 | AC29: =ROUND(((ES29*0)),6) -> 0 | AD29: =ROUND(((((ET29*0.8))-((EU29*0.8)))+AE29),6) -> 4121.312 | AE29: =ROUND(((EU29*0.8)),6) -> 574.24 | AF29: =ROUND(((EV29*0.8)),6) -> 809.376 | AG29: =ROUND((AP29),6) -> 0 | AH29: =((EW29*0.8)) -> 86.104 | AI29: =((EX29*0.8)) -> 42.536 | AJ29: =ROUND((AS29),6) -> 0 | AK29: 6289.69 | AL29: 126.33 | AM29: 5151.64 | AN29: 717.8 | AO29: 1011.72 | AP29: 0 | AQ29: 107.63 | AR29: 53.17 | AS29: 0 | AT29: 117 | AU29: 72 | AV29: 1 | AW29: 1 | AZ29: 5.15 | BA29: 5.15 | BB29: 5.15 | BC29: 5.15 | BH29: 0 | BI29: 1 | BJ29: ФЕР-2001, 07-06-002-06, приказ Минстроя России №1039/пр от 30.12.2016г. | BM29: 7006 | BN29: 0 | BP29: 0 | BQ29: 2 | BR29: 0 | BS29: 5.15 | BT29: 1 | BU29: 1 | BV29: 1 | BW29: 1 | BX29: 1 | BZ29: 130 | CA29: 85 | CF29: 0 | CG29: 0 | CM29: 0 | CN29: Поправка: МДС 81-36.2004, п.3.3.1.а Наименование: При демонтаже (разборке) сборных бетонных и железобетонных конструкций | CO29: 0 | CP29: =(P29+Q29+S29) -> 7617.92 | CQ29: =AC29*BC29 -> 0 | CR29: =AD29*BB29 -> 21224.757 | CS29: =AE29*BS29 -> 2957.336 | CT29: =AF29*BA29 -> 4168.2864 | CU29: =AG29 -> 0 | CV29: =AH29 -> 86.104 | CW29: =AI29 -> 42.536 | CX29: =AJ29 -> 0 | CY29: =(((S29+R29)*AT29)/100) -> 2501.0973 | CZ29: =(((S29+R29)*AU29)/100) -> 1539.1368 | DD29: )*0 | DE29: )*0,8 | DF29: )*0,8 | DG29: )*0,8 | DI29: )*0,8 | DJ29: )*0,8 | DN29: 0 | DO29: 0 | DP29: 1 | DQ29: 1 | DU29: 1013 | DV29: 100 ШТ | DW29: 100 ШТ | DX29: 1 | EE29: 39174497 | EF29: 2 | EG29: Общестроительные работы | EH29: 0 | EJ29: 1 | EK29: 7006 | EL29: Сборные бетонные конструкции в промышленном строительстве ( тепловые сети ) | EM29: ФЕР-07 | EO29: Поправка: МДС 81-36.2004, п.3.3.1.а | EQ29: 131072 | ER29: 6289.69 | ES29: 126.33 | ET29: 5151.64 | EU29: 717.8 | EV29: 1011.72 | EW29: 107.63 | EX29: 53.17 | EY29: 0 | FQ29: 0 | FR29: =ROUND(IF(AND(BH29=3,BI29=3),P29,0),2) -> 0 | FS29: 0 | FT29: *0,9 | FU29: *0,85 | FX29: 117 | FY29: 72.25 | GD29: 0 | GF29: 1669395671 | GG29: 1 | GH29: 1 | GI29: 4 | GJ29: 0 | GK29: =ROUND(R29*(S12)/100,2) -> 0 | GL29: =ROUND(IF(AND(BH29=3,BI29=3,FS29<>0),P29,0),2) -> 0 | GM29: =ROUND(O29+X29+Y29+GK29,2)+GX29 -> 11658.16 | GN29: =IF(OR(BI29=0,BI29=1),ROUND(O29+X29+Y29+GK29,2),0) -> 11658.16 | GO29: =IF(BI29=2,ROUND(O29+X29+Y29+GK29,2),0) -> 0 | GP29: =IF(BI29=4,ROUND(O29+X29+Y29+GK29,2)+GX29,0) -> 0 | GR29: 0 | GS29: 3 | GT29: 0 | GV29: =ROUND(GT29,6) -> 0 | GW29: 1 | GX29: =ROUND(GV29*GW29*I29,2) -> 0 | HA29: 0 | HB29: 0 | IK29: 0
A30: 17 | B30: 1 | C30: =ROW(SmtRes!A18) -> 18 | D30: =ROW(EtalonRes!A23) -> 23 | E30: 4 | F30: 65-1-3 | G30: Разборка трубопроводов из водогазопроводных труб диаметром до 100 мм (диам.80мм) | H30: 100 м | I30: =ROUND(60/100,9) -> 0.6 | J30: 0 | O30: =ROUND(CP30,2) -> 430.18 | P30: =ROUND(CQ30*I30,2) -> 39.79 | Q30: =ROUND(CR30*I30,2) -> 9.56 | R30: =ROUND(CS30*I30,2) -> 2.11 | S30: =ROUND(CT30*I30,2) -> 380.83 | T30: =ROUND(CU30*I30,2) -> 0 | U30: =CV30*I30 -> 45.828 | V30: =CW30*I30 -> 0.156 | W30: =ROUND(CX30*I30,2) -> 0 | X30: =ROUND(CY30,2) -> 283.38 | Y30: =ROUND(CZ30,2) -> 191.47 | AA30: 39612628 | AB30: =ROUND((AC30+AD30+AF30),6) -> 716.97 | AC30: =ROUND((ES30),6) -> 66.32 | AD30: =ROUND((((ET30)-(EU30))+AE30),6) -> 15.93 | AE30: =ROUND((EU30),6) -> 3.51 | AF30: =ROUND((EV30),6) -> 634.72 | AG30: =ROUND((AP30),6) -> 0 | AH30: =(EW30) -> 76.38 | AI30: =(EX30) -> 0.26 | AJ30: =ROUND((AS30),6) -> 0 | AK30: 716.97 | AL30: 66.32 | AM30: 15.93 | AN30: 3.51 | AO30: 634.72 | AP30: 0 | AQ30: 76.38 | AR30: 0.26 | AS30: 0 | AT30: 74 | AU30: 50 | AV30: 1 | AW30: 1 | AZ30: 1 | BA30: 1 | BB30: 1 | BC30: 1 | BH30: 0 | BI30: 1 | BJ30: ФЕРр-2001, 65-1-3, приказ Минстроя России №1039/пр от 30.12.2016г. | BM30: 65001 | BN30: 0 | BP30: 0 | BQ30: 6 | BR30: 0 | BS30: 1 | BT30: 1 | BU30: 1 | BV30: 1 | BW30: 1 | BX30: 1 | BZ30: 74 | CA30: 50 | CF30: 0 | CG30: 0 | CM30: 0 | CO30: 0 | CP30: =(P30+Q30+S30) -> 430.18 | CQ30: =AC30*BC30 -> 66.32 | CR30: =AD30*BB30 -> 15.93 | CS30: =AE30*BS30 -> 3.51 | CT30: =AF30*BA30 -> 634.72 | CU30: =AG30 -> 0 | CV30: =AH30 -> 76.38 | CW30: =AI30 -> 0.26 | CX30: =AJ30 -> 0 | CY30: =(((S30+R30)*AT30)/100) -> 283.3756 | CZ30: =(((S30+R30)*AU30)/100) -> 191.47 | DN30: 0 | DO30: 0 | DP30: 1 | DQ30: 1 | DU30: 1003 | DV30: 100 м | DW30: 100 м | DX30: 100 | EE30: 39174590 | EF30: 6 | EG30: Ремонтно-строительные работы | EH30: 0 | EJ30: 1 | EK30: 65001 | EL30: Внтуренниие с/техработы: демонтаж, разборка, промывка | EM30: рФЕР-65 | EQ30: 0 | ER30: 716.97 | ES30: 66.32 | ET30: 15.93 | EU30: 3.51 | EV30: 634.72 | EW30: 76.38 | EX30: 0.26 | EY30: 0 | FQ30: 0 | FR30: =ROUND(IF(AND(BH30=3,BI30=3),P30,0),2) -> 0 | FS30: 0 | FX30: 74 | FY30: 50 | GD30: 0 | GF30: -894849141 | GG30: 2 | GH30: 1 | GI30: -2 | GJ30: 0 | GK30: =ROUND(R30*(R12)/100,2) -> 0 | GL30: =ROUND(IF(AND(BH30=3,BI30=3,FS30<>0),P30,0),2) -> 0 | GM30: =ROUND(O30+X30+Y30+GK30,2)+GX30 -> 905.03 | GN30: =IF(OR(BI30=0,BI30=1),ROUND(O30+X30+Y30+GK30,2),0) -> 905.03 | GO30: =IF(BI30=2,ROUND(O30+X30+Y30+GK30,2),0) -> 0 | GP30: =IF(BI30=4,ROUND(O30+X30+Y30+GK30,2)+GX30,0) -> 0 | GR30: 0 | GS30: 3 | GT30: 0 | GV30: =ROUND(GT30,6) -> 0 | GW30: 1 | GX30: =ROUND(GV30*GW30*I30,2) -> 0 | HA30: 0 | HB30: 0 | IK30: 0
A31: 17 | B31: 1 | C31: =ROW(SmtRes!A24) -> 24 | D31: =ROW(EtalonRes!A30) -> 30 | E31: 4 | F31: 65-1-3 | G31: Разборка трубопроводов из водогазопроводных труб диаметром до 100 мм (диам.80мм) | H31: 100 м | I31: =ROUND(60/100,9) -> 0.6 | J31: 0 | O31: =ROUND(CP31,2) -> 2215.43 | P31: =ROUND(CQ31*I31,2) -> 204.93 | Q31: =ROUND(CR31*I31,2) -> 49.22 | R31: =ROUND(CS31*I31,2) -> 10.85 | S31: =ROUND(CT31*I31,2) -> 1961.28 | T31: =ROUND(CU31*I31,2) -> 0 | U31: =CV31*I31 -> 45.828 | V31: =CW31*I31 -> 0.156 | W31: =ROUND(CX31*I31,2) -> 0 | X31: =ROUND(CY31,2) -> 1459.38 | Y31: =ROUND(CZ31,2) -> 986.07 | AA31: 39612629 | AB31: =ROUND((AC31+AD31+AF31),6) -> 716.97 | AC31: =ROUND((ES31),6) -> 66.32 | AD31: =ROUND((((ET31)-(EU31))+AE31),6) -> 15.93 | AE31: =ROUND((EU31),6) -> 3.51 | AF31: =ROUND((EV31),6) -> 634.72 | AG31: =ROUND((AP31),6) -> 0 | AH31: =(EW31) -> 76.38 | AI31: =(EX31) -> 0.26 | AJ31: =ROUND((AS31),6) -> 0 | AK31: 716.97 | AL31: 66.32 | AM31: 15.93 | AN31: 3.51 | AO31: 634.72 | AP31: 0 | AQ31: 76.38 | AR31: 0.26 | AS31: 0 | AT31: 74 | AU31: 50 | AV31: 1 | AW31: 1 | AZ31: 5.15 | BA31: 5.15 | BB31: 5.15 | BC31: 5.15 | BH31: 0 | BI31: 1 | BJ31: ФЕРр-2001, 65-1-3, приказ Минстроя России №1039/пр от 30.12.2016г. | BM31: 65001 | BN31: 0 | BP31: 0 | BQ31: 6 | BR31: 0 | BS31: 5.15 | BT31: 1 | BU31: 1 | BV31: 1 | BW31: 1 | BX31: 1 | BZ31: 74 | CA31: 50 | CF31: 0 | CG31: 0 | CM31: 0 | CO31: 0 | CP31: =(P31+Q31+S31) -> 2215.43 | CQ31: =AC31*BC31 -> 341.548 | CR31: =AD31*BB31 -> 82.0395 | CS31: =AE31*BS31 -> 18.0765 | CT31: =AF31*BA31 -> 3268.808 | CU31: =AG31 -> 0 | CV31: =AH31 -> 76.38 | CW31: =AI31 -> 0.26 | CX31: =AJ31 -> 0 | CY31: =(((S31+R31)*AT31)/100) -> 1459.3762 | CZ31: =(((S31+R31)*AU31)/100) -> 986.065 | DN31: 0 | DO31: 0 | DP31: 1 | DQ31: 1 | DU31: 1003 | DV31: 100 м | DW31: 100 м | DX31: 100 | EE31: 39174590 | EF31: 6 | EG31: Ремонтно-строительные работы | EH31: 0 | EJ31: 1 | EK31: 65001 | EL31: Внтуренниие с/техработы: демонтаж, разборка, промывка | EM31: рФЕР-65 | EQ31: 0 | ER31: 716.97 | ES31: 66.32 | ET31: 15.93 | EU31: 3.51 | EV31: 634.72 | EW31: 76.38 | EX31: 0.26 | EY31: 0 | FQ31: 0 | FR31: =ROUND(IF(AND(BH31=3,BI31=3),P31,0),2) -> 0 | FS31: 0 | FX31: 74 | FY31: 50 | GD31: 0 | GF31: -894849141 | GG31: 1 | GH31: 1 | GI31: 4 | GJ31: 0 | GK31: =ROUND(R31*(S12)/100,2) -> 0 | GL31: =ROUND(IF(AND(BH31=3,BI31=3,FS31<>0),P31,0),2) -> 0 | GM31: =ROUND(O31+X31+Y31+GK31,2)+GX31 -> 4660.88 | GN31: =IF(OR(BI31=0,BI31=1),ROUND(O31+X31+Y31+GK31,2),0) -> 4660.88 | GO31: =IF(BI31=2,ROUND(O31+X31+Y31+GK31,2),0) -> 0 | GP31: =IF(BI31=4,ROUND(O31+X31+Y31+GK31,2)+GX31,0) -> 0 | GR31: 0 | GS31: 3 | GT31: 0 | GV31: =ROUND(GT31,6) -> 0 | GW31: 1 | GX31: =ROUND(GV31*GW31*I31,2) -> 0 | HA31: 0 | HB31: 0 | IK31: 0
A32: 17 | B32: 1 | C32: =ROW(SmtRes!A25) -> 25 | D32: =ROW(EtalonRes!A32) -> 32 | E32: 5 | F32: 66-1-2 | G32: Разборка трубопроводов водоснабжения из чугунных труб диаметром 100 мм | H32: 100 м | I32: =ROUND(350/100,9) -> 3.5 | J32: 0 | O32: =ROUND(CP32,2) -> 2527.98 | P32: =ROUND(CQ32*I32,2) -> 0 | Q32: =ROUND(CR32*I32,2) -> 0 | R32: =ROUND(CS32*I32,2) -> 0 | S32: =ROUND(CT32*I32,2) -> 2527.98 | T32: =ROUND(CU32*I32,2) -> 0 | U32: =CV32*I32 -> 324.1 | V32: =CW32*I32 -> 0 | W32: =ROUND(CX32*I32,2) -> 0 | X32: =ROUND(CY32,2) -> 1870.71 | Y32: =ROUND(CZ32,2) -> 1263.99 | AA32: 39612628 | AB32: =ROUND((AC32+AD32+AF32),6) -> 722.28 | AC32: =ROUND((ES32),6) -> 0 | AD32: =ROUND((((ET32)-(EU32))+AE32),6) -> 0 | AE32: =ROUND((EU32),6) -> 0 | AF32: =ROUND((EV32),6) -> 722.28 | AG32: =ROUND((AP32),6) -> 0 | AH32: =(EW32) -> 92.6 | AI32: =(EX32) -> 0 | AJ32: =ROUND((AS32),6) -> 0 | AK32: 722.28 | AL32: 0 | AM32: 0 | AN32: 0 | AO32: 722.28 | AP32: 0 | AQ32: 92.6 | AR32: 0 | AS32: 0 | AT32: 74 | AU32: 50 | AV32: 1 | AW32: 1 | AZ32: 1 | BA32: 1 | BB32: 1 | BC32: 1 | BH32: 0 | BI32: 1 | BJ32: ФЕРр-2001, 66-1-2, приказ Минстроя России №1039/пр от 30.12.2016г. | BM32: 66001 | BN32: 0 | BP32: 0 | BQ32: 6 | BR32: 0 | BS32: 1 | BT32: 1 | BU32: 1 | BV32: 1 | BW32: 1 | BX32: 1 | BZ32: 74 | CA32: 50 | CF32: 0 | CG32: 0 | CM32: 0 | CO32: 0 | CP32: =(P32+Q32+S32) -> 2527.98 | CQ32: =AC32*BC32 -> 0 | CR32: =AD32*BB32 -> 0 | CS32: =AE32*BS32 -> 0 | CT32: =AF32*BA32 -> 722.28 | CU32: =AG32 -> 0 | CV32: =AH32 -> 92.6 | CW32: =AI32 -> 0 | CX32: =AJ32 -> 0 | CY32: =(((S32+R32)*AT32)/100) -> 1870.7052 | CZ32: =(((S32+R32)*AU32)/100) -> 1263.99 | DN32: 0 | DO32: 0 | DP32: 1 | DQ32: 1 | DU32: 1003 | DV32: 100 м | DW32: 100 м | DX32: 100 | EE32: 39174607 | EF32: 6 | EG32: Ремонтно-строительные работы | EH32: 0 | EJ32: 1 | EK32: 66001 | EL32: Наружные с/техработы : разборка, очистка... | EM32: рФЕР-66 | EQ32: 131072 | ER32: 722.28 | ES32: 0 | ET32: 0 | EU32: 0 | EV32: 722.28 | EW32: 92.6 | EX32: 0 | EY32: 0 | FQ32: 0 | FR32: =ROUND(IF(AND(BH32=3,BI32=3),P32,0),2) -> 0 | FS32: 0 | FX32: 74 | FY32: 50 | GD32: 0 | GF32: 1271648148 | GG32: 2 | GH32: 1 | GI32: -2 | GJ32: 0 | GK32: =ROUND(R32*(R12)/100,2) -> 0 | GL32: =ROUND(IF(AND(BH32=3,BI32=3,FS32<>0),P32,0),2) -> 0 | GM32: =ROUND(O32+X32+Y32+GK32,2)+GX32 -> 5662.68 | GN32: =IF(OR(BI32=0,BI32=1),ROUND(O32+X32+Y32+GK32,2),0) -> 5662.68 | GO32: =IF(BI32=2,ROUND(O32+X32+Y32+GK32,2),0) -> 0 | GP32: =IF(BI32=4,ROUND(O32+X32+Y32+GK32,2)+GX32,0) -> 0 | GR32: 0 | GS32: 3 | GT32: 0 | GV32: =ROUND(GT32,6) -> 0 | GW32: 1 | GX32: =ROUND(GV32*GW32*I32,2) -> 0 | HA32: 0 | HB32: 0 | IK32: 0
A33: 17 | B33: 1 | C33: =ROW(SmtRes!A26) -> 26 | D33: =ROW(EtalonRes!A34) -> 34 | E33: 5 | F33: 66-1-2 | G33: Разборка трубопроводов водоснабжения из чугунных труб диаметром 100 мм | H33: 100 м | I33: =ROUND(350/100,9) -> 3.5 | J33: 0 | O33: =ROUND(CP33,2) -> 13019.1 | P33: =ROUND(CQ33*I33,2) -> 0 | Q33: =ROUND(CR33*I33,2) -> 0 | R33: =ROUND(CS33*I33,2) -> 0 | S33: =ROUND(CT33*I33,2) -> 13019.1 | T33: =ROUND(CU33*I33,2) -> 0 | U33: =CV33*I33 -> 324.1 | V33: =CW33*I33 -> 0 | W33: =ROUND(CX33*I33,2) -> 0 | X33: =ROUND(CY33,2) -> 9634.13 | Y33: =ROUND(CZ33,2) -> 6509.55 | AA33: 39612629 | AB33: =ROUND((AC33+AD33+AF33),6) -> 722.28 | AC33: =ROUND((ES33),6) -> 0 | AD33: =ROUND((((ET33)-(EU33))+AE33),6) -> 0 | AE33: =ROUND((EU33),6) -> 0 | AF33: =ROUND((EV33),6) -> 722.28 | AG33: =ROUND((AP33),6) -> 0 | AH33: =(EW33) -> 92.6 | AI33: =(EX33) -> 0 | AJ33: =ROUND((AS33),6) -> 0 | AK33: 722.28 | AL33: 0 | AM33: 0 | AN33: 0 | AO33: 722.28 | AP33: 0 | AQ33: 92.6 | AR33: 0 | AS33: 0 | AT33: 74 | AU33: 50 | AV33: 1 | AW33: 1 | AZ33: 5.15 | BA33: 5.15 | BB33: 5.15 | BC33: 5.15 | BH33: 0 | BI33: 1 | BJ33: ФЕРр-2001, 66-1-2, приказ Минстроя России №1039/пр от 30.12.2016г. | BM33: 66001 | BN33: 0 | BP33: 0 | BQ33: 6 | BR33: 0 | BS33: 5.15 | BT33: 1 | BU33: 1 | BV33: 1 | BW33: 1 | BX33: 1 | BZ33: 74 | CA33: 50 | CF33: 0 | CG33: 0 | CM33: 0 | CO33: 0 | CP33: =(P33+Q33+S33) -> 13019.1 | CQ33: =AC33*BC33 -> 0 | CR33: =AD33*BB33 -> 0 | CS33: =AE33*BS33 -> 0 | CT33: =AF33*BA33 -> 3719.742 | CU33: =AG33 -> 0 | CV33: =AH33 -> 92.6 | CW33: =AI33 -> 0 | CX33: =AJ33 -> 0 | CY33: =(((S33+R33)*AT33)/100) -> 9634.134 | CZ33: =(((S33+R33)*AU33)/100) -> 6509.55 | DN33: 0 | DO33: 0 | DP33: 1 | DQ33: 1 | DU33: 1003 | DV33: 100 м | DW33: 100 м | DX33: 100 | EE33: 39174607 | EF33: 6 | EG33: Ремонтно-строительные работы | EH33: 0 | EJ33: 1 | EK33: 66001 | EL33: Наружные с/техработы : разборка, очистка... | EM33: рФЕР-66 | EQ33: 131072 | ER33: 722.28 | ES33: 0 | ET33: 0 | EU33: 0 | EV33: 722.28 | EW33: 92.6 | EX33: 0 | EY33: 0 | FQ33: 0 | FR33: =ROUND(IF(AND(BH33=3,BI33=3),P33,0),2) -> 0 | FS33: 0 | FX33: 74 | FY33: 50 | GD33: 0 | GF33: 1271648148 | GG33: 1 | GH33: 1 | GI33: 4 | GJ33: 0 | GK33: =ROUND(R33*(S12)/100,2) -> 0 | GL33: =ROUND(IF(AND(BH33=3,BI33=3,FS33<>0),P33,0),2) -> 0 | GM33: =ROUND(O33+X33+Y33+GK33,2)+GX33 -> 29162.78 | GN33: =IF(OR(BI33=0,BI33=1),ROUND(O33+X33+Y33+GK33,2),0) -> 29162.78 | GO33: =IF(BI33=2,ROUND(O33+X33+Y33+GK33,2),0) -> 0 | GP33: =IF(BI33=4,ROUND(O33+X33+Y33+GK33,2)+GX33,0) -> 0 | GR33: 0 | GS33: 3 | GT33: 0 | GV33: =ROUND(GT33,6) -> 0 | GW33: 1 | GX33: =ROUND(GV33*GW33*I33,2) -> 0 | HA33: 0 | HB33: 0 | IK33: 0
A34: 17 | B34: 1 | C34: =ROW(SmtRes!A27) -> 27 | D34: =ROW(EtalonRes!A36) -> 36 | E34: 6 | F34: 66-1-1 | G34: Разборка трубопроводов водоснабжения из чугунных труб диаметром 50 мм | H34: 100 м | I34: =ROUND(318/100,9) -> 3.18 | J34: 0 | O34: =ROUND(CP34,2) -> 1946.13 | P34: =ROUND(CQ34*I34,2) -> 0 | Q34: =ROUND(CR34*I34,2) -> 0 | R34: =ROUND(CS34*I34,2) -> 0 | S34: =ROUND(CT34*I34,2) -> 1946.13 | T34: =ROUND(CU34*I34,2) -> 0 | U34: =CV34*I34 -> 249.5028 | V34: =CW34*I34 -> 0 | W34: =ROUND(CX34*I34,2) -> 0 | X34: =ROUND(CY34,2) -> 1440.14 | Y34: =ROUND(CZ34,2) -> 973.07 | AA34: 39612628 | AB34: =ROUND((AC34+AD34+AF34),6) -> 611.99 | AC34: =ROUND((ES34),6) -> 0 | AD34: =ROUND((((ET34)-(EU34))+AE34),6) -> 0 | AE34: =ROUND((EU34),6) -> 0 | AF34: =ROUND((EV34),6) -> 611.99 | AG34: =ROUND((AP34),6) -> 0 | AH34: =(EW34) -> 78.46 | AI34: =(EX34) -> 0 | AJ34: =ROUND((AS34),6) -> 0 | AK34: 611.99 | AL34: 0 | AM34: 0 | AN34: 0 | AO34: 611.99 | AP34: 0 | AQ34: 78.46 | AR34: 0 | AS34: 0 | AT34: 74 | AU34: 50 | AV34: 1 | AW34: 1 | AZ34: 1 | BA34: 1 | BB34: 1 | BC34: 1 | BH34: 0 | BI34: 1 | BJ34: ФЕРр-2001, 66-1-1, приказ Минстроя России №1039/пр от 30.12.2016г. | BM34: 66001 | BN34: 0 | BP34: 0 | BQ34: 6 | BR34: 0 | BS34: 1 | BT34: 1 | BU34: 1 | BV34: 1 | BW34: 1 | BX34: 1 | BZ34: 74 | CA34: 50 | CF34: 0 | CG34: 0 | CM34: 0 | CO34: 0 | CP34: =(P34+Q34+S34) -> 1946.13 | CQ34: =AC34*BC34 -> 0 | CR34: =AD34*BB34 -> 0 | CS34: =AE34*BS34 -> 0 | CT34: =AF34*BA34 -> 611.99 | CU34: =AG34 -> 0 | CV34: =AH34 -> 78.46 | CW34: =AI34 -> 0 | CX34: =AJ34 -> 0 | CY34: =(((S34+R34)*AT34)/100) -> 1440.1362 | CZ34: =(((S34+R34)*AU34)/100) -> 973.065 | DN34: 0 | DO34: 0 | DP34: 1 | DQ34: 1 | DU34: 1003 | DV34: 100 м | DW34: 100 м | DX34: 100 | EE34: 39174607 | EF34: 6 | EG34: Ремонтно-строительные работы | EH34: 0 | EJ34: 1 | EK34: 66001 | EL34: Наружные с/техработы : разборка, очистка... | EM34: рФЕР-66 | EQ34: 131072 | ER34: 611.99 | ES34: 0 | ET34: 0 | EU34: 0 | EV34: 611.99 | EW34: 78.46 | EX34: 0 | EY34: 0 | FQ34: 0 | FR34: =ROUND(IF(AND(BH34=3,BI34=3),P34,0),2) -> 0 | FS34: 0 | FX34: 74 | FY34: 50 | GD34: 0 | GF34: 489480328 | GG34: 2 | GH34: 1 | GI34: -2 | GJ34: 0 | GK34: =ROUND(R34*(R12)/100,2) -> 0 | GL34: =ROUND(IF(AND(BH34=3,BI34=3,FS34<>0),P34,0),2) -> 0 | GM34: =ROUND(O34+X34+Y34+GK34,2)+GX34 -> 4359.34 | GN34: =IF(OR(BI34=0,BI34=1),ROUND(O34+X34+Y34+GK34,2),0) -> 4359.34 | GO34: =IF(BI34=2,ROUND(O34+X34+Y34+GK34,2),0) -> 0 | GP34: =IF(BI34=4,ROUND(O34+X34+Y34+GK34,2)+GX34,0) -> 0 | GR34: 0 | GS34: 3 | GT34: 0 | GV34: =ROUND(GT34,6) -> 0 | GW34: 1 | GX34: =ROUND(GV34*GW34*I34,2) -> 0 | HA34: 0 | HB34: 0 | IK34: 0
A35: 17 | B35: 1 | C35: =ROW(SmtRes!A28) -> 28 | D35: =ROW(EtalonRes!A38) -> 38 | E35: 6 | F35: 66-1-1 | G35: Разборка трубопроводов водоснабжения из чугунных труб диаметром 50 мм | H35: 100 м | I35: =ROUND(318/100,9) -> 3.18 | J35: 0 | O35: =ROUND(CP35,2) -> 10022.56 | P35: =ROUND(CQ35*I35,2) -> 0 | Q35: =ROUND(CR35*I35,2) -> 0 | R35: =ROUND(CS35*I35,2) -> 0 | S35: =ROUND(CT35*I35,2) -> 10022.56 | T35: =ROUND(CU35*I35,2) -> 0 | U35: =CV35*I35 -> 249.5028 | V35: =CW35*I35 -> 0 | W35: =ROUND(CX35*I35,2) -> 0 | X35: =ROUND(CY35,2) -> 7416.69 | Y35: =ROUND(CZ35,2) -> 5011.28 | AA35: 39612629 | AB35: =ROUND((AC35+AD35+AF35),6) -> 611.99 | AC35: =ROUND((ES35),6) -> 0 | AD35: =ROUND((((ET35)-(EU35))+AE35),6) -> 0 | AE35: =ROUND((EU35),6) -> 0 | AF35: =ROUND((EV35),6) -> 611.99 | AG35: =ROUND((AP35),6) -> 0 | AH35: =(EW35) -> 78.46 | AI35: =(EX35) -> 0 | AJ35: =ROUND((AS35),6) -> 0 | AK35: 611.99 | AL35: 0 | AM35: 0 | AN35: 0 | AO35: 611.99 | AP35: 0 | AQ35: 78.46 | AR35: 0 | AS35: 0 | AT35: 74 | AU35: 50 | AV35: 1 | AW35: 1 | AZ35: 5.15 | BA35: 5.15 | BB35: 5.15 | BC35: 5.15 | BH35: 0 | BI35: 1 | BJ35: ФЕРр-2001, 66-1-1, приказ Минстроя России №1039/пр от 30.12.2016г. | BM35: 66001 | BN35: 0 | BP35: 0 | BQ35: 6 | BR35: 0 | BS35: 5.15 | BT35: 1 | BU35: 1 | BV35: 1 | BW35: 1 | BX35: 1 | BZ35: 74 | CA35: 50 | CF35: 0 | CG35: 0 | CM35: 0 | CO35: 0 | CP35: =(P35+Q35+S35) -> 10022.56 | CQ35: =AC35*BC35 -> 0 | CR35: =AD35*BB35 -> 0 | CS35: =AE35*BS35 -> 0 | CT35: =AF35*BA35 -> 3151.7485 | CU35: =AG35 -> 0 | CV35: =AH35 -> 78.46 | CW35: =AI35 -> 0 | CX35: =AJ35 -> 0 | CY35: =(((S35+R35)*AT35)/100) -> 7416.6944 | CZ35: =(((S35+R35)*AU35)/100) -> 5011.28 | DN35: 0 | DO35: 0 | DP35: 1 | DQ35: 1 | DU35: 1003 | DV35: 100 м | DW35: 100 м | DX35: 100 | EE35: 39174607 | EF35: 6 | EG35: Ремонтно-строительные работы | EH35: 0 | EJ35: 1 | EK35: 66001 | EL35: Наружные с/техработы : разборка, очистка... | EM35: рФЕР-66 | EQ35: 131072 | ER35: 611.99 | ES35: 0 | ET35: 0 | EU35: 0 | EV35: 611.99 | EW35: 78.46 | EX35: 0 | EY35: 0 | FQ35: 0 | FR35: =ROUND(IF(AND(BH35=3,BI35=3),P35,0),2) -> 0 | FS35: 0 | FX35: 74 | FY35: 50 | GD35: 0 | GF35: 489480328 | GG35: 1 | GH35: 1 | GI35: 4 | GJ35: 0 | GK35: =ROUND(R35*(S12)/100,2) -> 0 | GL35: =ROUND(IF(AND(BH35=3,BI35=3,FS35<>0),P35,0),2) -> 0 | GM35: =ROUND(O35+X35+Y35+GK35,2)+GX35 -> 22450.53 | GN35: =IF(OR(BI35=0,BI35=1),ROUND(O35+X35+Y35+GK35,2),0) -> 22450.53 | GO35: =IF(BI35=2,ROUND(O35+X35+Y35+GK35,2),0) -> 0 | GP35: =IF(BI35=4,ROUND(O35+X35+Y35+GK35,2)+GX35,0) -> 0 | GR35: 0 | GS35: 3 | GT35: 0 | GV35: =ROUND(GT35,6) -> 0 | GW35: 1 | GX35: =ROUND(GV35*GW35*I35,2) -> 0 | HA35: 0 | HB35: 0 | IK35: 0
A36: 17 | B36: 1 | C36: =ROW(SmtRes!A31) -> 31 | D36: =ROW(EtalonRes!A41) -> 41 | E36: 7 | F36: 66-26-1 | G36: Демонтаж задвижек диаметром до 50 мм | H36: ШТ | I36: 5 | J36: 0 | O36: =ROUND(CP36,2) -> 59.2 | P36: =ROUND(CQ36*I36,2) -> 0 | Q36: =ROUND(CR36*I36,2) -> 32.85 | R36: =ROUND(CS36*I36,2) -> 5.8 | S36: =ROUND(CT36*I36,2) -> 26.35 | T36: =ROUND(CU36*I36,2) -> 0 | U36: =CV36*I36 -> 3.05 | V36: =CW36*I36 -> 0.5 | W36: =ROUND(CX36*I36,2) -> 0 | X36: =ROUND(CY36,2) -> 23.79 | Y36: =ROUND(CZ36,2) -> 16.08 | AA36: 39612628 | AB36: =ROUND((AC36+AD36+AF36),6) -> 11.84 | AC36: =ROUND((ES36),6) -> 0 | AD36: =ROUND((((ET36)-(EU36))+AE36),6) -> 6.57 | AE36: =ROUND((EU36),6) -> 1.16 | AF36: =ROUND((EV36),6) -> 5.27 | AG36: =ROUND((AP36),6) -> 0 | AH36: =(EW36) -> 0.61 | AI36: =(EX36) -> 0.1 | AJ36: =ROUND((AS36),6) -> 0 | AK36: 11.84 | AL36: 0 | AM36: 6.57 | AN36: 1.16 | AO36: 5.27 | AP36: 0 | AQ36: 0.61 | AR36: 0.1 | AS36: 0 | AT36: 74 | AU36: 50 | AV36: 1 | AW36: 1 | AZ36: 1 | BA36: 1 | BB36: 1 | BC36: 1 | BH36: 0 | BI36: 1 | BJ36: ФЕРр-2001, 66-26-1, приказ Минстроя России №1039/пр от 30.12.2016г. | BM36: 66004 | BN36: 0 | BP36: 0 | BQ36: 6 | BR36: 0 | BS36: 1 | BT36: 1 | BU36: 1 | BV36: 1 | BW36: 1 | BX36: 1 | BZ36: 74 | CA36: 50 | CF36: 0 | CG36: 0 | CM36: 0 | CO36: 0 | CP36: =(P36+Q36+S36) -> 59.2 | CQ36: =AC36*BC36 -> 0 | CR36: =AD36*BB36 -> 6.57 | CS36: =AE36*BS36 -> 1.16 | CT36: =AF36*BA36 -> 5.27 | CU36: =AG36 -> 0 | CV36: =AH36 -> 0.61 | CW36: =AI36 -> 0.1 | CX36: =AJ36 -> 0 | CY36: =(((S36+R36)*AT36)/100) -> 23.791 | CZ36: =(((S36+R36)*AU36)/100) -> 16.075 | DN36: 0 | DO36: 0 | DP36: 1 | DQ36: 1 | DU36: 1013 | DV36: ШТ | DW36: ШТ | DX36: 1 | EE36: 39174610 | EF36: 6 | EG36: Ремонтно-строительные работы | EH36: 0 | EJ36: 1 | EK36: 66004 | EL36: Наружные с/техработы : разборка, очистка... | EM36: рФЕР-66 | EQ36: 131072 | ER36: 11.84 | ES36: 0 | ET36: 6.57 | EU36: 1.16 | EV36: 5.27 | EW36: 0.61 | EX36: 0.1 | EY36: 0 | FQ36: 0 | FR36: =ROUND(IF(AND(BH36=3,BI36=3),P36,0),2) -> 0 | FS36: 0 | FX36: 74 | FY36: 50 | GD36: 0 | GF36: -767391233 | GG36: 2 | GH36: 1 | GI36: -2 | GJ36: 0 | GK36: =ROUND(R36*(R12)/100,2) -> 0 | GL36: =ROUND(IF(AND(BH36=3,BI36=3,FS36<>0),P36,0),2) -> 0 | GM36: =ROUND(O36+X36+Y36+GK36,2)+GX36 -> 99.07 | GN36: =IF(OR(BI36=0,BI36=1),ROUND(O36+X36+Y36+GK36,2),0) -> 99.07 | GO36: =IF(BI36=2,ROUND(O36+X36+Y36+GK36,2),0) -> 0 | GP36: =IF(BI36=4,ROUND(O36+X36+Y36+GK36,2)+GX36,0) -> 0 | GR36: 0 | GS36: 3 | GT36: 0 | GV36: =ROUND(GT36,6) -> 0 | GW36: 1 | GX36: =ROUND(GV36*GW36*I36,2) -> 0 | HA36: 0 | HB36: 0 | IK36: 0
A37: 17 | B37: 1 | C37: =ROW(SmtRes!A34) -> 34 | D37: =ROW(EtalonRes!A44) -> 44 | E37: 7 | F37: 66-26-1 | G37: Демонтаж задвижек диаметром до 50 мм | H37: ШТ | I37: 5 | J37: 0 | O37: =ROUND(CP37,2) -> 304.88 | P37: =ROUND(CQ37*I37,2) -> 0 | Q37: =ROUND(CR37*I37,2) -> 169.18 | R37: =ROUND(CS37*I37,2) -> 29.87 | S37: =ROUND(CT37*I37,2) -> 135.7 | T37: =ROUND(CU37*I37,2) -> 0 | U37: =CV37*I37 -> 3.05 | V37: =CW37*I37 -> 0.5 | W37: =ROUND(CX37*I37,2) -> 0 | X37: =ROUND(CY37,2) -> 122.52 | Y37: =ROUND(CZ37,2) -> 82.79 | AA37: 39612629 | AB37: =ROUND((AC37+AD37+AF37),6) -> 11.84 | AC37: =ROUND((ES37),6) -> 0 | AD37: =ROUND((((ET37)-(EU37))+AE37),6) -> 6.57 | AE37: =ROUND((EU37),6) -> 1.16 | AF37: =ROUND((EV37),6) -> 5.27 | AG37: =ROUND((AP37),6) -> 0 | AH37: =(EW37) -> 0.61 | AI37: =(EX37) -> 0.1 | AJ37: =ROUND((AS37),6) -> 0 | AK37: 11.84 | AL37: 0 | AM37: 6.57 | AN37: 1.16 | AO37: 5.27 | AP37: 0 | AQ37: 0.61 | AR37: 0.1 | AS37: 0 | AT37: 74 | AU37: 50 | AV37: 1 | AW37: 1 | AZ37: 5.15 | BA37: 5.15 | BB37: 5.15 | BC37: 5.15 | BH37: 0 | BI37: 1 | BJ37: ФЕРр-2001, 66-26-1, приказ Минстроя России №1039/пр от 30.12.2016г. | BM37: 66004 | BN37: 0 | BP37: 0 | BQ37: 6 | BR37: 0 | BS37: 5.15 | BT37: 1 | BU37: 1 | BV37: 1 | BW37: 1 | BX37: 1 | BZ37: 74 | CA37: 50 | CF37: 0 | CG37: 0 | CM37: 0 | CO37: 0 | CP37: =(P37+Q37+S37) -> 304.88 | CQ37: =AC37*BC37 -> 0 | CR37: =AD37*BB37 -> 33.8355 | CS37: =AE37*BS37 -> 5.974 | CT37: =AF37*BA37 -> 27.1405 | CU37: =AG37 -> 0 | CV37: =AH37 -> 0.61 | CW37: =AI37 -> 0.1 | CX37: =AJ37 -> 0 | CY37: =(((S37+R37)*AT37)/100) -> 122.5218 | CZ37: =(((S37+R37)*AU37)/100) -> 82.785 | DN37: 0 | DO37: 0 | DP37: 1 | DQ37: 1 | DU37: 1013 | DV37: ШТ | DW37: ШТ | DX37: 1 | EE37: 39174610 | EF37: 6 | EG37: Ремонтно-строительные работы | EH37: 0 | EJ37: 1 | EK37: 66004 | EL37: Наружные с/техработы : разборка, очистка... | EM37: рФЕР-66 | EQ37: 131072 | ER37: 11.84 | ES37: 0 | ET37: 6.57 | EU37: 1.16 | EV37: 5.27 | EW37: 0.61 | EX37: 0.1 | EY37: 0 | FQ37: 0 | FR37: =ROUND(IF(AND(BH37=3,BI37=3),P37,0),2) -> 0 | FS37: 0 | FX37: 74 | FY37: 50 | GD37: 0 | GF37: -767391233 | GG37: 1 | GH37: 1 | GI37: 4 | GJ37: 0 | GK37: =ROUND(R37*(S12)/100,2) -> 0 | GL37: =ROUND(IF(AND(BH37=3,BI37=3,FS37<>0),P37,0),2) -> 0 | GM37: =ROUND(O37+X37+Y37+GK37,2)+GX37 -> 510.19 | GN37: =IF(OR(BI37=0,BI37=1),ROUND(O37+X37+Y37+GK37,2),0) -> 510.19 | GO37: =IF(BI37=2,ROUND(O37+X37+Y37+GK37,2),0) -> 0 | GP37: =IF(BI37=4,ROUND(O37+X37+Y37+GK37,2)+GX37,0) -> 0 | GR37: 0 | GS37: 3 | GT37: 0 | GV37: =ROUND(GT37,6) -> 0 | GW37: 1 | GX37: =ROUND(GV37*GW37*I37,2) -> 0 | HA37: 0 | HB37: 0 | IK37: 0
A38: 17 | B38: 1 | C38: =ROW(SmtRes!A37) -> 37 | D38: =ROW(EtalonRes!A47) -> 47 | E38: 8 | F38: 66-26-2 | G38: Демонтаж задвижек диаметром до 100 мм | H38: ШТ | I38: 6 | J38: 0 | O38: =ROUND(CP38,2) -> 98.52 | P38: =ROUND(CQ38*I38,2) -> 0 | Q38: =ROUND(CR38*I38,2) -> 39.42 | R38: =ROUND(CS38*I38,2) -> 6.96 | S38: =ROUND(CT38*I38,2) -> 59.1 | T38: =ROUND(CU38*I38,2) -> 0 | U38: =CV38*I38 -> 6.84 | V38: =CW38*I38 -> 0.6 | W38: =ROUND(CX38*I38,2) -> 0 | X38: =ROUND(CY38,2) -> 48.88 | Y38: =ROUND(CZ38,2) -> 33.03 | AA38: 39612628 | AB38: =ROUND((AC38+AD38+AF38),6) -> 16.42 | AC38: =ROUND((ES38),6) -> 0 | AD38: =ROUND((((ET38)-(EU38))+AE38),6) -> 6.57 | AE38: =ROUND((EU38),6) -> 1.16 | AF38: =ROUND((EV38),6) -> 9.85 | AG38: =ROUND((AP38),6) -> 0 | AH38: =(EW38) -> 1.14 | AI38: =(EX38) -> 0.1 | AJ38: =ROUND((AS38),6) -> 0 | AK38: 16.42 | AL38: 0 | AM38: 6.57 | AN38: 1.16 | AO38: 9.85 | AP38: 0 | AQ38: 1.14 | AR38: 0.1 | AS38: 0 | AT38: 74 | AU38: 50 | AV38: 1 | AW38: 1 | AZ38: 1 | BA38: 1 | BB38: 1 | BC38: 1 | BH38: 0 | BI38: 1 | BJ38: ФЕРр-2001, 66-26-2, приказ Минстроя России №1039/пр от 30.12.2016г. | BM38: 66004 | BN38: 0 | BP38: 0 | BQ38: 6 | BR38: 0 | BS38: 1 | BT38: 1 | BU38: 1 | BV38: 1 | BW38: 1 | BX38: 1 | BZ38: 74 | CA38: 50 | CF38: 0 | CG38: 0 | CM38: 0 | CO38: 0 | CP38: =(P38+Q38+S38) -> 98.52 | CQ38: =AC38*BC38 -> 0 | CR38: =AD38*BB38 -> 6.57 | CS38: =AE38*BS38 -> 1.16 | CT38: =AF38*BA38 -> 9.85 | CU38: =AG38 -> 0 | CV38: =AH38 -> 1.14 | CW38: =AI38 -> 0.1 | CX38: =AJ38 -> 0 | CY38: =(((S38+R38)*AT38)/100) -> 48.8844 | CZ38: =(((S38+R38)*AU38)/100) -> 33.03 | DN38: 0 | DO38: 0 | DP38: 1 | DQ38: 1 | DU38: 1013 | DV38: ШТ | DW38: ШТ | DX38: 1 | EE38: 39174610 | EF38: 6 | EG38: Ремонтно-строительные работы | EH38: 0 | EJ38: 1 | EK38: 66004 | EL38: Наружные с/техработы : разборка, очистка... | EM38: рФЕР-66 | EQ38: 131072 | ER38: 16.42 | ES38: 0 | ET38: 6.57 | EU38: 1.16 | EV38: 9.85 | EW38: 1.14 | EX38: 0.1 | EY38: 0 | FQ38: 0 | FR38: =ROUND(IF(AND(BH38=3,BI38=3),P38,0),2) -> 0 | FS38: 0 | FX38: 74 | FY38: 50 | GD38: 0 | GF38: -2060399027 | GG38: 2 | GH38: 1 | GI38: -2 | GJ38: 0 | GK38: =ROUND(R38*(R12)/100,2) -> 0 | GL38: =ROUND(IF(AND(BH38=3,BI38=3,FS38<>0),P38,0),2) -> 0 | GM38: =ROUND(O38+X38+Y38+GK38,2)+GX38 -> 180.43 | GN38: =IF(OR(BI38=0,BI38=1),ROUND(O38+X38+Y38+GK38,2),0) -> 180.43 | GO38: =IF(BI38=2,ROUND(O38+X38+Y38+GK38,2),0) -> 0 | GP38: =IF(BI38=4,ROUND(O38+X38+Y38+GK38,2)+GX38,0) -> 0 | GR38: 0 | GS38: 3 | GT38: 0 | GV38: =ROUND(GT38,6) -> 0 | GW38: 1 | GX38: =ROUND(GV38*GW38*I38,2) -> 0 | HA38: 0 | HB38: 0 | IK38: 0
A39: 17 | B39: 1 | C39: =ROW(SmtRes!A40) -> 40 | D39: =ROW(EtalonRes!A50) -> 50 | E39: 8 | F39: 66-26-2 | G39: Демонтаж задвижек диаметром до 100 мм | H39: ШТ | I39: 6 | J39: 0 | O39: =ROUND(CP39,2) -> 507.38 | P39: =ROUND(CQ39*I39,2) -> 0 | Q39: =ROUND(CR39*I39,2) -> 203.01 | R39: =ROUND(CS39*I39,2) -> 35.84 | S39: =ROUND(CT39*I39,2) -> 304.37 | T39: =ROUND(CU39*I39,2) -> 0 | U39: =CV39*I39 -> 6.84 | V39: =CW39*I39 -> 0.6 | W39: =ROUND(CX39*I39,2) -> 0 | X39: =ROUND(CY39,2) -> 251.76 | Y39: =ROUND(CZ39,2) -> 170.11 | AA39: 39612629 | AB39: =ROUND((AC39+AD39+AF39),6) -> 16.42 | AC39: =ROUND((ES39),6) -> 0 | AD39: =ROUND((((ET39)-(EU39))+AE39),6) -> 6.57 | AE39: =ROUND((EU39),6) -> 1.16 | AF39: =ROUND((EV39),6) -> 9.85 | AG39: =ROUND((AP39),6) -> 0 | AH39: =(EW39) -> 1.14 | AI39: =(EX39) -> 0.1 | AJ39: =ROUND((AS39),6) -> 0 | AK39: 16.42 | AL39: 0 | AM39: 6.57 | AN39: 1.16 | AO39: 9.85 | AP39: 0 | AQ39: 1.14 | AR39: 0.1 | AS39: 0 | AT39: 74 | AU39: 50 | AV39: 1 | AW39: 1 | AZ39: 5.15 | BA39: 5.15 | BB39: 5.15 | BC39: 5.15 | BH39: 0 | BI39: 1 | BJ39: ФЕРр-2001, 66-26-2, приказ Минстроя России №1039/пр от 30.12.2016г. | BM39: 66004 | BN39: 0 | BP39: 0 | BQ39: 6 | BR39: 0 | BS39: 5.15 | BT39: 1 | BU39: 1 | BV39: 1 | BW39: 1 | BX39: 1 | BZ39: 74 | CA39: 50 | CF39: 0 | CG39: 0 | CM39: 0 | CO39: 0 | CP39: =(P39+Q39+S39) -> 507.38 | CQ39: =AC39*BC39 -> 0 | CR39: =AD39*BB39 -> 33.8355 | CS39: =AE39*BS39 -> 5.974 | CT39: =AF39*BA39 -> 50.7275 | CU39: =AG39 -> 0 | CV39: =AH39 -> 1.14 | CW39: =AI39 -> 0.1 | CX39: =AJ39 -> 0 | CY39: =(((S39+R39)*AT39)/100) -> 251.7554 | CZ39: =(((S39+R39)*AU39)/100) -> 170.105 | DN39: 0 | DO39: 0 | DP39: 1 | DQ39: 1 | DU39: 1013 | DV39: ШТ | DW39: ШТ | DX39: 1 | EE39: 39174610 | EF39: 6 | EG39: Ремонтно-строительные работы | EH39: 0 | EJ39: 1 | EK39: 66004 | EL39: Наружные с/техработы : разборка, очистка... | EM39: рФЕР-66 | EQ39: 131072 | ER39: 16.42 | ES39: 0 | ET39: 6.57 | EU39: 1.16 | EV39: 9.85 | EW39: 1.14 | EX39: 0.1 | EY39: 0 | FQ39: 0 | FR39: =ROUND(IF(AND(BH39=3,BI39=3),P39,0),2) -> 0 | FS39: 0 | FX39: 74 | FY39: 50 | GD39: 0 | GF39: -2060399027 | GG39: 1 | GH39: 1 | GI39: 4 | GJ39: 0 | GK39: =ROUND(R39*(S12)/100,2) -> 0 | GL39: =ROUND(IF(AND(BH39=3,BI39=3,FS39<>0),P39,0),2) -> 0 | GM39: =ROUND(O39+X39+Y39+GK39,2)+GX39 -> 929.25 | GN39: =IF(OR(BI39=0,BI39=1),ROUND(O39+X39+Y39+GK39,2),0) -> 929.25 | GO39: =IF(BI39=2,ROUND(O39+X39+Y39+GK39,2),0) -> 0 | GP39: =IF(BI39=4,ROUND(O39+X39+Y39+GK39,2)+GX39,0) -> 0 | GR39: 0 | GS39: 3 | GT39: 0 | GV39: =ROUND(GT39,6) -> 0 | GW39: 1 | GX39: =ROUND(GV39*GW39*I39,2) -> 0 | HA39: 0 | HB39: 0 | IK39: 0
A40: 17 | B40: 1 | C40: =ROW(SmtRes!A60) -> 60 | D40: =ROW(EtalonRes!A67) -> 67 | E40: 9 | F40: 23-03-001-05 | G40: Устройство круглых сборных железобетонных канализационных колодцев диаметром 1,5 м в сухих грунтах | H40: 10 м3 | I40: =ROUND(9/10,9) -> 0.9 | J40: 0 | O40: =ROUND(CP40,2) -> 8441.17 | P40: =ROUND(CQ40*I40,2) -> 5699.2 | Q40: =ROUND(CR40*I40,2) -> 1835.61 | R40: =ROUND(CS40*I40,2) -> 248.32 | S40: =ROUND(CT40*I40,2) -> 906.36 | T40: =ROUND(CU40*I40,2) -> 0 | U40: =CV40*I40 -> 99.92925 | V40: =CW40*I40 -> 19.4625 | W40: =ROUND(CX40*I40,2) -> 0 | X40: =ROUND(CY40,2) -> 1350.98 | Y40: =ROUND(CZ40,2) -> 877.56 | AA40: 39612628 | AB40: =ROUND((AC40+AD40+AF40),6) -> 9379.069 | AC40: =ROUND((ES40),6) -> 6332.44 | AD40: =ROUND(((((ET40*1.25))-((EU40*1.25)))+AE40),6) -> 2039.5625 | AE40: =ROUND(((EU40*1.25)),6) -> 275.9125 | AF40: =ROUND(((EV40*1.15)),6) -> 1007.0665 | AG40: =ROUND((AP40),6) -> 0 | AH40: =((EW40*1.15)) -> 111.0325 | AI40: =((EX40*1.25)) -> 21.625 | AJ40: =ROUND((AS40),6) -> 0 | AK40: 8839.8 | AL40: 6332.44 | AM40: 1631.65 | AN40: 220.73 | AO40: 875.71 | AP40: 0 | AQ40: 96.55 | AR40: 17.3 | AS40: 0 | AT40: 117 | AU40: 76 | AV40: 1 | AW40: 1 | AZ40: 1 | BA40: 1 | BB40: 1 | BC40: 1 | BH40: 0 | BI40: 1 | BJ40: ФЕР-2001, 23-03-001-05, приказ Минстроя России №1039/пр от 30.12.2016г. | BM40: 23001 | BN40: 0 | BP40: 0 | BQ40: 2 | BR40: 0 | BS40: 1 | BT40: 1 | BU40: 1 | BV40: 1 | BW40: 1 | BX40: 1 | BZ40: 130 | CA40: 89 | CF40: 0 | CG40: 0 | CM40: 0 | CN40: Поправка: МДС 81-35.2004, п.4.7 Наименование: Работы, выполняемые при реконструкции зданий и сооружений работы, аналогичные технологическим процессам в новом строительстве (в том числе возведение новых конструктивных элементов) стоимость которых определена по соответствующим сборникам ФЕР, кроме сборника № 46 «Работы при реконструкции зданий и сооружений» | CO40: 0 | CP40: =(P40+Q40+S40) -> 8441.17 | CQ40: =AC40*BC40 -> 6332.44 | CR40: =AD40*BB40 -> 2039.5625 | CS40: =AE40*BS40 -> 275.9125 | CT40: =AF40*BA40 -> 1007.0665 | CU40: =AG40 -> 0 | CV40: =AH40 -> 111.0325 | CW40: =AI40 -> 21.625 | CX40: =AJ40 -> 0 | CY40: =(((S40+R40)*AT40)/100) -> 1350.9756 | CZ40: =(((S40+R40)*AU40)/100) -> 877.5568 | DE40: )*1,25 | DF40: )*1,25 | DG40: )*1,15 | DI40: )*1,15 | DJ40: )*1,25 | DN40: 0 | DO40: 0 | DP40: 1 | DQ40: 1 | DU40: 1007 | DV40: 10 м3 | DW40: 10 м3 | DX40: 10 | EE40: 39174537 | EF40: 2 | EG40: Общестроительные работы | EH40: 0 | EJ40: 1 | EK40: 23001 | EL40: Канализация - наружные сети | EM40: ФЕР-23 | EO40: Поправка: МДС 81-35.2004, п.4.7 | EQ40: 131072 | ER40: 8839.8 | ES40: 6332.44 | ET40: 1631.65 | EU40: 220.73 | EV40: 875.71 | EW40: 96.55 | EX40: 17.3 | EY40: 0 | FQ40: 0 | FR40: =ROUND(IF(AND(BH40=3,BI40=3),P40,0),2) -> 0 | FS40: 0 | FT40: *0,9 | FU40: *0,85 | FX40: 117 | FY40: 75.65 | GD40: 0 | GF40: 613441697 | GG40: 2 | GH40: 1 | GI40: -2 | GJ40: 0 | GK40: =ROUND(R40*(R12)/100,2) -> 0 | GL40: =ROUND(IF(AND(BH40=3,BI40=3,FS40<>0),P40,0),2) -> 0 | GM40: =ROUND(O40+X40+Y40+GK40,2)+GX40 -> 10669.71 | GN40: =IF(OR(BI40=0,BI40=1),ROUND(O40+X40+Y40+GK40,2),0) -> 10669.71 | GO40: =IF(BI40=2,ROUND(O40+X40+Y40+GK40,2),0) -> 0 | GP40: =IF(BI40=4,ROUND(O40+X40+Y40+GK40,2)+GX40,0) -> 0 | GR40: 0 | GS40: 3 | GT40: 0 | GV40: =ROUND(GT40,6) -> 0 | GW40: 1 | GX40: =ROUND(GV40*GW40*I40,2) -> 0 | HA40: 0 | HB40: 0 | IK40: 0
A41: 17 | B41: 1 | C41: =ROW(SmtRes!A80) -> 80 | D41: =ROW(EtalonRes!A84) -> 84 | E41: 9 | F41: 23-03-001-05 | G41: Устройство круглых сборных железобетонных канализационных колодцев диаметром 1,5 м в сухих грунтах | H41: 10 м3 | I41: =ROUND(9/10,9) -> 0.9 | J41: 0 | O41: =ROUND(CP41,2) -> 43471.98 | P41: =ROUND(CQ41*I41,2) -> 29350.86 | Q41: =ROUND(CR41*I41,2) -> 9453.37 | R41: =ROUND(CS41*I41,2) -> 1278.85 | S41: =ROUND(CT41*I41,2) -> 4667.75 | T41: =ROUND(CU41*I41,2) -> 0 | U41: =CV41*I41 -> 99.92925 | V41: =CW41*I41 -> 19.4625 | W41: =ROUND(CX41*I41,2) -> 0 | X41: =ROUND(CY41,2) -> 6957.52 | Y41: =ROUND(CZ41,2) -> 4519.42 | AA41: 39612629 | AB41: =ROUND((AC41+AD41+AF41),6) -> 9379.069 | AC41: =ROUND((ES41),6) -> 6332.44 | AD41: =ROUND(((((ET41*1.25))-((EU41*1.25)))+AE41),6) -> 2039.5625 | AE41: =ROUND(((EU41*1.25)),6) -> 275.9125 | AF41: =ROUND(((EV41*1.15)),6) -> 1007.0665 | AG41: =ROUND((AP41),6) -> 0 | AH41: =((EW41*1.15)) -> 111.0325 | AI41: =((EX41*1.25)) -> 21.625 | AJ41: =ROUND((AS41),6) -> 0 | AK41: 8839.8 | AL41: 6332.44 | AM41: 1631.65 | AN41: 220.73 | AO41: 875.71 | AP41: 0 | AQ41: 96.55 | AR41: 17.3 | AS41: 0 | AT41: 117 | AU41: 76 | AV41: 1 | AW41: 1 | AZ41: 5.15 | BA41: 5.15 | BB41: 5.15 | BC41: 5.15 | BH41: 0 | BI41: 1 | BJ41: ФЕР-2001, 23-03-001-05, приказ Минстроя России №1039/пр от 30.12.2016г. | BM41: 23001 | BN41: 0 | BP41: 0 | BQ41: 2 | BR41: 0 | BS41: 5.15 | BT41: 1 | BU41: 1 | BV41: 1 | BW41: 1 | BX41: 1 | BZ41: 130 | CA41: 89 | CF41: 0 | CG41: 0 | CM41: 0 | CN41: Поправка: МДС 81-35.2004, п.4.7 Наименование: Работы, выполняемые при реконструкции зданий и сооружений работы, аналогичные технологическим процессам в новом строительстве (в том числе возведение новых конструктивных элементов) стоимость которых определена по соответствующим сборникам ФЕР, кроме сборника № 46 «Работы при реконструкции зданий и сооружений» | CO41: 0 | CP41: =(P41+Q41+S41) -> 43471.98 | CQ41: =AC41*BC41 -> 32612.066 | CR41: =AD41*BB41 -> 10503.747 | CS41: =AE41*BS41 -> 1420.9494 | CT41: =AF41*BA41 -> 5186.3925 | CU41: =AG41 -> 0 | CV41: =AH41 -> 111.0325 | CW41: =AI41 -> 21.625 | CX41: =AJ41 -> 0 | CY41: =(((S41+R41)*AT41)/100) -> 6957.522 | CZ41: =(((S41+R41)*AU41)/100) -> 4519.416 | DE41: )*1,25 | DF41: )*1,25 | DG41: )*1,15 | DI41: )*1,15 | DJ41: )*1,25 | DN41: 0 | DO41: 0 | DP41: 1 | DQ41: 1 | DU41: 1007 | DV41: 10 м3 | DW41: 10 м3 | DX41: 10 | EE41: 39174537 | EF41: 2 | EG41: Общестроительные работы | EH41: 0 | EJ41: 1 | EK41: 23001 | EL41: Канализация - наружные сети | EM41: ФЕР-23 | EO41: Поправка: МДС 81-35.2004, п.4.7 | EQ41: 131072 | ER41: 8839.8 | ES41: 6332.44 | ET41: 1631.65 | EU41: 220.73 | EV41: 875.71 | EW41: 96.55 | EX41: 17.3 | EY41: 0 | FQ41: 0 | FR41: =ROUND(IF(AND(BH41=3,BI41=3),P41,0),2) -> 0 | FS41: 0 | FT41: *0,9 | FU41: *0,85 | FX41: 117 | FY41: 75.65 | GD41: 0 | GF41: 613441697 | GG41: 1 | GH41: 1 | GI41: 4 | GJ41: 0 | GK41: =ROUND(R41*(S12)/100,2) -> 0 | GL41: =ROUND(IF(AND(BH41=3,BI41=3,FS41<>0),P41,0),2) -> 0 | GM41: =ROUND(O41+X41+Y41+GK41,2)+GX41 -> 54948.92 | GN41: =IF(OR(BI41=0,BI41=1),ROUND(O41+X41+Y41+GK41,2),0) -> 54948.92 | GO41: =IF(BI41=2,ROUND(O41+X41+Y41+GK41,2),0) -> 0 | GP41: =IF(BI41=4,ROUND(O41+X41+Y41+GK41,2)+GX41,0) -> 0 | GR41: 0 | GS41: 3 | GT41: 0 | GV41: =ROUND(GT41,6) -> 0 | GW41: 1 | GX41: =ROUND(GV41*GW41*I41,2) -> 0 | HA41: 0 | HB41: 0 | IK41: 0
A42: 18 | B42: 1 | C42: 48 | E42: 9,1 | F42: 02.3.01.02 | G42: Песок для строительных работ природный | H42: м3 | I42: =I40*J42 -> 1.305 | J42: 1.45 | O42: =ROUND(CP42,2) -> 0 | P42: =ROUND(CQ42*I42,2) -> 0 | Q42: =ROUND(CR42*I42,2) -> 0 | R42: =ROUND(CS42*I42,2) -> 0 | S42: =ROUND(CT42*I42,2) -> 0 | T42: =ROUND(CU42*I42,2) -> 0 | U42: =CV42*I42 -> 0 | V42: =CW42*I42 -> 0 | W42: =ROUND(CX42*I42,2) -> 0 | X42: =ROUND(CY42,2) -> 0 | Y42: =ROUND(CZ42,2) -> 0 | AA42: 39612628 | AB42: =ROUND((AC42+AD42+AF42),6) -> 0 | AC42: =ROUND((ES42),6) -> 0 | AD42: =ROUND((((ET42)-(EU42))+AE42),6) -> 0 | AE42: =ROUND((EU42),6) -> 0 | AF42: =ROUND((EV42),6) -> 0 | AG42: =ROUND((AP42),6) -> 0 | AH42: =(EW42) -> 0 | AI42: =(EX42) -> 0 | AJ42: =ROUND((AS42),6) -> 0 | AK42: 0 | AL42: 0 | AM42: 0 | AN42: 0 | AO42: 0 | AP42: 0 | AQ42: 0 | AR42: 0 | AS42: 0 | AT42: 117 | AU42: 76 | AV42: 1 | AW42: 1 | AZ42: 1 | BA42: 1 | BB42: 1 | BC42: 1 | BH42: 3 | BI42: 1 | BM42: 23001 | BN42: 0 | BP42: 0 | BQ42: 2 | BR42: 0 | BS42: 1 | BT42: 1 | BU42: 1 | BV42: 1 | BW42: 1 | BX42: 1 | BZ42: 130 | CA42: 89 | CF42: 0 | CG42: 0 | CM42: 0 | CO42: 0 | CP42: =(P42+Q42+S42) -> 0 | CQ42: =AC42*BC42 -> 0 | CR42: =AD42*BB42 -> 0 | CS42: =AE42*BS42 -> 0 | CT42: =AF42*BA42 -> 0 | CU42: =AG42 -> 0 | CV42: =AH42 -> 0 | CW42: =AI42 -> 0 | CX42: =AJ42 -> 0 | CY42: =(((S42+R42)*AT42)/100) -> 0 | CZ42: =(((S42+R42)*AU42)/100) -> 0 | DN42: 0 | DO42: 0 | DP42: 1 | DQ42: 1 | DU42: 1007 | DV42: м3 | DW42: м3 | DX42: 1 | EE42: 39174537 | EF42: 2 | EG42: Общестроительные работы | EH42: 0 | EJ42: 1 | EK42: 23001 | EL42: Канализация - наружные сети | EM42: ФЕР-23 | EQ42: 0 | ER42: 0 | ES42: 0 | ET42: 0 | EU42: 0 | EV42: 0 | EW42: 0 | EX42: 0 | FQ42: 0 | FR42: =ROUND(IF(AND(BH42=3,BI42=3),P42,0),2) -> 0 | FS42: 0 | FT42: *0,9 | FU42: *0,85 | FX42: 117 | FY42: 75.65 | GD42: 0 | GF42: 220090467 | GG42: 2 | GH42: 1 | GI42: -2 | GJ42: 0 | GK42: =ROUND(R42*(R12)/100,2) -> 0 | GL42: =ROUND(IF(AND(BH42=3,BI42=3,FS42<>0),P42,0),2) -> 0 | GM42: =ROUND(O42+X42+Y42+GK42,2)+GX42 -> 0 | GN42: =IF(OR(BI42=0,BI42=1),ROUND(O42+X42+Y42+GK42,2),0) -> 0 | GO42: =IF(BI42=2,ROUND(O42+X42+Y42+GK42,2),0) -> 0 | GP42: =IF(BI42=4,ROUND(O42+X42+Y42+GK42,2)+GX42,0) -> 0 | GR42: 0 | GS42: 3 | GT42: 0 | GV42: =ROUND(GT42,6) -> 0 | GW42: 1 | GX42: =ROUND(GV42*GW42*I42,2) -> 0 | HA42: 0 | HB42: 0 | IK42: 0
A43: 18 | B43: 1 | C43: 68 | E43: 9,1 | F43: 02.3.01.02 | G43: Песок для строительных работ природный | H43: м3 | I43: =I41*J43 -> 1.305 | J43: 1.45 | O43: =ROUND(CP43,2) -> 0 | P43: =ROUND(CQ43*I43,2) -> 0 | Q43: =ROUND(CR43*I43,2) -> 0 | R43: =ROUND(CS43*I43,2) -> 0 | S43: =ROUND(CT43*I43,2) -> 0 | T43: =ROUND(CU43*I43,2) -> 0 | U43: =CV43*I43 -> 0 | V43: =CW43*I43 -> 0 | W43: =ROUND(CX43*I43,2) -> 0 | X43: =ROUND(CY43,2) -> 0 | Y43: =ROUND(CZ43,2) -> 0 | AA43: 39612629 | AB43: =ROUND((AC43+AD43+AF43),6) -> 0 | AC43: =ROUND((ES43),6) -> 0 | AD43: =ROUND((((ET43)-(EU43))+AE43),6) -> 0 | AE43: =ROUND((EU43),6) -> 0 | AF43: =ROUND((EV43),6) -> 0 | AG43: =ROUND((AP43),6) -> 0 | AH43: =(EW43) -> 0 | AI43: =(EX43) -> 0 | AJ43: =ROUND((AS43),6) -> 0 | AK43: 0 | AL43: 0 | AM43: 0 | AN43: 0 | AO43: 0 | AP43: 0 | AQ43: 0 | AR43: 0 | AS43: 0 | AT43: 117 | AU43: 76 | AV43: 1 | AW43: 1 | AZ43: 5.15 | BA43: 1 | BB43: 1 | BC43: 5.15 | BH43: 3 | BI43: 1 | BM43: 23001 | BN43: 0 | BP43: 0 | BQ43: 2 | BR43: 0 | BS43: 1 | BT43: 1 | BU43: 1 | BV43: 1 | BW43: 1 | BX43: 1 | BZ43: 130 | CA43: 89 | CF43: 0 | CG43: 0 | CM43: 0 | CO43: 0 | CP43: =(P43+Q43+S43) -> 0 | CQ43: =AC43*BC43 -> 0 | CR43: =AD43*BB43 -> 0 | CS43: =AE43*BS43 -> 0 | CT43: =AF43*BA43 -> 0 | CU43: =AG43 -> 0 | CV43: =AH43 -> 0 | CW43: =AI43 -> 0 | CX43: =AJ43 -> 0 | CY43: =(((S43+R43)*AT43)/100) -> 0 | CZ43: =(((S43+R43)*AU43)/100) -> 0 | DN43: 0 | DO43: 0 | DP43: 1 | DQ43: 1 | DU43: 1007 | DV43: м3 | DW43: м3 | DX43: 1 | EE43: 39174537 | EF43: 2 | EG43: Общестроительные работы | EH43: 0 | EJ43: 1 | EK43: 23001 | EL43: Канализация - наружные сети | EM43: ФЕР-23 | EQ43: 0 | ER43: 0 | ES43: 0 | ET43: 0 | EU43: 0 | EV43: 0 | EW43: 0 | EX43: 0 | FQ43: 0 | FR43: =ROUND(IF(AND(BH43=3,BI43=3),P43,0),2) -> 0 | FS43: 0 | FT43: *0,9 | FU43: *0,85 | FX43: 117 | FY43: 75.65 | GD43: 0 | GF43: 220090467 | GG43: 1 | GH43: 1 | GI43: 4 | GJ43: 0 | GK43: =ROUND(R43*(S12)/100,2) -> 0 | GL43: =ROUND(IF(AND(BH43=3,BI43=3,FS43<>0),P43,0),2) -> 0 | GM43: =ROUND(O43+X43+Y43+GK43,2)+GX43 -> 0 | GN43: =IF(OR(BI43=0,BI43=1),ROUND(O43+X43+Y43+GK43,2),0) -> 0 | GO43: =IF(BI43=2,ROUND(O43+X43+Y43+GK43,2),0) -> 0 | GP43: =IF(BI43=4,ROUND(O43+X43+Y43+GK43,2)+GX43,0) -> 0 | GR43: 0 | GS43: 3 | GT43: 0 | GV43: =ROUND(GT43,6) -> 0 | GW43: 1 | GX43: =ROUND(GV43*GW43*I43,2) -> 0 | HA43: 0 | HB43: 0 | IK43: 0
A44: 18 | B44: 1 | C44: 49 | E44: 9,2 | F44: 02.3.01.02-0015 | G44: Песок природный для строительных работ средний | H44: м3 | I44: =I40*J44 -> 1.305 | J44: 1.45 | O44: =ROUND(CP44,2) -> 72.11 | P44: =ROUND(CQ44*I44,2) -> 72.11 | Q44: =ROUND(CR44*I44,2) -> 0 | R44: =ROUND(CS44*I44,2) -> 0 | S44: =ROUND(CT44*I44,2) -> 0 | T44: =ROUND(CU44*I44,2) -> 0 | U44: =CV44*I44 -> 0 | V44: =CW44*I44 -> 0 | W44: =ROUND(CX44*I44,2) -> 0 | X44: =ROUND(CY44,2) -> 0 | Y44: =ROUND(CZ44,2) -> 0 | AA44: 39612628 | AB44: =ROUND((AC44+AD44+AF44),6) -> 55.26 | AC44: =ROUND((ES44),6) -> 55.26 | AD44: =ROUND((((ET44)-(EU44))+AE44),6) -> 0 | AE44: =ROUND((EU44),6) -> 0 | AF44: =ROUND((EV44),6) -> 0 | AG44: =ROUND((AP44),6) -> 0 | AH44: =(EW44) -> 0 | AI44: =(EX44) -> 0 | AJ44: =ROUND((AS44),6) -> 0 | AK44: 55.26 | AL44: 55.26 | AM44: 0 | AN44: 0 | AO44: 0 | AP44: 0 | AQ44: 0 | AR44: 0 | AS44: 0 | AT44: 117 | AU44: 76 | AV44: 1 | AW44: 1 | AZ44: 1 | BA44: 1 | BB44: 1 | BC44: 1 | BH44: 3 | BI44: 1 | BJ44: ФССЦ-2001, 02.3.01.02-0015, приказ Минстроя России №1039/пр от 30.12.2016г. | BM44: 23001 | BN44: 0 | BP44: 0 | BQ44: 2 | BR44: 0 | BS44: 1 | BT44: 1 | BU44: 1 | BV44: 1 | BW44: 1 | BX44: 1 | BZ44: 130 | CA44: 89 | CF44: 0 | CG44: 0 | CM44: 0 | CO44: 0 | CP44: =(P44+Q44+S44) -> 72.11 | CQ44: =AC44*BC44 -> 55.26 | CR44: =AD44*BB44 -> 0 | CS44: =AE44*BS44 -> 0 | CT44: =AF44*BA44 -> 0 | CU44: =AG44 -> 0 | CV44: =AH44 -> 0 | CW44: =AI44 -> 0 | CX44: =AJ44 -> 0 | CY44: =(((S44+R44)*AT44)/100) -> 0 | CZ44: =(((S44+R44)*AU44)/100) -> 0 | DN44: 0 | DO44: 0 | DP44: 1 | DQ44: 1 | DU44: 1007 | DV44: м3 | DW44: м3 | DX44: 1 | EE44: 39174537 | EF44: 2 | EG44: Общестроительные работы | EH44: 0 | EJ44: 1 | EK44: 23001 | EL44: Канализация - наружные сети | EM44: ФЕР-23 | EQ44: 0 | ER44: 55.26 | ES44: 55.26 | ET44: 0 | EU44: 0 | EV44: 0 | EW44: 0 | EX44: 0 | FQ44: 0 | FR44: =ROUND(IF(AND(BH44=3,BI44=3),P44,0),2) -> 0 | FS44: 0 | FT44: *0,9 | FU44: *0,85 | FX44: 117 | FY44: 75.65 | GD44: 0 | GF44: -35545874 | GG44: 2 | GH44: 1 | GI44: -2 | GJ44: 0 | GK44: =ROUND(R44*(R12)/100,2) -> 0 | GL44: =ROUND(IF(AND(BH44=3,BI44=3,FS44<>0),P44,0),2) -> 0 | GM44: =ROUND(O44+X44+Y44+GK44,2)+GX44 -> 72.11 | GN44: =IF(OR(BI44=0,BI44=1),ROUND(O44+X44+Y44+GK44,2),0) -> 72.11 | GO44: =IF(BI44=2,ROUND(O44+X44+Y44+GK44,2),0) -> 0 | GP44: =IF(BI44=4,ROUND(O44+X44+Y44+GK44,2)+GX44,0) -> 0 | GR44: 0 | GS44: 3 | GT44: 0 | GV44: =ROUND(GT44,6) -> 0 | GW44: 1 | GX44: =ROUND(GV44*GW44*I44,2) -> 0 | HA44: 0 | HB44: 0 | IK44: 0
A45: 18 | B45: 1 | C45: 69 | E45: 9,2 | F45: 02.3.01.02-0015 | G45: Песок природный для строительных работ средний | H45: м3 | I45: =I41*J45 -> 1.305 | J45: 1.45 | O45: =ROUND(CP45,2) -> 371.39 | P45: =ROUND(CQ45*I45,2) -> 371.39 | Q45: =ROUND(CR45*I45,2) -> 0 | R45: =ROUND(CS45*I45,2) -> 0 | S45: =ROUND(CT45*I45,2) -> 0 | T45: =ROUND(CU45*I45,2) -> 0 | U45: =CV45*I45 -> 0 | V45: =CW45*I45 -> 0 | W45: =ROUND(CX45*I45,2) -> 0 | X45: =ROUND(CY45,2) -> 0 | Y45: =ROUND(CZ45,2) -> 0 | AA45: 39612629 | AB45: =ROUND((AC45+AD45+AF45),6) -> 55.26 | AC45: =ROUND((ES45),6) -> 55.26 | AD45: =ROUND((((ET45)-(EU45))+AE45),6) -> 0 | AE45: =ROUND((EU45),6) -> 0 | AF45: =ROUND((EV45),6) -> 0 | AG45: =ROUND((AP45),6) -> 0 | AH45: =(EW45) -> 0 | AI45: =(EX45) -> 0 | AJ45: =ROUND((AS45),6) -> 0 | AK45: 55.26 | AL45: 55.26 | AM45: 0 | AN45: 0 | AO45: 0 | AP45: 0 | AQ45: 0 | AR45: 0 | AS45: 0 | AT45: 117 | AU45: 76 | AV45: 1 | AW45: 1 | AZ45: 5.15 | BA45: 1 | BB45: 1 | BC45: 5.15 | BH45: 3 | BI45: 1 | BJ45: ФССЦ-2001, 02.3.01.02-0015, приказ Минстроя России №1039/пр от 30.12.2016г. | BM45: 23001 | BN45: 0 | BP45: 0 | BQ45: 2 | BR45: 0 | BS45: 1 | BT45: 1 | BU45: 1 | BV45: 1 | BW45: 1 | BX45: 1 | BZ45: 130 | CA45: 89 | CF45: 0 | CG45: 0 | CM45: 0 | CO45: 0 | CP45: =(P45+Q45+S45) -> 371.39 | CQ45: =AC45*BC45 -> 284.589 | CR45: =AD45*BB45 -> 0 | CS45: =AE45*BS45 -> 0 | CT45: =AF45*BA45 -> 0 | CU45: =AG45 -> 0 | CV45: =AH45 -> 0 | CW45: =AI45 -> 0 | CX45: =AJ45 -> 0 | CY45: =(((S45+R45)*AT45)/100) -> 0 | CZ45: =(((S45+R45)*AU45)/100) -> 0 | DN45: 0 | DO45: 0 | DP45: 1 | DQ45: 1 | DU45: 1007 | DV45: м3 | DW45: м3 | DX45: 1 | EE45: 39174537 | EF45: 2 | EG45: Общестроительные работы | EH45: 0 | EJ45: 1 | EK45: 23001 | EL45: Канализация - наружные сети | EM45: ФЕР-23 | EQ45: 0 | ER45: 55.26 | ES45: 55.26 | ET45: 0 | EU45: 0 | EV45: 0 | EW45: 0 | EX45: 0 | FQ45: 0 | FR45: =ROUND(IF(AND(BH45=3,BI45=3),P45,0),2) -> 0 | FS45: 0 | FT45: *0,9 | FU45: *0,85 | FX45: 117 | FY45: 75.65 | GD45: 0 | GF45: -35545874 | GG45: 1 | GH45: 1 | GI45: 4 | GJ45: 0 | GK45: =ROUND(R45*(S12)/100,2) -> 0 | GL45: =ROUND(IF(AND(BH45=3,BI45=3,FS45<>0),P45,0),2) -> 0 | GM45: =ROUND(O45+X45+Y45+GK45,2)+GX45 -> 371.39 | GN45: =IF(OR(BI45=0,BI45=1),ROUND(O45+X45+Y45+GK45,2),0) -> 371.39 | GO45: =IF(BI45=2,ROUND(O45+X45+Y45+GK45,2),0) -> 0 | GP45: =IF(BI45=4,ROUND(O45+X45+Y45+GK45,2)+GX45,0) -> 0 | GR45: 0 | GS45: 3 | GT45: 0 | GV45: =ROUND(GT45,6) -> 0 | GW45: 1 | GX45: =ROUND(GV45*GW45*I45,2) -> 0 | HA45: 0 | HB45: 0 | IK45: 0
A46: 18 | B46: 1 | C46: 52 | E46: 9,3 | F46: 04.3.01.03 | G46: Раствор асбоцементный | H46: м3 | I46: =I40*J46 -> 0.108 | J46: 0.12 | O46: =ROUND(CP46,2) -> 0 | P46: =ROUND(CQ46*I46,2) -> 0 | Q46: =ROUND(CR46*I46,2) -> 0 | R46: =ROUND(CS46*I46,2) -> 0 | S46: =ROUND(CT46*I46,2) -> 0 | T46: =ROUND(CU46*I46,2) -> 0 | U46: =CV46*I46 -> 0 | V46: =CW46*I46 -> 0 | W46: =ROUND(CX46*I46,2) -> 0 | X46: =ROUND(CY46,2) -> 0 | Y46: =ROUND(CZ46,2) -> 0 | AA46: 39612628 | AB46: =ROUND((AC46+AD46+AF46),6) -> 0 | AC46: =ROUND((ES46),6) -> 0 | AD46: =ROUND((((ET46)-(EU46))+AE46),6) -> 0 | AE46: =ROUND((EU46),6) -> 0 | AF46: =ROUND((EV46),6) -> 0 | AG46: =ROUND((AP46),6) -> 0 | AH46: =(EW46) -> 0 | AI46: =(EX46) -> 0 | AJ46: =ROUND((AS46),6) -> 0 | AK46: 0 | AL46: 0 | AM46: 0 | AN46: 0 | AO46: 0 | AP46: 0 | AQ46: 0 | AR46: 0 | AS46: 0 | AT46: 117 | AU46: 76 | AV46: 1 | AW46: 1 | AZ46: 1 | BA46: 1 | BB46: 1 | BC46: 1 | BH46: 3 | BI46: 1 | BM46: 23001 | BN46: 0 | BP46: 0 | BQ46: 2 | BR46: 0 | BS46: 1 | BT46: 1 | BU46: 1 | BV46: 1 | BW46: 1 | BX46: 1 | BZ46: 130 | CA46: 89 | CF46: 0 | CG46: 0 | CM46: 0 | CO46: 0 | CP46: =(P46+Q46+S46) -> 0 | CQ46: =AC46*BC46 -> 0 | CR46: =AD46*BB46 -> 0 | CS46: =AE46*BS46 -> 0 | CT46: =AF46*BA46 -> 0 | CU46: =AG46 -> 0 | CV46: =AH46 -> 0 | CW46: =AI46 -> 0 | CX46: =AJ46 -> 0 | CY46: =(((S46+R46)*AT46)/100) -> 0 | CZ46: =(((S46+R46)*AU46)/100) -> 0 | DN46: 0 | DO46: 0 | DP46: 1 | DQ46: 1 | DU46: 1007 | DV46: м3 | DW46: м3 | DX46: 1 | EE46: 39174537 | EF46: 2 | EG46: Общестроительные работы | EH46: 0 | EJ46: 1 | EK46: 23001 | EL46: Канализация - наружные сети | EM46: ФЕР-23 | EQ46: 0 | ER46: 0 | ES46: 0 | ET46: 0 | EU46: 0 | EV46: 0 | EW46: 0 | EX46: 0 | FQ46: 0 | FR46: =ROUND(IF(AND(BH46=3,BI46=3),P46,0),2) -> 0 | FS46: 0 | FT46: *0,9 | FU46: *0,85 | FX46: 117 | FY46: 75.65 | GD46: 0 | GF46: 1707794586 | GG46: 2 | GH46: 1 | GI46: -2 | GJ46: 0 | GK46: =ROUND(R46*(R12)/100,2) -> 0 | GL46: =ROUND(IF(AND(BH46=3,BI46=3,FS46<>0),P46,0),2) -> 0 | GM46: =ROUND(O46+X46+Y46+GK46,2)+GX46 -> 0 | GN46: =IF(OR(BI46=0,BI46=1),ROUND(O46+X46+Y46+GK46,2),0) -> 0 | GO46: =IF(BI46=2,ROUND(O46+X46+Y46+GK46,2),0) -> 0 | GP46: =IF(BI46=4,ROUND(O46+X46+Y46+GK46,2)+GX46,0) -> 0 | GR46: 0 | GS46: 3 | GT46: 0 | GV46: =ROUND(GT46,6) -> 0 | GW46: 1 | GX46: =ROUND(GV46*GW46*I46,2) -> 0 | HA46: 0 | HB46: 0 | IK46: 0
A47: 18 | B47: 1 | C47: 72 | E47: 9,3 | F47: 04.3.01.03 | G47: Раствор асбоцементный | H47: м3 | I47: =I41*J47 -> 0.108 | J47: 0.12 | O47: =ROUND(CP47,2) -> 0 | P47: =ROUND(CQ47*I47,2) -> 0 | Q47: =ROUND(CR47*I47,2) -> 0 | R47: =ROUND(CS47*I47,2) -> 0 | S47: =ROUND(CT47*I47,2) -> 0 | T47: =ROUND(CU47*I47,2) -> 0 | U47: =CV47*I47 -> 0 | V47: =CW47*I47 -> 0 | W47: =ROUND(CX47*I47,2) -> 0 | X47: =ROUND(CY47,2) -> 0 | Y47: =ROUND(CZ47,2) -> 0 | AA47: 39612629 | AB47: =ROUND((AC47+AD47+AF47),6) -> 0 | AC47: =ROUND((ES47),6) -> 0 | AD47: =ROUND((((ET47)-(EU47))+AE47),6) -> 0 | AE47: =ROUND((EU47),6) -> 0 | AF47: =ROUND((EV47),6) -> 0 | AG47: =ROUND((AP47),6) -> 0 | AH47: =(EW47) -> 0 | AI47: =(EX47) -> 0 | AJ47: =ROUND((AS47),6) -> 0 | AK47: 0 | AL47: 0 | AM47: 0 | AN47: 0 | AO47: 0 | AP47: 0 | AQ47: 0 | AR47: 0 | AS47: 0 | AT47: 117 | AU47: 76 | AV47: 1 | AW47: 1 | AZ47: 5.15 | BA47: 1 | BB47: 1 | BC47: 5.15 | BH47: 3 | BI47: 1 | BM47: 23001 | BN47: 0 | BP47: 0 | BQ47: 2 | BR47: 0 | BS47: 1 | BT47: 1 | BU47: 1 | BV47: 1 | BW47: 1 | BX47: 1 | BZ47: 130 | CA47: 89 | CF47: 0 | CG47: 0 | CM47: 0 | CO47: 0 | CP47: =(P47+Q47+S47) -> 0 | CQ47: =AC47*BC47 -> 0 | CR47: =AD47*BB47 -> 0 | CS47: =AE47*BS47 -> 0 | CT47: =AF47*BA47 -> 0 | CU47: =AG47 -> 0 | CV47: =AH47 -> 0 | CW47: =AI47 -> 0 | CX47: =AJ47 -> 0 | CY47: =(((S47+R47)*AT47)/100) -> 0 | CZ47: =(((S47+R47)*AU47)/100) -> 0 | DN47: 0 | DO47: 0 | DP47: 1 | DQ47: 1 | DU47: 1007 | DV47: м3 | DW47: м3 | DX47: 1 | EE47: 39174537 | EF47: 2 | EG47: Общестроительные работы | EH47: 0 | EJ47: 1 | EK47: 23001 | EL47: Канализация - наружные сети | EM47: ФЕР-23 | EQ47: 0 | ER47: 0 | ES47: 0 | ET47: 0 | EU47: 0 | EV47: 0 | EW47: 0 | EX47: 0 | FQ47: 0 | FR47: =ROUND(IF(AND(BH47=3,BI47=3),P47,0),2) -> 0 | FS47: 0 | FT47: *0,9 | FU47: *0,85 | FX47: 117 | FY47: 75.65 | GD47: 0 | GF47: 1707794586 | GG47: 1 | GH47: 1 | GI47: 4 | GJ47: 0 | GK47: =ROUND(R47*(S12)/100,2) -> 0 | GL47: =ROUND(IF(AND(BH47=3,BI47=3,FS47<>0),P47,0),2) -> 0 | GM47: =ROUND(O47+X47+Y47+GK47,2)+GX47 -> 0 | GN47: =IF(OR(BI47=0,BI47=1),ROUND(O47+X47+Y47+GK47,2),0) -> 0 | GO47: =IF(BI47=2,ROUND(O47+X47+Y47+GK47,2),0) -> 0 | GP47: =IF(BI47=4,ROUND(O47+X47+Y47+GK47,2)+GX47,0) -> 0 | GR47: 0 | GS47: 3 | GT47: 0 | GV47: =ROUND(GT47,6) -> 0 | GW47: 1 | GX47: =ROUND(GV47*GW47*I47,2) -> 0 | HA47: 0 | HB47: 0 | IK47: 0
A48: 18 | B48: 1 | C48: 54 | E48: 9,4 | F48: 04.3.01.09-0015 | G48: Раствор готовый кладочный цементный марки 150 | H48: м3 | I48: =I40*J48 -> 0.108 | J48: 0.12 | O48: =ROUND(CP48,2) -> 59.22 | P48: =ROUND(CQ48*I48,2) -> 59.22 | Q48: =ROUND(CR48*I48,2) -> 0 | R48: =ROUND(CS48*I48,2) -> 0 | S48: =ROUND(CT48*I48,2) -> 0 | T48: =ROUND(CU48*I48,2) -> 0 | U48: =CV48*I48 -> 0 | V48: =CW48*I48 -> 0 | W48: =ROUND(CX48*I48,2) -> 0 | X48: =ROUND(CY48,2) -> 0 | Y48: =ROUND(CZ48,2) -> 0 | AA48: 39612628 | AB48: =ROUND((AC48+AD48+AF48),6) -> 548.3 | AC48: =ROUND((ES48),6) -> 548.3 | AD48: =ROUND((((ET48)-(EU48))+AE48),6) -> 0 | AE48: =ROUND((EU48),6) -> 0 | AF48: =ROUND((EV48),6) -> 0 | AG48: =ROUND((AP48),6) -> 0 | AH48: =(EW48) -> 0 | AI48: =(EX48) -> 0 | AJ48: =ROUND((AS48),6) -> 0 | AK48: 548.3 | AL48: 548.3 | AM48: 0 | AN48: 0 | AO48: 0 | AP48: 0 | AQ48: 0 | AR48: 0 | AS48: 0 | AT48: 117 | AU48: 76 | AV48: 1 | AW48: 1 | AZ48: 1 | BA48: 1 | BB48: 1 | BC48: 1 | BH48: 3 | BI48: 1 | BJ48: ФССЦ-2001, 04.3.01.09-0015, приказ Минстроя России №1039/пр от 30.12.2016г. | BM48: 23001 | BN48: 0 | BP48: 0 | BQ48: 2 | BR48: 0 | BS48: 1 | BT48: 1 | BU48: 1 | BV48: 1 | BW48: 1 | BX48: 1 | BZ48: 130 | CA48: 89 | CF48: 0 | CG48: 0 | CM48: 0 | CO48: 0 | CP48: =(P48+Q48+S48) -> 59.22 | CQ48: =AC48*BC48 -> 548.3 | CR48: =AD48*BB48 -> 0 | CS48: =AE48*BS48 -> 0 | CT48: =AF48*BA48 -> 0 | CU48: =AG48 -> 0 | CV48: =AH48 -> 0 | CW48: =AI48 -> 0 | CX48: =AJ48 -> 0 | CY48: =(((S48+R48)*AT48)/100) -> 0 | CZ48: =(((S48+R48)*AU48)/100) -> 0 | DN48: 0 | DO48: 0 | DP48: 1 | DQ48: 1 | DU48: 1007 | DV48: м3 | DW48: м3 | DX48: 1 | EE48: 39174537 | EF48: 2 | EG48: Общестроительные работы | EH48: 0 | EJ48: 1 | EK48: 23001 | EL48: Канализация - наружные сети | EM48: ФЕР-23 | EQ48: 0 | ER48: 548.3 | ES48: 548.3 | ET48: 0 | EU48: 0 | EV48: 0 | EW48: 0 | EX48: 0 | FQ48: 0 | FR48: =ROUND(IF(AND(BH48=3,BI48=3),P48,0),2) -> 0 | FS48: 0 | FT48: *0,9 | FU48: *0,85 | FX48: 117 | FY48: 75.65 | GD48: 0 | GF48: -1970722706 | GG48: 2 | GH48: 1 | GI48: -2 | GJ48: 0 | GK48: =ROUND(R48*(R12)/100,2) -> 0 | GL48: =ROUND(IF(AND(BH48=3,BI48=3,FS48<>0),P48,0),2) -> 0 | GM48: =ROUND(O48+X48+Y48+GK48,2)+GX48 -> 59.22 | GN48: =IF(OR(BI48=0,BI48=1),ROUND(O48+X48+Y48+GK48,2),0) -> 59.22 | GO48: =IF(BI48=2,ROUND(O48+X48+Y48+GK48,2),0) -> 0 | GP48: =IF(BI48=4,ROUND(O48+X48+Y48+GK48,2)+GX48,0) -> 0 | GR48: 0 | GS48: 3 | GT48: 0 | GV48: =ROUND(GT48,6) -> 0 | GW48: 1 | GX48: =ROUND(GV48*GW48*I48,2) -> 0 | HA48: 0 | HB48: 0 | IK48: 0
A49: 18 | B49: 1 | C49: 74 | E49: 9,4 | F49: 04.3.01.09-0015 | G49: Раствор готовый кладочный цементный марки 150 | H49: м3 | I49: =I41*J49 -> 0.108 | J49: 0.12 | O49: =ROUND(CP49,2) -> 304.96 | P49: =ROUND(CQ49*I49,2) -> 304.96 | Q49: =ROUND(CR49*I49,2) -> 0 | R49: =ROUND(CS49*I49,2) -> 0 | S49: =ROUND(CT49*I49,2) -> 0 | T49: =ROUND(CU49*I49,2) -> 0 | U49: =CV49*I49 -> 0 | V49: =CW49*I49 -> 0 | W49: =ROUND(CX49*I49,2) -> 0 | X49: =ROUND(CY49,2) -> 0 | Y49: =ROUND(CZ49,2) -> 0 | AA49: 39612629 | AB49: =ROUND((AC49+AD49+AF49),6) -> 548.3 | AC49: =ROUND((ES49),6) -> 548.3 | AD49: =ROUND((((ET49)-(EU49))+AE49),6) -> 0 | AE49: =ROUND((EU49),6) -> 0 | AF49: =ROUND((EV49),6) -> 0 | AG49: =ROUND((AP49),6) -> 0 | AH49: =(EW49) -> 0 | AI49: =(EX49) -> 0 | AJ49: =ROUND((AS49),6) -> 0 | AK49: 548.3 | AL49: 548.3 | AM49: 0 | AN49: 0 | AO49: 0 | AP49: 0 | AQ49: 0 | AR49: 0 | AS49: 0 | AT49: 117 | AU49: 76 | AV49: 1 | AW49: 1 | AZ49: 5.15 | BA49: 1 | BB49: 1 | BC49: 5.15 | BH49: 3 | BI49: 1 | BJ49: ФССЦ-2001, 04.3.01.09-0015, приказ Минстроя России №1039/пр от 30.12.2016г. | BM49: 23001 | BN49: 0 | BP49: 0 | BQ49: 2 | BR49: 0 | BS49: 1 | BT49: 1 | BU49: 1 | BV49: 1 | BW49: 1 | BX49: 1 | BZ49: 130 | CA49: 89 | CF49: 0 | CG49: 0 | CM49: 0 | CO49: 0 | CP49: =(P49+Q49+S49) -> 304.96 | CQ49: =AC49*BC49 -> 2823.745 | CR49: =AD49*BB49 -> 0 | CS49: =AE49*BS49 -> 0 | CT49: =AF49*BA49 -> 0 | CU49: =AG49 -> 0 | CV49: =AH49 -> 0 | CW49: =AI49 -> 0 | CX49: =AJ49 -> 0 | CY49: =(((S49+R49)*AT49)/100) -> 0 | CZ49: =(((S49+R49)*AU49)/100) -> 0 | DN49: 0 | DO49: 0 | DP49: 1 | DQ49: 1 | DU49: 1007 | DV49: м3 | DW49: м3 | DX49: 1 | EE49: 39174537 | EF49: 2 | EG49: Общестроительные работы | EH49: 0 | EJ49: 1 | EK49: 23001 | EL49: Канализация - наружные сети | EM49: ФЕР-23 | EQ49: 0 | ER49: 548.3 | ES49: 548.3 | ET49: 0 | EU49: 0 | EV49: 0 | EW49: 0 | EX49: 0 | FQ49: 0 | FR49: =ROUND(IF(AND(BH49=3,BI49=3),P49,0),2) -> 0 | FS49: 0 | FT49: *0,9 | FU49: *0,85 | FX49: 117 | FY49: 75.65 | GD49: 0 | GF49: -1970722706 | GG49: 1 | GH49: 1 | GI49: 4 | GJ49: 0 | GK49: =ROUND(R49*(S12)/100,2) -> 0 | GL49: =ROUND(IF(AND(BH49=3,BI49=3,FS49<>0),P49,0),2) -> 0 | GM49: =ROUND(O49+X49+Y49+GK49,2)+GX49 -> 304.96 | GN49: =IF(OR(BI49=0,BI49=1),ROUND(O49+X49+Y49+GK49,2),0) -> 304.96 | GO49: =IF(BI49=2,ROUND(O49+X49+Y49+GK49,2),0) -> 0 | GP49: =IF(BI49=4,ROUND(O49+X49+Y49+GK49,2)+GX49,0) -> 0 | GR49: 0 | GS49: 3 | GT49: 0 | GV49: =ROUND(GT49,6) -> 0 | GW49: 1 | GX49: =ROUND(GV49*GW49*I49,2) -> 0 | HA49: 0 | HB49: 0 | IK49: 0
A50: 18 | B50: 1 | C50: 56 | E50: 9,5 | F50: 05.1.01.09 | G50: Кольца для колодцев сборные железобетонные диаметром 1500 мм | H50: м | I50: =I40*J50 -> 6.192 | J50: 6.88 | O50: =ROUND(CP50,2) -> 0 | P50: =ROUND(CQ50*I50,2) -> 0 | Q50: =ROUND(CR50*I50,2) -> 0 | R50: =ROUND(CS50*I50,2) -> 0 | S50: =ROUND(CT50*I50,2) -> 0 | T50: =ROUND(CU50*I50,2) -> 0 | U50: =CV50*I50 -> 0 | V50: =CW50*I50 -> 0 | W50: =ROUND(CX50*I50,2) -> 0 | X50: =ROUND(CY50,2) -> 0 | Y50: =ROUND(CZ50,2) -> 0 | AA50: 39612628 | AB50: =ROUND((AC50+AD50+AF50),6) -> 0 | AC50: =ROUND((ES50),6) -> 0 | AD50: =ROUND((((ET50)-(EU50))+AE50),6) -> 0 | AE50: =ROUND((EU50),6) -> 0 | AF50: =ROUND((EV50),6) -> 0 | AG50: =ROUND((AP50),6) -> 0 | AH50: =(EW50) -> 0 | AI50: =(EX50) -> 0 | AJ50: =ROUND((AS50),6) -> 0 | AK50: 0 | AL50: 0 | AM50: 0 | AN50: 0 | AO50: 0 | AP50: 0 | AQ50: 0 | AR50: 0 | AS50: 0 | AT50: 117 | AU50: 76 | AV50: 1 | AW50: 1 | AZ50: 1 | BA50: 1 | BB50: 1 | BC50: 1 | BH50: 3 | BI50: 1 | BM50: 23001 | BN50: 0 | BP50: 0 | BQ50: 2 | BR50: 0 | BS50: 1 | BT50: 1 | BU50: 1 | BV50: 1 | BW50: 1 | BX50: 1 | BZ50: 130 | CA50: 89 | CF50: 0 | CG50: 0 | CM50: 0 | CO50: 0 | CP50: =(P50+Q50+S50) -> 0 | CQ50: =AC50*BC50 -> 0 | CR50: =AD50*BB50 -> 0 | CS50: =AE50*BS50 -> 0 | CT50: =AF50*BA50 -> 0 | CU50: =AG50 -> 0 | CV50: =AH50 -> 0 | CW50: =AI50 -> 0 | CX50: =AJ50 -> 0 | CY50: =(((S50+R50)*AT50)/100) -> 0 | CZ50: =(((S50+R50)*AU50)/100) -> 0 | DN50: 0 | DO50: 0 | DP50: 1 | DQ50: 1 | DU50: 1003 | DV50: м | DW50: м | DX50: 1 | EE50: 39174537 | EF50: 2 | EG50: Общестроительные работы | EH50: 0 | EJ50: 1 | EK50: 23001 | EL50: Канализация - наружные сети | EM50: ФЕР-23 | EQ50: 0 | ER50: 0 | ES50: 0 | ET50: 0 | EU50: 0 | EV50: 0 | EW50: 0 | EX50: 0 | FQ50: 0 | FR50: =ROUND(IF(AND(BH50=3,BI50=3),P50,0),2) -> 0 | FS50: 0 | FT50: *0,9 | FU50: *0,85 | FX50: 117 | FY50: 75.65 | GD50: 0 | GF50: -1611535433 | GG50: 2 | GH50: 1 | GI50: -2 | GJ50: 0 | GK50: =ROUND(R50*(R12)/100,2) -> 0 | GL50: =ROUND(IF(AND(BH50=3,BI50=3,FS50<>0),P50,0),2) -> 0 | GM50: =ROUND(O50+X50+Y50+GK50,2)+GX50 -> 0 | GN50: =IF(OR(BI50=0,BI50=1),ROUND(O50+X50+Y50+GK50,2),0) -> 0 | GO50: =IF(BI50=2,ROUND(O50+X50+Y50+GK50,2),0) -> 0 | GP50: =IF(BI50=4,ROUND(O50+X50+Y50+GK50,2)+GX50,0) -> 0 | GR50: 0 | GS50: 3 | GT50: 0 | GV50: =ROUND(GT50,6) -> 0 | GW50: 1 | GX50: =ROUND(GV50*GW50*I50,2) -> 0 | HA50: 0 | HB50: 0 | IK50: 0
A51: 18 | B51: 1 | C51: 76 | E51: 9,5 | F51: 05.1.01.09 | G51: Кольца для колодцев сборные железобетонные диаметром 1500 мм | H51: м | I51: =I41*J51 -> 6.192 | J51: 6.88 | O51: =ROUND(CP51,2) -> 0 | P51: =ROUND(CQ51*I51,2) -> 0 | Q51: =ROUND(CR51*I51,2) -> 0 | R51: =ROUND(CS51*I51,2) -> 0 | S51: =ROUND(CT51*I51,2) -> 0 | T51: =ROUND(CU51*I51,2) -> 0 | U51: =CV51*I51 -> 0 | V51: =CW51*I51 -> 0 | W51: =ROUND(CX51*I51,2) -> 0 | X51: =ROUND(CY51,2) -> 0 | Y51: =ROUND(CZ51,2) -> 0 | AA51: 39612629 | AB51: =ROUND((AC51+AD51+AF51),6) -> 0 | AC51: =ROUND((ES51),6) -> 0 | AD51: =ROUND((((ET51)-(EU51))+AE51),6) -> 0 | AE51: =ROUND((EU51),6) -> 0 | AF51: =ROUND((EV51),6) -> 0 | AG51: =ROUND((AP51),6) -> 0 | AH51: =(EW51) -> 0 | AI51: =(EX51) -> 0 | AJ51: =ROUND((AS51),6) -> 0 | AK51: 0 | AL51: 0 | AM51: 0 | AN51: 0 | AO51: 0 | AP51: 0 | AQ51: 0 | AR51: 0 | AS51: 0 | AT51: 117 | AU51: 76 | AV51: 1 | AW51: 1 | AZ51: 5.15 | BA51: 1 | BB51: 1 | BC51: 5.15 | BH51: 3 | BI51: 1 | BM51: 23001 | BN51: 0 | BP51: 0 | BQ51: 2 | BR51: 0 | BS51: 1 | BT51: 1 | BU51: 1 | BV51: 1 | BW51: 1 | BX51: 1 | BZ51: 130 | CA51: 89 | CF51: 0 | CG51: 0 | CM51: 0 | CO51: 0 | CP51: =(P51+Q51+S51) -> 0 | CQ51: =AC51*BC51 -> 0 | CR51: =AD51*BB51 -> 0 | CS51: =AE51*BS51 -> 0 | CT51: =AF51*BA51 -> 0 | CU51: =AG51 -> 0 | CV51: =AH51 -> 0 | CW51: =AI51 -> 0 | CX51: =AJ51 -> 0 | CY51: =(((S51+R51)*AT51)/100) -> 0 | CZ51: =(((S51+R51)*AU51)/100) -> 0 | DN51: 0 | DO51: 0 | DP51: 1 | DQ51: 1 | DU51: 1003 | DV51: м | DW51: м | DX51: 1 | EE51: 39174537 | EF51: 2 | EG51: Общестроительные работы | EH51: 0 | EJ51: 1 | EK51: 23001 | EL51: Канализация - наружные сети | EM51: ФЕР-23 | EQ51: 0 | ER51: 0 | ES51: 0 | ET51: 0 | EU51: 0 | EV51: 0 | EW51: 0 | EX51: 0 | FQ51: 0 | FR51: =ROUND(IF(AND(BH51=3,BI51=3),P51,0),2) -> 0 | FS51: 0 | FT51: *0,9 | FU51: *0,85 | FX51: 117 | FY51: 75.65 | GD51: 0 | GF51: -1611535433 | GG51: 1 | GH51: 1 | GI51: 4 | GJ51: 0 | GK51: =ROUND(R51*(S12)/100,2) -> 0 | GL51: =ROUND(IF(AND(BH51=3,BI51=3,FS51<>0),P51,0),2) -> 0 | GM51: =ROUND(O51+X51+Y51+GK51,2)+GX51 -> 0 | GN51: =IF(OR(BI51=0,BI51=1),ROUND(O51+X51+Y51+GK51,2),0) -> 0 | GO51: =IF(BI51=2,ROUND(O51+X51+Y51+GK51,2),0) -> 0 | GP51: =IF(BI51=4,ROUND(O51+X51+Y51+GK51,2)+GX51,0) -> 0 | GR51: 0 | GS51: 3 | GT51: 0 | GV51: =ROUND(GT51,6) -> 0 | GW51: 1 | GX51: =ROUND(GV51*GW51*I51,2) -> 0 | HA51: 0 | HB51: 0 | IK51: 0
A52: 18 | B52: 1 | C52: 57 | E52: 9,6 | F52: 05.1.01.09-0003 | G52: Кольца для колодцев сборные железобетонные диаметром 1500 мм | H52: м | I52: =I40*J52 -> 6.192 | J52: 6.88 | O52: =ROUND(CP52,2) -> 4993.66 | P52: =ROUND(CQ52*I52,2) -> 4993.66 | Q52: =ROUND(CR52*I52,2) -> 0 | R52: =ROUND(CS52*I52,2) -> 0 | S52: =ROUND(CT52*I52,2) -> 0 | T52: =ROUND(CU52*I52,2) -> 0 | U52: =CV52*I52 -> 0 | V52: =CW52*I52 -> 0 | W52: =ROUND(CX52*I52,2) -> 0 | X52: =ROUND(CY52,2) -> 0 | Y52: =ROUND(CZ52,2) -> 0 | AA52: 39612628 | AB52: =ROUND((AC52+AD52+AF52),6) -> 806.47 | AC52: =ROUND((ES52),6) -> 806.47 | AD52: =ROUND((((ET52)-(EU52))+AE52),6) -> 0 | AE52: =ROUND((EU52),6) -> 0 | AF52: =ROUND((EV52),6) -> 0 | AG52: =ROUND((AP52),6) -> 0 | AH52: =(EW52) -> 0 | AI52: =(EX52) -> 0 | AJ52: =ROUND((AS52),6) -> 0 | AK52: 806.47 | AL52: 806.47 | AM52: 0 | AN52: 0 | AO52: 0 | AP52: 0 | AQ52: 0 | AR52: 0 | AS52: 0 | AT52: 117 | AU52: 76 | AV52: 1 | AW52: 1 | AZ52: 1 | BA52: 1 | BB52: 1 | BC52: 1 | BH52: 3 | BI52: 1 | BJ52: ФССЦ-2001, 05.1.01.09-0003, приказ Минстроя России №1039/пр от 30.12.2016г. | BM52: 23001 | BN52: 0 | BP52: 0 | BQ52: 2 | BR52: 0 | BS52: 1 | BT52: 1 | BU52: 1 | BV52: 1 | BW52: 1 | BX52: 1 | BZ52: 130 | CA52: 89 | CF52: 0 | CG52: 0 | CM52: 0 | CO52: 0 | CP52: =(P52+Q52+S52) -> 4993.66 | CQ52: =AC52*BC52 -> 806.47 | CR52: =AD52*BB52 -> 0 | CS52: =AE52*BS52 -> 0 | CT52: =AF52*BA52 -> 0 | CU52: =AG52 -> 0 | CV52: =AH52 -> 0 | CW52: =AI52 -> 0 | CX52: =AJ52 -> 0 | CY52: =(((S52+R52)*AT52)/100) -> 0 | CZ52: =(((S52+R52)*AU52)/100) -> 0 | DN52: 0 | DO52: 0 | DP52: 1 | DQ52: 1 | DU52: 1003 | DV52: м | DW52: м | DX52: 1 | EE52: 39174537 | EF52: 2 | EG52: Общестроительные работы | EH52: 0 | EJ52: 1 | EK52: 23001 | EL52: Канализация - наружные сети | EM52: ФЕР-23 | EQ52: 0 | ER52: 806.47 | ES52: 806.47 | ET52: 0 | EU52: 0 | EV52: 0 | EW52: 0 | EX52: 0 | FQ52: 0 | FR52: =ROUND(IF(AND(BH52=3,BI52=3),P52,0),2) -> 0 | FS52: 0 | FT52: *0,9 | FU52: *0,85 | FX52: 117 | FY52: 75.65 | GD52: 0 | GF52: -1190269654 | GG52: 2 | GH52: 1 | GI52: -2 | GJ52: 0 | GK52: =ROUND(R52*(R12)/100,2) -> 0 | GL52: =ROUND(IF(AND(BH52=3,BI52=3,FS52<>0),P52,0),2) -> 0 | GM52: =ROUND(O52+X52+Y52+GK52,2)+GX52 -> 4993.66 | GN52: =IF(OR(BI52=0,BI52=1),ROUND(O52+X52+Y52+GK52,2),0) -> 4993.66 | GO52: =IF(BI52=2,ROUND(O52+X52+Y52+GK52,2),0) -> 0 | GP52: =IF(BI52=4,ROUND(O52+X52+Y52+GK52,2)+GX52,0) -> 0 | GR52: 0 | GS52: 3 | GT52: 0 | GV52: =ROUND(GT52,6) -> 0 | GW52: 1 | GX52: =ROUND(GV52*GW52*I52,2) -> 0 | HA52: 0 | HB52: 0 | IK52: 0
A53: 18 | B53: 1 | C53: 77 | E53: 9,6 | F53: 05.1.01.09-0003 | G53: Кольца для колодцев сборные железобетонные диаметром 1500 мм | H53: м | I53: =I41*J53 -> 6.192 | J53: 6.88 | O53: =ROUND(CP53,2) -> 25717.36 | P53: =ROUND(CQ53*I53,2) -> 25717.36 | Q53: =ROUND(CR53*I53,2) -> 0 | R53: =ROUND(CS53*I53,2) -> 0 | S53: =ROUND(CT53*I53,2) -> 0 | T53: =ROUND(CU53*I53,2) -> 0 | U53: =CV53*I53 -> 0 | V53: =CW53*I53 -> 0 | W53: =ROUND(CX53*I53,2) -> 0 | X53: =ROUND(CY53,2) -> 0 | Y53: =ROUND(CZ53,2) -> 0 | AA53: 39612629 | AB53: =ROUND((AC53+AD53+AF53),6) -> 806.47 | AC53: =ROUND((ES53),6) -> 806.47 | AD53: =ROUND((((ET53)-(EU53))+AE53),6) -> 0 | AE53: =ROUND((EU53),6) -> 0 | AF53: =ROUND((EV53),6) -> 0 | AG53: =ROUND((AP53),6) -> 0 | AH53: =(EW53) -> 0 | AI53: =(EX53) -> 0 | AJ53: =ROUND((AS53),6) -> 0 | AK53: 806.47 | AL53: 806.47 | AM53: 0 | AN53: 0 | AO53: 0 | AP53: 0 | AQ53: 0 | AR53: 0 | AS53: 0 | AT53: 117 | AU53: 76 | AV53: 1 | AW53: 1 | AZ53: 5.15 | BA53: 1 | BB53: 1 | BC53: 5.15 | BH53: 3 | BI53: 1 | BJ53: ФССЦ-2001, 05.1.01.09-0003, приказ Минстроя России №1039/пр от 30.12.2016г. | BM53: 23001 | BN53: 0 | BP53: 0 | BQ53: 2 | BR53: 0 | BS53: 1 | BT53: 1 | BU53: 1 | BV53: 1 | BW53: 1 | BX53: 1 | BZ53: 130 | CA53: 89 | CF53: 0 | CG53: 0 | CM53: 0 | CO53: 0 | CP53: =(P53+Q53+S53) -> 25717.36 | CQ53: =AC53*BC53 -> 4153.3205 | CR53: =AD53*BB53 -> 0 | CS53: =AE53*BS53 -> 0 | CT53: =AF53*BA53 -> 0 | CU53: =AG53 -> 0 | CV53: =AH53 -> 0 | CW53: =AI53 -> 0 | CX53: =AJ53 -> 0 | CY53: =(((S53+R53)*AT53)/100) -> 0 | CZ53: =(((S53+R53)*AU53)/100) -> 0 | DN53: 0 | DO53: 0 | DP53: 1 | DQ53: 1 | DU53: 1003 | DV53: м | DW53: м | DX53: 1 | EE53: 39174537 | EF53: 2 | EG53: Общестроительные работы | EH53: 0 | EJ53: 1 | EK53: 23001 | EL53: Канализация - наружные сети | EM53: ФЕР-23 | EQ53: 0 | ER53: 806.47 | ES53: 806.47 | ET53: 0 | EU53: 0 | EV53: 0 | EW53: 0 | EX53: 0 | FQ53: 0 | FR53: =ROUND(IF(AND(BH53=3,BI53=3),P53,0),2) -> 0 | FS53: 0 | FT53: *0,9 | FU53: *0,85 | FX53: 117 | FY53: 75.65 | GD53: 0 | GF53: -1190269654 | GG53: 1 | GH53: 1 | GI53: 4 | GJ53: 0 | GK53: =ROUND(R53*(S12)/100,2) -> 0 | GL53: =ROUND(IF(AND(BH53=3,BI53=3,FS53<>0),P53,0),2) -> 0 | GM53: =ROUND(O53+X53+Y53+GK53,2)+GX53 -> 25717.36 | GN53: =IF(OR(BI53=0,BI53=1),ROUND(O53+X53+Y53+GK53,2),0) -> 25717.36 | GO53: =IF(BI53=2,ROUND(O53+X53+Y53+GK53,2),0) -> 0 | GP53: =IF(BI53=4,ROUND(O53+X53+Y53+GK53,2)+GX53,0) -> 0 | GR53: 0 | GS53: 3 | GT53: 0 | GV53: =ROUND(GT53,6) -> 0 | GW53: 1 | GX53: =ROUND(GV53*GW53*I53,2) -> 0 | HA53: 0 | HB53: 0 | IK53: 0
A54: 18 | B54: 1 | C54: 55 | E54: 9,7 | F54: 05.1.01.08-0094 | G54: Крышки колодцев КЦП 1-20-1 /бетон В15 (М200), объем 0,51 м3, расход арматуры 43,40 кг/ (серия 3.900-3 вып.7) | H54: шт. | I54: =I40*J54 -> 2 | J54: 2.2222222 | O54: =ROUND(CP54,2) -> 1957.42 | P54: =ROUND(CQ54*I54,2) -> 1957.42 | Q54: =ROUND(CR54*I54,2) -> 0 | R54: =ROUND(CS54*I54,2) -> 0 | S54: =ROUND(CT54*I54,2) -> 0 | T54: =ROUND(CU54*I54,2) -> 0 | U54: =CV54*I54 -> 0 | V54: =CW54*I54 -> 0 | W54: =ROUND(CX54*I54,2) -> 0 | X54: =ROUND(CY54,2) -> 0 | Y54: =ROUND(CZ54,2) -> 0 | AA54: 39612628 | AB54: =ROUND((AC54+AD54+AF54),6) -> 978.71 | AC54: =ROUND((ES54),6) -> 978.71 | AD54: =ROUND((((ET54)-(EU54))+AE54),6) -> 0 | AE54: =ROUND((EU54),6) -> 0 | AF54: =ROUND((EV54),6) -> 0 | AG54: =ROUND((AP54),6) -> 0 | AH54: =(EW54) -> 0 | AI54: =(EX54) -> 0 | AJ54: =ROUND((AS54),6) -> 0 | AK54: 978.71 | AL54: 978.71 | AM54: 0 | AN54: 0 | AO54: 0 | AP54: 0 | AQ54: 0 | AR54: 0 | AS54: 0 | AT54: 117 | AU54: 76 | AV54: 1 | AW54: 1 | AZ54: 1 | BA54: 1 | BB54: 1 | BC54: 1 | BH54: 3 | BI54: 1 | BJ54: ФССЦ-2001, 05.1.01.08-0094, приказ Минстроя России №1039/пр от 30.12.2016г. | BM54: 23001 | BN54: 0 | BP54: 0 | BQ54: 2 | BR54: 0 | BS54: 1 | BT54: 1 | BU54: 1 | BV54: 1 | BW54: 1 | BX54: 1 | BZ54: 130 | CA54: 89 | CF54: 0 | CG54: 0 | CM54: 0 | CO54: 0 | CP54: =(P54+Q54+S54) -> 1957.42 | CQ54: =AC54*BC54 -> 978.71 | CR54: =AD54*BB54 -> 0 | CS54: =AE54*BS54 -> 0 | CT54: =AF54*BA54 -> 0 | CU54: =AG54 -> 0 | CV54: =AH54 -> 0 | CW54: =AI54 -> 0 | CX54: =AJ54 -> 0 | CY54: =(((S54+R54)*AT54)/100) -> 0 | CZ54: =(((S54+R54)*AU54)/100) -> 0 | DN54: 0 | DO54: 0 | DP54: 1 | DQ54: 1 | DU54: 1010 | DV54: шт. | DW54: шт. | DX54: 1 | EE54: 39174537 | EF54: 2 | EG54: Общестроительные работы | EH54: 0 | EJ54: 1 | EK54: 23001 | EL54: Канализация - наружные сети | EM54: ФЕР-23 | EQ54: 0 | ER54: 978.71 | ES54: 978.71 | ET54: 0 | EU54: 0 | EV54: 0 | EW54: 0 | EX54: 0 | FQ54: 0 | FR54: =ROUND(IF(AND(BH54=3,BI54=3),P54,0),2) -> 0 | FS54: 0 | FT54: *0,9 | FU54: *0,85 | FX54: 117 | FY54: 75.65 | GD54: 0 | GF54: 1676197869 | GG54: 2 | GH54: 1 | GI54: -2 | GJ54: 0 | GK54: =ROUND(R54*(R12)/100,2) -> 0 | GL54: =ROUND(IF(AND(BH54=3,BI54=3,FS54<>0),P54,0),2) -> 0 | GM54: =ROUND(O54+X54+Y54+GK54,2)+GX54 -> 1957.42 | GN54: =IF(OR(BI54=0,BI54=1),ROUND(O54+X54+Y54+GK54,2),0) -> 1957.42 | GO54: =IF(BI54=2,ROUND(O54+X54+Y54+GK54,2),0) -> 0 | GP54: =IF(BI54=4,ROUND(O54+X54+Y54+GK54,2)+GX54,0) -> 0 | GR54: 0 | GS54: 3 | GT54: 0 | GV54: =ROUND(GT54,6) -> 0 | GW54: 1 | GX54: =ROUND(GV54*GW54*I54,2) -> 0 | HA54: 0 | HB54: 0 | IK54: 0
A55: 18 | B55: 1 | C55: 75 | E55: 9,7 | F55: 05.1.01.08-0094 | G55: Крышки колодцев КЦП 1-20-1 /бетон В15 (М200), объем 0,51 м3, расход арматуры 43,40 кг/ (серия 3.900-3 вып.7) | H55: шт. | I55: =I41*J55 -> 2 | J55: 2.2222222 | O55: =ROUND(CP55,2) -> 10080.71 | P55: =ROUND(CQ55*I55,2) -> 10080.71 | Q55: =ROUND(CR55*I55,2) -> 0 | R55: =ROUND(CS55*I55,2) -> 0 | S55: =ROUND(CT55*I55,2) -> 0 | T55: =ROUND(CU55*I55,2) -> 0 | U55: =CV55*I55 -> 0 | V55: =CW55*I55 -> 0 | W55: =ROUND(CX55*I55,2) -> 0 | X55: =ROUND(CY55,2) -> 0 | Y55: =ROUND(CZ55,2) -> 0 | AA55: 39612629 | AB55: =ROUND((AC55+AD55+AF55),6) -> 978.71 | AC55: =ROUND((ES55),6) -> 978.71 | AD55: =ROUND((((ET55)-(EU55))+AE55),6) -> 0 | AE55: =ROUND((EU55),6) -> 0 | AF55: =ROUND((EV55),6) -> 0 | AG55: =ROUND((AP55),6) -> 0 | AH55: =(EW55) -> 0 | AI55: =(EX55) -> 0 | AJ55: =ROUND((AS55),6) -> 0 | AK55: 978.71 | AL55: 978.71 | AM55: 0 | AN55: 0 | AO55: 0 | AP55: 0 | AQ55: 0 | AR55: 0 | AS55: 0 | AT55: 117 | AU55: 76 | AV55: 1 | AW55: 1 | AZ55: 5.15 | BA55: 1 | BB55: 1 | BC55: 5.15 | BH55: 3 | BI55: 1 | BJ55: ФССЦ-2001, 05.1.01.08-0094, приказ Минстроя России №1039/пр от 30.12.2016г. | BM55: 23001 | BN55: 0 | BP55: 0 | BQ55: 2 | BR55: 0 | BS55: 1 | BT55: 1 | BU55: 1 | BV55: 1 | BW55: 1 | BX55: 1 | BZ55: 130 | CA55: 89 | CF55: 0 | CG55: 0 | CM55: 0 | CO55: 0 | CP55: =(P55+Q55+S55) -> 10080.71 | CQ55: =AC55*BC55 -> 5040.3565 | CR55: =AD55*BB55 -> 0 | CS55: =AE55*BS55 -> 0 | CT55: =AF55*BA55 -> 0 | CU55: =AG55 -> 0 | CV55: =AH55 -> 0 | CW55: =AI55 -> 0 | CX55: =AJ55 -> 0 | CY55: =(((S55+R55)*AT55)/100) -> 0 | CZ55: =(((S55+R55)*AU55)/100) -> 0 | DN55: 0 | DO55: 0 | DP55: 1 | DQ55: 1 | DU55: 1010 | DV55: шт. | DW55: шт. | DX55: 1 | EE55: 39174537 | EF55: 2 | EG55: Общестроительные работы | EH55: 0 | EJ55: 1 | EK55: 23001 | EL55: Канализация - наружные сети | EM55: ФЕР-23 | EQ55: 0 | ER55: 978.71 | ES55: 978.71 | ET55: 0 | EU55: 0 | EV55: 0 | EW55: 0 | EX55: 0 | FQ55: 0 | FR55: =ROUND(IF(AND(BH55=3,BI55=3),P55,0),2) -> 0 | FS55: 0 | FT55: *0,9 | FU55: *0,85 | FX55: 117 | FY55: 75.65 | GD55: 0 | GF55: 1676197869 | GG55: 1 | GH55: 1 | GI55: 4 | GJ55: 0 | GK55: =ROUND(R55*(S12)/100,2) -> 0 | GL55: =ROUND(IF(AND(BH55=3,BI55=3,FS55<>0),P55,0),2) -> 0 | GM55: =ROUND(O55+X55+Y55+GK55,2)+GX55 -> 10080.71 | GN55: =IF(OR(BI55=0,BI55=1),ROUND(O55+X55+Y55+GK55,2),0) -> 10080.71 | GO55: =IF(BI55=2,ROUND(O55+X55+Y55+GK55,2),0) -> 0 | GP55: =IF(BI55=4,ROUND(O55+X55+Y55+GK55,2)+GX55,0) -> 0 | GR55: 0 | GS55: 3 | GT55: 0 | GV55: =ROUND(GT55,6) -> 0 | GW55: 1 | GX55: =ROUND(GV55*GW55*I55,2) -> 0 | HA55: 0 | HB55: 0 | IK55: 0
A56: 18 | B56: 1 | C56: 59 | E56: 9,8 | F56: 07.2.05.01-0032 | G56: Ограждения лестничных проемов, лестничные марши, пожарные лестницы | H56: т | I56: =I40*J56 -> 0.04 | J56: 0.044444444 | O56: =ROUND(CP56,2) -> 302.84 | P56: =ROUND(CQ56*I56,2) -> 302.84 | Q56: =ROUND(CR56*I56,2) -> 0 | R56: =ROUND(CS56*I56,2) -> 0 | S56: =ROUND(CT56*I56,2) -> 0 | T56: =ROUND(CU56*I56,2) -> 0 | U56: =CV56*I56 -> 0 | V56: =CW56*I56 -> 0 | W56: =ROUND(CX56*I56,2) -> 0 | X56: =ROUND(CY56,2) -> 0 | Y56: =ROUND(CZ56,2) -> 0 | AA56: 39612628 | AB56: =ROUND((AC56+AD56+AF56),6) -> 7571 | AC56: =ROUND((ES56),6) -> 7571 | AD56: =ROUND((((ET56)-(EU56))+AE56),6) -> 0 | AE56: =ROUND((EU56),6) -> 0 | AF56: =ROUND((EV56),6) -> 0 | AG56: =ROUND((AP56),6) -> 0 | AH56: =(EW56) -> 0 | AI56: =(EX56) -> 0 | AJ56: =ROUND((AS56),6) -> 0 | AK56: 7571 | AL56: 7571 | AM56: 0 | AN56: 0 | AO56: 0 | AP56: 0 | AQ56: 0 | AR56: 0 | AS56: 0 | AT56: 117 | AU56: 76 | AV56: 1 | AW56: 1 | AZ56: 1 | BA56: 1 | BB56: 1 | BC56: 1 | BH56: 3 | BI56: 1 | BJ56: ФССЦ-2001, 07.2.05.01-0032, приказ Минстроя России №1039/пр от 30.12.2016г. | BM56: 23001 | BN56: 0 | BP56: 0 | BQ56: 2 | BR56: 0 | BS56: 1 | BT56: 1 | BU56: 1 | BV56: 1 | BW56: 1 | BX56: 1 | BZ56: 130 | CA56: 89 | CF56: 0 | CG56: 0 | CM56: 0 | CO56: 0 | CP56: =(P56+Q56+S56) -> 302.84 | CQ56: =AC56*BC56 -> 7571 | CR56: =AD56*BB56 -> 0 | CS56: =AE56*BS56 -> 0 | CT56: =AF56*BA56 -> 0 | CU56: =AG56 -> 0 | CV56: =AH56 -> 0 | CW56: =AI56 -> 0 | CX56: =AJ56 -> 0 | CY56: =(((S56+R56)*AT56)/100) -> 0 | CZ56: =(((S56+R56)*AU56)/100) -> 0 | DN56: 0 | DO56: 0 | DP56: 1 | DQ56: 1 | DU56: 1009 | DV56: т | DW56: т | DX56: 1000 | EE56: 39174537 | EF56: 2 | EG56: Общестроительные работы | EH56: 0 | EJ56: 1 | EK56: 23001 | EL56: Канализация - наружные сети | EM56: ФЕР-23 | EQ56: 0 | ER56: 7571 | ES56: 7571 | ET56: 0 | EU56: 0 | EV56: 0 | EW56: 0 | EX56: 0 | FQ56: 0 | FR56: =ROUND(IF(AND(BH56=3,BI56=3),P56,0),2) -> 0 | FS56: 0 | FT56: *0,9 | FU56: *0,85 | FX56: 117 | FY56: 75.65 | GD56: 0 | GF56: -263122178 | GG56: 2 | GH56: 1 | GI56: -2 | GJ56: 0 | GK56: =ROUND(R56*(R12)/100,2) -> 0 | GL56: =ROUND(IF(AND(BH56=3,BI56=3,FS56<>0),P56,0),2) -> 0 | GM56: =ROUND(O56+X56+Y56+GK56,2)+GX56 -> 302.84 | GN56: =IF(OR(BI56=0,BI56=1),ROUND(O56+X56+Y56+GK56,2),0) -> 302.84 | GO56: =IF(BI56=2,ROUND(O56+X56+Y56+GK56,2),0) -> 0 | GP56: =IF(BI56=4,ROUND(O56+X56+Y56+GK56,2)+GX56,0) -> 0 | GR56: 0 | GS56: 3 | GT56: 0 | GV56: =ROUND(GT56,6) -> 0 | GW56: 1 | GX56: =ROUND(GV56*GW56*I56,2) -> 0 | HA56: 0 | HB56: 0 | IK56: 0
A57: 18 | B57: 1 | C57: 79 | E57: 9,8 | F57: 07.2.05.01-0032 | G57: Ограждения лестничных проемов, лестничные марши, пожарные лестницы | H57: т | I57: =I41*J57 -> 0.04 | J57: 0.044444444 | O57: =ROUND(CP57,2) -> 1559.63 | P57: =ROUND(CQ57*I57,2) -> 1559.63 | Q57: =ROUND(CR57*I57,2) -> 0 | R57: =ROUND(CS57*I57,2) -> 0 | S57: =ROUND(CT57*I57,2) -> 0 | T57: =ROUND(CU57*I57,2) -> 0 | U57: =CV57*I57 -> 0 | V57: =CW57*I57 -> 0 | W57: =ROUND(CX57*I57,2) -> 0 | X57: =ROUND(CY57,2) -> 0 | Y57: =ROUND(CZ57,2) -> 0 | AA57: 39612629 | AB57: =ROUND((AC57+AD57+AF57),6) -> 7571 | AC57: =ROUND((ES57),6) -> 7571 | AD57: =ROUND((((ET57)-(EU57))+AE57),6) -> 0 | AE57: =ROUND((EU57),6) -> 0 | AF57: =ROUND((EV57),6) -> 0 | AG57: =ROUND((AP57),6) -> 0 | AH57: =(EW57) -> 0 | AI57: =(EX57) -> 0 | AJ57: =ROUND((AS57),6) -> 0 | AK57: 7571 | AL57: 7571 | AM57: 0 | AN57: 0 | AO57: 0 | AP57: 0 | AQ57: 0 | AR57: 0 | AS57: 0 | AT57: 117 | AU57: 76 | AV57: 1 | AW57: 1 | AZ57: 5.15 | BA57: 1 | BB57: 1 | BC57: 5.15 | BH57: 3 | BI57: 1 | BJ57: ФССЦ-2001, 07.2.05.01-0032, приказ Минстроя России №1039/пр от 30.12.2016г. | BM57: 23001 | BN57: 0 | BP57: 0 | BQ57: 2 | BR57: 0 | BS57: 1 | BT57: 1 | BU57: 1 | BV57: 1 | BW57: 1 | BX57: 1 | BZ57: 130 | CA57: 89 | CF57: 0 | CG57: 0 | CM57: 0 | CO57: 0 | CP57: =(P57+Q57+S57) -> 1559.63 | CQ57: =AC57*BC57 -> 38990.65 | CR57: =AD57*BB57 -> 0 | CS57: =AE57*BS57 -> 0 | CT57: =AF57*BA57 -> 0 | CU57: =AG57 -> 0 | CV57: =AH57 -> 0 | CW57: =AI57 -> 0 | CX57: =AJ57 -> 0 | CY57: =(((S57+R57)*AT57)/100) -> 0 | CZ57: =(((S57+R57)*AU57)/100) -> 0 | DN57: 0 | DO57: 0 | DP57: 1 | DQ57: 1 | DU57: 1009 | DV57: т | DW57: т | DX57: 1000 | EE57: 39174537 | EF57: 2 | EG57: Общестроительные работы | EH57: 0 | EJ57: 1 | EK57: 23001 | EL57: Канализация - наружные сети | EM57: ФЕР-23 | EQ57: 0 | ER57: 7571 | ES57: 7571 | ET57: 0 | EU57: 0 | EV57: 0 | EW57: 0 | EX57: 0 | FQ57: 0 | FR57: =ROUND(IF(AND(BH57=3,BI57=3),P57,0),2) -> 0 | FS57: 0 | FT57: *0,9 | FU57: *0,85 | FX57: 117 | FY57: 75.65 | GD57: 0 | GF57: -263122178 | GG57: 1 | GH57: 1 | GI57: 4 | GJ57: 0 | GK57: =ROUND(R57*(S12)/100,2) -> 0 | GL57: =ROUND(IF(AND(BH57=3,BI57=3,FS57<>0),P57,0),2) -> 0 | GM57: =ROUND(O57+X57+Y57+GK57,2)+GX57 -> 1559.63 | GN57: =IF(OR(BI57=0,BI57=1),ROUND(O57+X57+Y57+GK57,2),0) -> 1559.63 | GO57: =IF(BI57=2,ROUND(O57+X57+Y57+GK57,2),0) -> 0 | GP57: =IF(BI57=4,ROUND(O57+X57+Y57+GK57,2)+GX57,0) -> 0 | GR57: 0 | GS57: 3 | GT57: 0 | GV57: =ROUND(GT57,6) -> 0 | GW57: 1 | GX57: =ROUND(GV57*GW57*I57,2) -> 0 | HA57: 0 | HB57: 0 | IK57: 0
A58: 18 | B58: 1 | C58: 60 | E58: 9,9 | F58: 08.1.02.06-0034 | G58: Люк чугунный тяжелый (ГОСТ 3634-99) марка Т(С250)-ТС-1-60 | H58: шт. | I58: =I40*J58 -> 2 | J58: 2.2222222 | O58: =ROUND(CP58,2) -> 1192.08 | P58: =ROUND(CQ58*I58,2) -> 1192.08 | Q58: =ROUND(CR58*I58,2) -> 0 | R58: =ROUND(CS58*I58,2) -> 0 | S58: =ROUND(CT58*I58,2) -> 0 | T58: =ROUND(CU58*I58,2) -> 0 | U58: =CV58*I58 -> 0 | V58: =CW58*I58 -> 0 | W58: =ROUND(CX58*I58,2) -> 0 | X58: =ROUND(CY58,2) -> 0 | Y58: =ROUND(CZ58,2) -> 0 | AA58: 39612628 | AB58: =ROUND((AC58+AD58+AF58),6) -> 596.04 | AC58: =ROUND((ES58),6) -> 596.04 | AD58: =ROUND((((ET58)-(EU58))+AE58),6) -> 0 | AE58: =ROUND((EU58),6) -> 0 | AF58: =ROUND((EV58),6) -> 0 | AG58: =ROUND((AP58),6) -> 0 | AH58: =(EW58) -> 0 | AI58: =(EX58) -> 0 | AJ58: =ROUND((AS58),6) -> 0 | AK58: 596.04 | AL58: 596.04 | AM58: 0 | AN58: 0 | AO58: 0 | AP58: 0 | AQ58: 0 | AR58: 0 | AS58: 0 | AT58: 117 | AU58: 76 | AV58: 1 | AW58: 1 | AZ58: 1 | BA58: 1 | BB58: 1 | BC58: 1 | BH58: 3 | BI58: 1 | BJ58: ФССЦ-2001, 08.1.02.06-0034, приказ Минстроя России №1039/пр от 30.12.2016г. | BM58: 23001 | BN58: 0 | BP58: 0 | BQ58: 2 | BR58: 0 | BS58: 1 | BT58: 1 | BU58: 1 | BV58: 1 | BW58: 1 | BX58: 1 | BZ58: 130 | CA58: 89 | CF58: 0 | CG58: 0 | CM58: 0 | CO58: 0 | CP58: =(P58+Q58+S58) -> 1192.08 | CQ58: =AC58*BC58 -> 596.04 | CR58: =AD58*BB58 -> 0 | CS58: =AE58*BS58 -> 0 | CT58: =AF58*BA58 -> 0 | CU58: =AG58 -> 0 | CV58: =AH58 -> 0 | CW58: =AI58 -> 0 | CX58: =AJ58 -> 0 | CY58: =(((S58+R58)*AT58)/100) -> 0 | CZ58: =(((S58+R58)*AU58)/100) -> 0 | DN58: 0 | DO58: 0 | DP58: 1 | DQ58: 1 | DU58: 1010 | DV58: шт. | DW58: шт. | DX58: 1 | EE58: 39174537 | EF58: 2 | EG58: Общестроительные работы | EH58: 0 | EJ58: 1 | EK58: 23001 | EL58: Канализация - наружные сети | EM58: ФЕР-23 | EQ58: 0 | ER58: 596.04 | ES58: 596.04 | ET58: 0 | EU58: 0 | EV58: 0 | EW58: 0 | EX58: 0 | FQ58: 0 | FR58: =ROUND(IF(AND(BH58=3,BI58=3),P58,0),2) -> 0 | FS58: 0 | FT58: *0,9 | FU58: *0,85 | FX58: 117 | FY58: 75.65 | GD58: 0 | GF58: 737802747 | GG58: 2 | GH58: 1 | GI58: -2 | GJ58: 0 | GK58: =ROUND(R58*(R12)/100,2) -> 0 | GL58: =ROUND(IF(AND(BH58=3,BI58=3,FS58<>0),P58,0),2) -> 0 | GM58: =ROUND(O58+X58+Y58+GK58,2)+GX58 -> 1192.08 | GN58: =IF(OR(BI58=0,BI58=1),ROUND(O58+X58+Y58+GK58,2),0) -> 1192.08 | GO58: =IF(BI58=2,ROUND(O58+X58+Y58+GK58,2),0) -> 0 | GP58: =IF(BI58=4,ROUND(O58+X58+Y58+GK58,2)+GX58,0) -> 0 | GR58: 0 | GS58: 3 | GT58: 0 | GV58: =ROUND(GT58,6) -> 0 | GW58: 1 | GX58: =ROUND(GV58*GW58*I58,2) -> 0 | HA58: 0 | HB58: 0 | IK58: 0
A59: 18 | B59: 1 | C59: 80 | E59: 9,9 | F59: 08.1.02.06-0034 | G59: Люк чугунный тяжелый (ГОСТ 3634-99) марка Т(С250)-ТС-1-60 | H59: шт. | I59: =I41*J59 -> 2 | J59: 2.2222222 | O59: =ROUND(CP59,2) -> 6139.21 | P59: =ROUND(CQ59*I59,2) -> 6139.21 | Q59: =ROUND(CR59*I59,2) -> 0 | R59: =ROUND(CS59*I59,2) -> 0 | S59: =ROUND(CT59*I59,2) -> 0 | T59: =ROUND(CU59*I59,2) -> 0 | U59: =CV59*I59 -> 0 | V59: =CW59*I59 -> 0 | W59: =ROUND(CX59*I59,2) -> 0 | X59: =ROUND(CY59,2) -> 0 | Y59: =ROUND(CZ59,2) -> 0 | AA59: 39612629 | AB59: =ROUND((AC59+AD59+AF59),6) -> 596.04 | AC59: =ROUND((ES59),6) -> 596.04 | AD59: =ROUND((((ET59)-(EU59))+AE59),6) -> 0 | AE59: =ROUND((EU59),6) -> 0 | AF59: =ROUND((EV59),6) -> 0 | AG59: =ROUND((AP59),6) -> 0 | AH59: =(EW59) -> 0 | AI59: =(EX59) -> 0 | AJ59: =ROUND((AS59),6) -> 0 | AK59: 596.04 | AL59: 596.04 | AM59: 0 | AN59: 0 | AO59: 0 | AP59: 0 | AQ59: 0 | AR59: 0 | AS59: 0 | AT59: 117 | AU59: 76 | AV59: 1 | AW59: 1 | AZ59: 5.15 | BA59: 1 | BB59: 1 | BC59: 5.15 | BH59: 3 | BI59: 1 | BJ59: ФССЦ-2001, 08.1.02.06-0034, приказ Минстроя России №1039/пр от 30.12.2016г. | BM59: 23001 | BN59: 0 | BP59: 0 | BQ59: 2 | BR59: 0 | BS59: 1 | BT59: 1 | BU59: 1 | BV59: 1 | BW59: 1 | BX59: 1 | BZ59: 130 | CA59: 89 | CF59: 0 | CG59: 0 | CM59: 0 | CO59: 0 | CP59: =(P59+Q59+S59) -> 6139.21 | CQ59: =AC59*BC59 -> 3069.606 | CR59: =AD59*BB59 -> 0 | CS59: =AE59*BS59 -> 0 | CT59: =AF59*BA59 -> 0 | CU59: =AG59 -> 0 | CV59: =AH59 -> 0 | CW59: =AI59 -> 0 | CX59: =AJ59 -> 0 | CY59: =(((S59+R59)*AT59)/100) -> 0 | CZ59: =(((S59+R59)*AU59)/100) -> 0 | DN59: 0 | DO59: 0 | DP59: 1 | DQ59: 1 | DU59: 1010 | DV59: шт. | DW59: шт. | DX59: 1 | EE59: 39174537 | EF59: 2 | EG59: Общестроительные работы | EH59: 0 | EJ59: 1 | EK59: 23001 | EL59: Канализация - наружные сети | EM59: ФЕР-23 | EQ59: 0 | ER59: 596.04 | ES59: 596.04 | ET59: 0 | EU59: 0 | EV59: 0 | EW59: 0 | EX59: 0 | FQ59: 0 | FR59: =ROUND(IF(AND(BH59=3,BI59=3),P59,0),2) -> 0 | FS59: 0 | FT59: *0,9 | FU59: *0,85 | FX59: 117 | FY59: 75.65 | GD59: 0 | GF59: 737802747 | GG59: 1 | GH59: 1 | GI59: 4 | GJ59: 0 | GK59: =ROUND(R59*(S12)/100,2) -> 0 | GL59: =ROUND(IF(AND(BH59=3,BI59=3,FS59<>0),P59,0),2) -> 0 | GM59: =ROUND(O59+X59+Y59+GK59,2)+GX59 -> 6139.21 | GN59: =IF(OR(BI59=0,BI59=1),ROUND(O59+X59+Y59+GK59,2),0) -> 6139.21 | GO59: =IF(BI59=2,ROUND(O59+X59+Y59+GK59,2),0) -> 0 | GP59: =IF(BI59=4,ROUND(O59+X59+Y59+GK59,2)+GX59,0) -> 0 | GR59: 0 | GS59: 3 | GT59: 0 | GV59: =ROUND(GT59,6) -> 0 | GW59: 1 | GX59: =ROUND(GV59*GW59*I59,2) -> 0 | HA59: 0 | HB59: 0 | IK59: 0
A60: 17 | B60: 1 | C60: =ROW(SmtRes!A101) -> 101 | D60: =ROW(EtalonRes!A101) -> 101 | E60: 10 | F60: 23-03-003-03 | G60: Устройство круглых кирпичных канализационных колодцев с конусным переходом к горловине в сухих грунтах, диаметр колодца 1,5 м | H60: 10 м3 | I60: =ROUND(4.5/10,9) -> 0.45 | J60: 0 | O60: =ROUND(CP60,2) -> 2048.29 | P60: =ROUND(CQ60*I60,2) -> 1244.73 | Q60: =ROUND(CR60*I60,2) -> 187.21 | R60: =ROUND(CS60*I60,2) -> 24.64 | S60: =ROUND(CT60*I60,2) -> 616.35 | T60: =ROUND(CU60*I60,2) -> 0 | U60: =CV60*I60 -> 67.14045 | V60: =CW60*I60 -> 1.906875 | W60: =ROUND(CX60*I60,2) -> 0 | X60: =ROUND(CY60,2) -> 749.96 | Y60: =ROUND(CZ60,2) -> 487.15 | AA60: 39612628 | AB60: =ROUND((AC60+AD60+AF60),6) -> 4551.7565 | AC60: =ROUND((ES60),6) -> 2766.07 | AD60: =ROUND(((((ET60*1.25))-((EU60*1.25)))+AE60),6) -> 416.025 | AE60: =ROUND(((EU60*1.25)),6) -> 54.7625 | AF60: =ROUND(((EV60*1.15)),6) -> 1369.6615 | AG60: =ROUND((AP60),6) -> 0 | AH60: =((EW60*1.15)) -> 149.201 | AI60: =((EX60*1.25)) -> 4.2375 | AJ60: =ROUND((AS60),6) -> 0 | AK60: 4289.9 | AL60: 2766.07 | AM60: 332.82 | AN60: 43.81 | AO60: 1191.01 | AP60: 0 | AQ60: 129.74 | AR60: 3.39 | AS60: 0 | AT60: 117 | AU60: 76 | AV60: 1 | AW60: 1 | AZ60: 1 | BA60: 1 | BB60: 1 | BC60: 1 | BH60: 0 | BI60: 1 | BJ60: ФЕР-2001, 23-03-003-03, приказ Минстроя России №1039/пр от 30.12.2016г. | BM60: 23001 | BN60: 0 | BP60: 0 | BQ60: 2 | BR60: 0 | BS60: 1 | BT60: 1 | BU60: 1 | BV60: 1 | BW60: 1 | BX60: 1 | BZ60: 130 | CA60: 89 | CF60: 0 | CG60: 0 | CM60: 0 | CN60: Поправка: МДС 81-35.2004, п.4.7 Наименование: Работы, выполняемые при реконструкции зданий и сооружений работы, аналогичные технологическим процессам в новом строительстве (в том числе возведение новых конструктивных элементов) стоимость которых определена по соответствующим сборникам ФЕР, кроме сборника № 46 «Работы при реконструкции зданий и сооружений» | CO60: 0 | CP60: =(P60+Q60+S60) -> 2048.29 | CQ60: =AC60*BC60 -> 2766.07 | CR60: =AD60*BB60 -> 416.025 | CS60: =AE60*BS60 -> 54.7625 | CT60: =AF60*BA60 -> 1369.6615 | CU60: =AG60 -> 0 | CV60: =AH60 -> 149.201 | CW60: =AI60 -> 4.2375 | CX60: =AJ60 -> 0 | CY60: =(((S60+R60)*AT60)/100) -> 749.9583 | CZ60: =(((S60+R60)*AU60)/100) -> 487.1524 | DE60: )*1,25 | DF60: )*1,25 | DG60: )*1,15 | DI60: )*1,15 | DJ60: )*1,25 | DN60: 0 | DO60: 0 | DP60: 1 | DQ60: 1 | DU60: 1007 | DV60: 10 м3 | DW60: 10 м3 | DX60: 10 | EE60: 39174537 | EF60: 2 | EG60: Общестроительные работы | EH60: 0 | EJ60: 1 | EK60: 23001 | EL60: Канализация - наружные сети | EM60: ФЕР-23 | EO60: Поправка: МДС 81-35.2004, п.4.7 | EQ60: 131072 | ER60: 4289.9 | ES60: 2766.07 | ET60: 332.82 | EU60: 43.81 | EV60: 1191.01 | EW60: 129.74 | EX60: 3.39 | EY60: 0 | FQ60: 0 | FR60: =ROUND(IF(AND(BH60=3,BI60=3),P60,0),2) -> 0 | FS60: 0 | FT60: *0,9 | FU60: *0,85 | FX60: 117 | FY60: 75.65 | GD60: 0 | GF60: 1726855189 | GG60: 2 | GH60: 1 | GI60: -2 | GJ60: 0 | GK60: =ROUND(R60*(R12)/100,2) -> 0 | GL60: =ROUND(IF(AND(BH60=3,BI60=3,FS60<>0),P60,0),2) -> 0 | GM60: =ROUND(O60+X60+Y60+GK60,2)+GX60 -> 3285.4 | GN60: =IF(OR(BI60=0,BI60=1),ROUND(O60+X60+Y60+GK60,2),0) -> 3285.4 | GO60: =IF(BI60=2,ROUND(O60+X60+Y60+GK60,2),0) -> 0 | GP60: =IF(BI60=4,ROUND(O60+X60+Y60+GK60,2)+GX60,0) -> 0 | GR60: 0 | GS60: 3 | GT60: 0 | GV60: =ROUND(GT60,6) -> 0 | GW60: 1 | GX60: =ROUND(GV60*GW60*I60,2) -> 0 | HA60: 0 | HB60: 0 | IK60: 0
A61: 17 | B61: 1 | C61: =ROW(SmtRes!A122) -> 122 | D61: =ROW(EtalonRes!A118) -> 118 | E61: 10 | F61: 23-03-003-03 | G61: Устройство круглых кирпичных канализационных колодцев с конусным переходом к горловине в сухих грунтах, диаметр колодца 1,5 м | H61: 10 м3 | I61: =ROUND(4.5/10,9) -> 0.45 | J61: 0 | O61: =ROUND(CP61,2) -> 10548.7 | P61: =ROUND(CQ61*I61,2) -> 6410.37 | Q61: =ROUND(CR61*I61,2) -> 964.14 | R61: =ROUND(CS61*I61,2) -> 126.91 | S61: =ROUND(CT61*I61,2) -> 3174.19 | T61: =ROUND(CU61*I61,2) -> 0 | U61: =CV61*I61 -> 67.14045 | V61: =CW61*I61 -> 1.906875 | W61: =ROUND(CX61*I61,2) -> 0 | X61: =ROUND(CY61,2) -> 3862.29 | Y61: =ROUND(CZ61,2) -> 2508.84 | AA61: 39612629 | AB61: =ROUND((AC61+AD61+AF61),6) -> 4551.7565 | AC61: =ROUND((ES61),6) -> 2766.07 | AD61: =ROUND(((((ET61*1.25))-((EU61*1.25)))+AE61),6) -> 416.025 | AE61: =ROUND(((EU61*1.25)),6) -> 54.7625 | AF61: =ROUND(((EV61*1.15)),6) -> 1369.6615 | AG61: =ROUND((AP61),6) -> 0 | AH61: =((EW61*1.15)) -> 149.201 | AI61: =((EX61*1.25)) -> 4.2375 | AJ61: =ROUND((AS61),6) -> 0 | AK61: 4289.9 | AL61: 2766.07 | AM61: 332.82 | AN61: 43.81 | AO61: 1191.01 | AP61: 0 | AQ61: 129.74 | AR61: 3.39 | AS61: 0 | AT61: 117 | AU61: 76 | AV61: 1 | AW61: 1 | AZ61: 5.15 | BA61: 5.15 | BB61: 5.15 | BC61: 5.15 | BH61: 0 | BI61: 1 | BJ61: ФЕР-2001, 23-03-003-03, приказ Минстроя России №1039/пр от 30.12.2016г. | BM61: 23001 | BN61: 0 | BP61: 0 | BQ61: 2 | BR61: 0 | BS61: 5.15 | BT61: 1 | BU61: 1 | BV61: 1 | BW61: 1 | BX61: 1 | BZ61: 130 | CA61: 89 | CF61: 0 | CG61: 0 | CM61: 0 | CN61: Поправка: МДС 81-35.2004, п.4.7 Наименование: Работы, выполняемые при реконструкции зданий и сооружений работы, аналогичные технологическим процессам в новом строительстве (в том числе возведение новых конструктивных элементов) стоимость которых определена по соответствующим сборникам ФЕР, кроме сборника № 46 «Работы при реконструкции зданий и сооружений» | CO61: 0 | CP61: =(P61+Q61+S61) -> 10548.7 | CQ61: =AC61*BC61 -> 14245.261 | CR61: =AD61*BB61 -> 2142.5287 | CS61: =AE61*BS61 -> 282.02688 | CT61: =AF61*BA61 -> 7053.7567 | CU61: =AG61 -> 0 | CV61: =AH61 -> 149.201 | CW61: =AI61 -> 4.2375 | CX61: =AJ61 -> 0 | CY61: =(((S61+R61)*AT61)/100) -> 3862.287 | CZ61: =(((S61+R61)*AU61)/100) -> 2508.836 | DE61: )*1,25 | DF61: )*1,25 | DG61: )*1,15 | DI61: )*1,15 | DJ61: )*1,25 | DN61: 0 | DO61: 0 | DP61: 1 | DQ61: 1 | DU61: 1007 | DV61: 10 м3 | DW61: 10 м3 | DX61: 10 | EE61: 39174537 | EF61: 2 | EG61: Общестроительные работы | EH61: 0 | EJ61: 1 | EK61: 23001 | EL61: Канализация - наружные сети | EM61: ФЕР-23 | EO61: Поправка: МДС 81-35.2004, п.4.7 | EQ61: 131072 | ER61: 4289.9 | ES61: 2766.07 | ET61: 332.82 | EU61: 43.81 | EV61: 1191.01 | EW61: 129.74 | EX61: 3.39 | EY61: 0 | FQ61: 0 | FR61: =ROUND(IF(AND(BH61=3,BI61=3),P61,0),2) -> 0 | FS61: 0 | FT61: *0,9 | FU61: *0,85 | FX61: 117 | FY61: 75.65 | GD61: 0 | GF61: 1726855189 | GG61: 1 | GH61: 1 | GI61: 4 | GJ61: 0 | GK61: =ROUND(R61*(S12)/100,2) -> 0 | GL61: =ROUND(IF(AND(BH61=3,BI61=3,FS61<>0),P61,0),2) -> 0 | GM61: =ROUND(O61+X61+Y61+GK61,2)+GX61 -> 16919.83 | GN61: =IF(OR(BI61=0,BI61=1),ROUND(O61+X61+Y61+GK61,2),0) -> 16919.83 | GO61: =IF(BI61=2,ROUND(O61+X61+Y61+GK61,2),0) -> 0 | GP61: =IF(BI61=4,ROUND(O61+X61+Y61+GK61,2)+GX61,0) -> 0 | GR61: 0 | GS61: 3 | GT61: 0 | GV61: =ROUND(GT61,6) -> 0 | GW61: 1 | GX61: =ROUND(GV61*GW61*I61,2) -> 0 | HA61: 0 | HB61: 0 | IK61: 0
A62: 18 | B62: 1 | C62: 88 | E62: 10,1 | F62: 02.2.05.04 | G62: Щебень | H62: м3 | I62: =I60*J62 -> 0.0855 | J62: 0.19 | O62: =ROUND(CP62,2) -> 0 | P62: =ROUND(CQ62*I62,2) -> 0 | Q62: =ROUND(CR62*I62,2) -> 0 | R62: =ROUND(CS62*I62,2) -> 0 | S62: =ROUND(CT62*I62,2) -> 0 | T62: =ROUND(CU62*I62,2) -> 0 | U62: =CV62*I62 -> 0 | V62: =CW62*I62 -> 0 | W62: =ROUND(CX62*I62,2) -> 0 | X62: =ROUND(CY62,2) -> 0 | Y62: =ROUND(CZ62,2) -> 0 | AA62: 39612628 | AB62: =ROUND((AC62+AD62+AF62),6) -> 0 | AC62: =ROUND((ES62),6) -> 0 | AD62: =ROUND((((ET62)-(EU62))+AE62),6) -> 0 | AE62: =ROUND((EU62),6) -> 0 | AF62: =ROUND((EV62),6) -> 0 | AG62: =ROUND((AP62),6) -> 0 | AH62: =(EW62) -> 0 | AI62: =(EX62) -> 0 | AJ62: =ROUND((AS62),6) -> 0 | AK62: 0 | AL62: 0 | AM62: 0 | AN62: 0 | AO62: 0 | AP62: 0 | AQ62: 0 | AR62: 0 | AS62: 0 | AT62: 117 | AU62: 76 | AV62: 1 | AW62: 1 | AZ62: 1 | BA62: 1 | BB62: 1 | BC62: 1 | BH62: 3 | BI62: 1 | BM62: 23001 | BN62: 0 | BP62: 0 | BQ62: 2 | BR62: 0 | BS62: 1 | BT62: 1 | BU62: 1 | BV62: 1 | BW62: 1 | BX62: 1 | BZ62: 130 | CA62: 89 | CF62: 0 | CG62: 0 | CM62: 0 | CO62: 0 | CP62: =(P62+Q62+S62) -> 0 | CQ62: =AC62*BC62 -> 0 | CR62: =AD62*BB62 -> 0 | CS62: =AE62*BS62 -> 0 | CT62: =AF62*BA62 -> 0 | CU62: =AG62 -> 0 | CV62: =AH62 -> 0 | CW62: =AI62 -> 0 | CX62: =AJ62 -> 0 | CY62: =(((S62+R62)*AT62)/100) -> 0 | CZ62: =(((S62+R62)*AU62)/100) -> 0 | DN62: 0 | DO62: 0 | DP62: 1 | DQ62: 1 | DU62: 1007 | DV62: м3 | DW62: м3 | DX62: 1 | EE62: 39174537 | EF62: 2 | EG62: Общестроительные работы | EH62: 0 | EJ62: 1 | EK62: 23001 | EL62: Канализация - наружные сети | EM62: ФЕР-23 | EQ62: 0 | ER62: 0 | ES62: 0 | ET62: 0 | EU62: 0 | EV62: 0 | EW62: 0 | EX62: 0 | FQ62: 0 | FR62: =ROUND(IF(AND(BH62=3,BI62=3),P62,0),2) -> 0 | FS62: 0 | FT62: *0,9 | FU62: *0,85 | FX62: 117 | FY62: 75.65 | GD62: 0 | GF62: 1239012555 | GG62: 2 | GH62: 1 | GI62: -2 | GJ62: 0 | GK62: =ROUND(R62*(R12)/100,2) -> 0 | GL62: =ROUND(IF(AND(BH62=3,BI62=3,FS62<>0),P62,0),2) -> 0 | GM62: =ROUND(O62+X62+Y62+GK62,2)+GX62 -> 0 | GN62: =IF(OR(BI62=0,BI62=1),ROUND(O62+X62+Y62+GK62,2),0) -> 0 | GO62: =IF(BI62=2,ROUND(O62+X62+Y62+GK62,2),0) -> 0 | GP62: =IF(BI62=4,ROUND(O62+X62+Y62+GK62,2)+GX62,0) -> 0 | GR62: 0 | GS62: 3 | GT62: 0 | GV62: =ROUND(GT62,6) -> 0 | GW62: 1 | GX62: =ROUND(GV62*GW62*I62,2) -> 0 | HA62: 0 | HB62: 0 | IK62: 0
A63: 18 | B63: 1 | C63: 109 | E63: 10,1 | F63: 02.2.05.04 | G63: Щебень | H63: м3 | I63: =I61*J63 -> 0.0855 | J63: 0.19 | O63: =ROUND(CP63,2) -> 0 | P63: =ROUND(CQ63*I63,2) -> 0 | Q63: =ROUND(CR63*I63,2) -> 0 | R63: =ROUND(CS63*I63,2) -> 0 | S63: =ROUND(CT63*I63,2) -> 0 | T63: =ROUND(CU63*I63,2) -> 0 | U63: =CV63*I63 -> 0 | V63: =CW63*I63 -> 0 | W63: =ROUND(CX63*I63,2) -> 0 | X63: =ROUND(CY63,2) -> 0 | Y63: =ROUND(CZ63,2) -> 0 | AA63: 39612629 | AB63: =ROUND((AC63+AD63+AF63),6) -> 0 | AC63: =ROUND((ES63),6) -> 0 | AD63: =ROUND((((ET63)-(EU63))+AE63),6) -> 0 | AE63: =ROUND((EU63),6) -> 0 | AF63: =ROUND((EV63),6) -> 0 | AG63: =ROUND((AP63),6) -> 0 | AH63: =(EW63) -> 0 | AI63: =(EX63) -> 0 | AJ63: =ROUND((AS63),6) -> 0 | AK63: 0 | AL63: 0 | AM63: 0 | AN63: 0 | AO63: 0 | AP63: 0 | AQ63: 0 | AR63: 0 | AS63: 0 | AT63: 117 | AU63: 76 | AV63: 1 | AW63: 1 | AZ63: 5.15 | BA63: 1 | BB63: 1 | BC63: 5.15 | BH63: 3 | BI63: 1 | BM63: 23001 | BN63: 0 | BP63: 0 | BQ63: 2 | BR63: 0 | BS63: 1 | BT63: 1 | BU63: 1 | BV63: 1 | BW63: 1 | BX63: 1 | BZ63: 130 | CA63: 89 | CF63: 0 | CG63: 0 | CM63: 0 | CO63: 0 | CP63: =(P63+Q63+S63) -> 0 | CQ63: =AC63*BC63 -> 0 | CR63: =AD63*BB63 -> 0 | CS63: =AE63*BS63 -> 0 | CT63: =AF63*BA63 -> 0 | CU63: =AG63 -> 0 | CV63: =AH63 -> 0 | CW63: =AI63 -> 0 | CX63: =AJ63 -> 0 | CY63: =(((S63+R63)*AT63)/100) -> 0 | CZ63: =(((S63+R63)*AU63)/100) -> 0 | DN63: 0 | DO63: 0 | DP63: 1 | DQ63: 1 | DU63: 1007 | DV63: м3 | DW63: м3 | DX63: 1 | EE63: 39174537 | EF63: 2 | EG63: Общестроительные работы | EH63: 0 | EJ63: 1 | EK63: 23001 | EL63: Канализация - наружные сети | EM63: ФЕР-23 | EQ63: 0 | ER63: 0 | ES63: 0 | ET63: 0 | EU63: 0 | EV63: 0 | EW63: 0 | EX63: 0 | FQ63: 0 | FR63: =ROUND(IF(AND(BH63=3,BI63=3),P63,0),2) -> 0 | FS63: 0 | FT63: *0,9 | FU63: *0,85 | FX63: 117 | FY63: 75.65 | GD63: 0 | GF63: 1239012555 | GG63: 1 | GH63: 1 | GI63: 4 | GJ63: 0 | GK63: =ROUND(R63*(S12)/100,2) -> 0 | GL63: =ROUND(IF(AND(BH63=3,BI63=3,FS63<>0),P63,0),2) -> 0 | GM63: =ROUND(O63+X63+Y63+GK63,2)+GX63 -> 0 | GN63: =IF(OR(BI63=0,BI63=1),ROUND(O63+X63+Y63+GK63,2),0) -> 0 | GO63: =IF(BI63=2,ROUND(O63+X63+Y63+GK63,2),0) -> 0 | GP63: =IF(BI63=4,ROUND(O63+X63+Y63+GK63,2)+GX63,0) -> 0 | GR63: 0 | GS63: 3 | GT63: 0 | GV63: =ROUND(GT63,6) -> 0 | GW63: 1 | GX63: =ROUND(GV63*GW63*I63,2) -> 0 | HA63: 0 | HB63: 0 | IK63: 0
A64: 18 | B64: 1 | C64: 96 | E64: 10,2 | F64: 05.1.01.08-0094 | G64: Крышки колодцев КЦП 1-20-1 /бетон В15 (М200), объем 0,51 м3, расход арматуры 43,40 кг/ (серия 3.900-3 вып.7) | H64: шт. | I64: =I60*J64 -> 1 | J64: 2.2222222 | O64: =ROUND(CP64,2) -> 978.71 | P64: =ROUND(CQ64*I64,2) -> 978.71 | Q64: =ROUND(CR64*I64,2) -> 0 | R64: =ROUND(CS64*I64,2) -> 0 | S64: =ROUND(CT64*I64,2) -> 0 | T64: =ROUND(CU64*I64,2) -> 0 | U64: =CV64*I64 -> 0 | V64: =CW64*I64 -> 0 | W64: =ROUND(CX64*I64,2) -> 0 | X64: =ROUND(CY64,2) -> 0 | Y64: =ROUND(CZ64,2) -> 0 | AA64: 39612628 | AB64: =ROUND((AC64+AD64+AF64),6) -> 978.71 | AC64: =ROUND((ES64),6) -> 978.71 | AD64: =ROUND((((ET64)-(EU64))+AE64),6) -> 0 | AE64: =ROUND((EU64),6) -> 0 | AF64: =ROUND((EV64),6) -> 0 | AG64: =ROUND((AP64),6) -> 0 | AH64: =(EW64) -> 0 | AI64: =(EX64) -> 0 | AJ64: =ROUND((AS64),6) -> 0 | AK64: 978.71 | AL64: 978.71 | AM64: 0 | AN64: 0 | AO64: 0 | AP64: 0 | AQ64: 0 | AR64: 0 | AS64: 0 | AT64: 117 | AU64: 76 | AV64: 1 | AW64: 1 | AZ64: 1 | BA64: 1 | BB64: 1 | BC64: 1 | BH64: 3 | BI64: 1 | BJ64: ФССЦ-2001, 05.1.01.08-0094, приказ Минстроя России №1039/пр от 30.12.2016г. | BM64: 23001 | BN64: 0 | BP64: 0 | BQ64: 2 | BR64: 0 | BS64: 1 | BT64: 1 | BU64: 1 | BV64: 1 | BW64: 1 | BX64: 1 | BZ64: 130 | CA64: 89 | CF64: 0 | CG64: 0 | CM64: 0 | CO64: 0 | CP64: =(P64+Q64+S64) -> 978.71 | CQ64: =AC64*BC64 -> 978.71 | CR64: =AD64*BB64 -> 0 | CS64: =AE64*BS64 -> 0 | CT64: =AF64*BA64 -> 0 | CU64: =AG64 -> 0 | CV64: =AH64 -> 0 | CW64: =AI64 -> 0 | CX64: =AJ64 -> 0 | CY64: =(((S64+R64)*AT64)/100) -> 0 | CZ64: =(((S64+R64)*AU64)/100) -> 0 | DN64: 0 | DO64: 0 | DP64: 1 | DQ64: 1 | DU64: 1010 | DV64: шт. | DW64: шт. | DX64: 1 | EE64: 39174537 | EF64: 2 | EG64: Общестроительные работы | EH64: 0 | EJ64: 1 | EK64: 23001 | EL64: Канализация - наружные сети | EM64: ФЕР-23 | EQ64: 0 | ER64: 978.71 | ES64: 978.71 | ET64: 0 | EU64: 0 | EV64: 0 | EW64: 0 | EX64: 0 | FQ64: 0 | FR64: =ROUND(IF(AND(BH64=3,BI64=3),P64,0),2) -> 0 | FS64: 0 | FT64: *0,9 | FU64: *0,85 | FX64: 117 | FY64: 75.65 | GD64: 0 | GF64: 1676197869 | GG64: 2 | GH64: 1 | GI64: -2 | GJ64: 0 | GK64: =ROUND(R64*(R12)/100,2) -> 0 | GL64: =ROUND(IF(AND(BH64=3,BI64=3,FS64<>0),P64,0),2) -> 0 | GM64: =ROUND(O64+X64+Y64+GK64,2)+GX64 -> 978.71 | GN64: =IF(OR(BI64=0,BI64=1),ROUND(O64+X64+Y64+GK64,2),0) -> 978.71 | GO64: =IF(BI64=2,ROUND(O64+X64+Y64+GK64,2),0) -> 0 | GP64: =IF(BI64=4,ROUND(O64+X64+Y64+GK64,2)+GX64,0) -> 0 | GR64: 0 | GS64: 3 | GT64: 0 | GV64: =ROUND(GT64,6) -> 0 | GW64: 1 | GX64: =ROUND(GV64*GW64*I64,2) -> 0 | HA64: 0 | HB64: 0 | IK64: 0
A65: 18 | B65: 1 | C65: 117 | E65: 10,2 | F65: 05.1.01.08-0094 | G65: Крышки колодцев КЦП 1-20-1 /бетон В15 (М200), объем 0,51 м3, расход арматуры 43,40 кг/ (серия 3.900-3 вып.7) | H65: шт. | I65: =I61*J65 -> 1 | J65: 2.2222222 | O65: =ROUND(CP65,2) -> 5040.36 | P65: =ROUND(CQ65*I65,2) -> 5040.36 | Q65: =ROUND(CR65*I65,2) -> 0 | R65: =ROUND(CS65*I65,2) -> 0 | S65: =ROUND(CT65*I65,2) -> 0 | T65: =ROUND(CU65*I65,2) -> 0 | U65: =CV65*I65 -> 0 | V65: =CW65*I65 -> 0 | W65: =ROUND(CX65*I65,2) -> 0 | X65: =ROUND(CY65,2) -> 0 | Y65: =ROUND(CZ65,2) -> 0 | AA65: 39612629 | AB65: =ROUND((AC65+AD65+AF65),6) -> 978.71 | AC65: =ROUND((ES65),6) -> 978.71 | AD65: =ROUND((((ET65)-(EU65))+AE65),6) -> 0 | AE65: =ROUND((EU65),6) -> 0 | AF65: =ROUND((EV65),6) -> 0 | AG65: =ROUND((AP65),6) -> 0 | AH65: =(EW65) -> 0 | AI65: =(EX65) -> 0 | AJ65: =ROUND((AS65),6) -> 0 | AK65: 978.71 | AL65: 978.71 | AM65: 0 | AN65: 0 | AO65: 0 | AP65: 0 | AQ65: 0 | AR65: 0 | AS65: 0 | AT65: 117 | AU65: 76 | AV65: 1 | AW65: 1 | AZ65: 5.15 | BA65: 1 | BB65: 1 | BC65: 5.15 | BH65: 3 | BI65: 1 | BJ65: ФССЦ-2001, 05.1.01.08-0094, приказ Минстроя России №1039/пр от 30.12.2016г. | BM65: 23001 | BN65: 0 | BP65: 0 | BQ65: 2 | BR65: 0 | BS65: 1 | BT65: 1 | BU65: 1 | BV65: 1 | BW65: 1 | BX65: 1 | BZ65: 130 | CA65: 89 | CF65: 0 | CG65: 0 | CM65: 0 | CO65: 0 | CP65: =(P65+Q65+S65) -> 5040.36 | CQ65: =AC65*BC65 -> 5040.3565 | CR65: =AD65*BB65 -> 0 | CS65: =AE65*BS65 -> 0 | CT65: =AF65*BA65 -> 0 | CU65: =AG65 -> 0 | CV65: =AH65 -> 0 | CW65: =AI65 -> 0 | CX65: =AJ65 -> 0 | CY65: =(((S65+R65)*AT65)/100) -> 0 | CZ65: =(((S65+R65)*AU65)/100) -> 0 | DN65: 0 | DO65: 0 | DP65: 1 | DQ65: 1 | DU65: 1010 | DV65: шт. | DW65: шт. | DX65: 1 | EE65: 39174537 | EF65: 2 | EG65: Общестроительные работы | EH65: 0 | EJ65: 1 | EK65: 23001 | EL65: Канализация - наружные сети | EM65: ФЕР-23 | EQ65: 0 | ER65: 978.71 | ES65: 978.71 | ET65: 0 | EU65: 0 | EV65: 0 | EW65: 0 | EX65: 0 | FQ65: 0 | FR65: =ROUND(IF(AND(BH65=3,BI65=3),P65,0),2) -> 0 | FS65: 0 | FT65: *0,9 | FU65: *0,85 | FX65: 117 | FY65: 75.65 | GD65: 0 | GF65: 1676197869 | GG65: 1 | GH65: 1 | GI65: 4 | GJ65: 0 | GK65: =ROUND(R65*(S12)/100,2) -> 0 | GL65: =ROUND(IF(AND(BH65=3,BI65=3,FS65<>0),P65,0),2) -> 0 | GM65: =ROUND(O65+X65+Y65+GK65,2)+GX65 -> 5040.36 | GN65: =IF(OR(BI65=0,BI65=1),ROUND(O65+X65+Y65+GK65,2),0) -> 5040.36 | GO65: =IF(BI65=2,ROUND(O65+X65+Y65+GK65,2),0) -> 0 | GP65: =IF(BI65=4,ROUND(O65+X65+Y65+GK65,2)+GX65,0) -> 0 | GR65: 0 | GS65: 3 | GT65: 0 | GV65: =ROUND(GT65,6) -> 0 | GW65: 1 | GX65: =ROUND(GV65*GW65*I65,2) -> 0 | HA65: 0 | HB65: 0 | IK65: 0
A66: 18 | B66: 1 | C66: 101 | E66: 10,3 | F66: 08.1.02.06-0034 | G66: Люк чугунный тяжелый (ГОСТ 3634-99) марка Т(С250)-ТС-1-60 | H66: шт. | I66: =I60*J66 -> 1 | J66: 2.2222222 | O66: =ROUND(CP66,2) -> 596.04 | P66: =ROUND(CQ66*I66,2) -> 596.04 | Q66: =ROUND(CR66*I66,2) -> 0 | R66: =ROUND(CS66*I66,2) -> 0 | S66: =ROUND(CT66*I66,2) -> 0 | T66: =ROUND(CU66*I66,2) -> 0 | U66: =CV66*I66 -> 0 | V66: =CW66*I66 -> 0 | W66: =ROUND(CX66*I66,2) -> 0 | X66: =ROUND(CY66,2) -> 0 | Y66: =ROUND(CZ66,2) -> 0 | AA66: 39612628 | AB66: =ROUND((AC66+AD66+AF66),6) -> 596.04 | AC66: =ROUND((ES66),6) -> 596.04 | AD66: =ROUND((((ET66)-(EU66))+AE66),6) -> 0 | AE66: =ROUND((EU66),6) -> 0 | AF66: =ROUND((EV66),6) -> 0 | AG66: =ROUND((AP66),6) -> 0 | AH66: =(EW66) -> 0 | AI66: =(EX66) -> 0 | AJ66: =ROUND((AS66),6) -> 0 | AK66: 596.04 | AL66: 596.04 | AM66: 0 | AN66: 0 | AO66: 0 | AP66: 0 | AQ66: 0 | AR66: 0 | AS66: 0 | AT66: 117 | AU66: 76 | AV66: 1 | AW66: 1 | AZ66: 1 | BA66: 1 | BB66: 1 | BC66: 1 | BH66: 3 | BI66: 1 | BJ66: ФССЦ-2001, 08.1.02.06-0034, приказ Минстроя России №1039/пр от 30.12.2016г. | BM66: 23001 | BN66: 0 | BP66: 0 | BQ66: 2 | BR66: 0 | BS66: 1 | BT66: 1 | BU66: 1 | BV66: 1 | BW66: 1 | BX66: 1 | BZ66: 130 | CA66: 89 | CF66: 0 | CG66: 0 | CM66: 0 | CO66: 0 | CP66: =(P66+Q66+S66) -> 596.04 | CQ66: =AC66*BC66 -> 596.04 | CR66: =AD66*BB66 -> 0 | CS66: =AE66*BS66 -> 0 | CT66: =AF66*BA66 -> 0 | CU66: =AG66 -> 0 | CV66: =AH66 -> 0 | CW66: =AI66 -> 0 | CX66: =AJ66 -> 0 | CY66: =(((S66+R66)*AT66)/100) -> 0 | CZ66: =(((S66+R66)*AU66)/100) -> 0 | DN66: 0 | DO66: 0 | DP66: 1 | DQ66: 1 | DU66: 1010 | DV66: шт. | DW66: шт. | DX66: 1 | EE66: 39174537 | EF66: 2 | EG66: Общестроительные работы | EH66: 0 | EJ66: 1 | EK66: 23001 | EL66: Канализация - наружные сети | EM66: ФЕР-23 | EQ66: 0 | ER66: 596.04 | ES66: 596.04 | ET66: 0 | EU66: 0 | EV66: 0 | EW66: 0 | EX66: 0 | FQ66: 0 | FR66: =ROUND(IF(AND(BH66=3,BI66=3),P66,0),2) -> 0 | FS66: 0 | FT66: *0,9 | FU66: *0,85 | FX66: 117 | FY66: 75.65 | GD66: 0 | GF66: 737802747 | GG66: 2 | GH66: 1 | GI66: -2 | GJ66: 0 | GK66: =ROUND(R66*(R12)/100,2) -> 0 | GL66: =ROUND(IF(AND(BH66=3,BI66=3,FS66<>0),P66,0),2) -> 0 | GM66: =ROUND(O66+X66+Y66+GK66,2)+GX66 -> 596.04 | GN66: =IF(OR(BI66=0,BI66=1),ROUND(O66+X66+Y66+GK66,2),0) -> 596.04 | GO66: =IF(BI66=2,ROUND(O66+X66+Y66+GK66,2),0) -> 0 | GP66: =IF(BI66=4,ROUND(O66+X66+Y66+GK66,2)+GX66,0) -> 0 | GR66: 0 | GS66: 3 | GT66: 0 | GV66: =ROUND(GT66,6) -> 0 | GW66: 1 | GX66: =ROUND(GV66*GW66*I66,2) -> 0 | HA66: 0 | HB66: 0 | IK66: 0
A67: 18 | B67: 1 | C67: 122 | E67: 10,3 | F67: 08.1.02.06-0034 | G67: Люк чугунный тяжелый (ГОСТ 3634-99) марка Т(С250)-ТС-1-60 | H67: шт. | I67: =I61*J67 -> 1 | J67: 2.2222222 | O67: =ROUND(CP67,2) -> 3069.61 | P67: =ROUND(CQ67*I67,2) -> 3069.61 | Q67: =ROUND(CR67*I67,2) -> 0 | R67: =ROUND(CS67*I67,2) -> 0 | S67: =ROUND(CT67*I67,2) -> 0 | T67: =ROUND(CU67*I67,2) -> 0 | U67: =CV67*I67 -> 0 | V67: =CW67*I67 -> 0 | W67: =ROUND(CX67*I67,2) -> 0 | X67: =ROUND(CY67,2) -> 0 | Y67: =ROUND(CZ67,2) -> 0 | AA67: 39612629 | AB67: =ROUND((AC67+AD67+AF67),6) -> 596.04 | AC67: =ROUND((ES67),6) -> 596.04 | AD67: =ROUND((((ET67)-(EU67))+AE67),6) -> 0 | AE67: =ROUND((EU67),6) -> 0 | AF67: =ROUND((EV67),6) -> 0 | AG67: =ROUND((AP67),6) -> 0 | AH67: =(EW67) -> 0 | AI67: =(EX67) -> 0 | AJ67: =ROUND((AS67),6) -> 0 | AK67: 596.04 | AL67: 596.04 | AM67: 0 | AN67: 0 | AO67: 0 | AP67: 0 | AQ67: 0 | AR67: 0 | AS67: 0 | AT67: 117 | AU67: 76 | AV67: 1 | AW67: 1 | AZ67: 5.15 | BA67: 1 | BB67: 1 | BC67: 5.15 | BH67: 3 | BI67: 1 | BJ67: ФССЦ-2001, 08.1.02.06-0034, приказ Минстроя России №1039/пр от 30.12.2016г. | BM67: 23001 | BN67: 0 | BP67: 0 | BQ67: 2 | BR67: 0 | BS67: 1 | BT67: 1 | BU67: 1 | BV67: 1 | BW67: 1 | BX67: 1 | BZ67: 130 | CA67: 89 | CF67: 0 | CG67: 0 | CM67: 0 | CO67: 0 | CP67: =(P67+Q67+S67) -> 3069.61 | CQ67: =AC67*BC67 -> 3069.606 | CR67: =AD67*BB67 -> 0 | CS67: =AE67*BS67 -> 0 | CT67: =AF67*BA67 -> 0 | CU67: =AG67 -> 0 | CV67: =AH67 -> 0 | CW67: =AI67 -> 0 | CX67: =AJ67 -> 0 | CY67: =(((S67+R67)*AT67)/100) -> 0 | CZ67: =(((S67+R67)*AU67)/100) -> 0 | DN67: 0 | DO67: 0 | DP67: 1 | DQ67: 1 | DU67: 1010 | DV67: шт. | DW67: шт. | DX67: 1 | EE67: 39174537 | EF67: 2 | EG67: Общестроительные работы | EH67: 0 | EJ67: 1 | EK67: 23001 | EL67: Канализация - наружные сети | EM67: ФЕР-23 | EQ67: 0 | ER67: 596.04 | ES67: 596.04 | ET67: 0 | EU67: 0 | EV67: 0 | EW67: 0 | EX67: 0 | FQ67: 0 | FR67: =ROUND(IF(AND(BH67=3,BI67=3),P67,0),2) -> 0 | FS67: 0 | FT67: *0,9 | FU67: *0,85 | FX67: 117 | FY67: 75.65 | GD67: 0 | GF67: 737802747 | GG67: 1 | GH67: 1 | GI67: 4 | GJ67: 0 | GK67: =ROUND(R67*(S12)/100,2) -> 0 | GL67: =ROUND(IF(AND(BH67=3,BI67=3,FS67<>0),P67,0),2) -> 0 | GM67: =ROUND(O67+X67+Y67+GK67,2)+GX67 -> 3069.61 | GN67: =IF(OR(BI67=0,BI67=1),ROUND(O67+X67+Y67+GK67,2),0) -> 3069.61 | GO67: =IF(BI67=2,ROUND(O67+X67+Y67+GK67,2),0) -> 0 | GP67: =IF(BI67=4,ROUND(O67+X67+Y67+GK67,2)+GX67,0) -> 0 | GR67: 0 | GS67: 3 | GT67: 0 | GV67: =ROUND(GT67,6) -> 0 | GW67: 1 | GX67: =ROUND(GV67*GW67*I67,2) -> 0 | HA67: 0 | HB67: 0 | IK67: 0
A68: 18 | B68: 1 | C68: 89 | E68: 10,4 | F68: 02.2.05.04-0042 | G68: Щебень из гравия для строительных работ марка 400, фракция 10-20 мм | H68: м3 | I68: =I60*J68 -> 0.0855 | J68: 0.19 | O68: =ROUND(CP68,2) -> 10.08 | P68: =ROUND(CQ68*I68,2) -> 10.08 | Q68: =ROUND(CR68*I68,2) -> 0 | R68: =ROUND(CS68*I68,2) -> 0 | S68: =ROUND(CT68*I68,2) -> 0 | T68: =ROUND(CU68*I68,2) -> 0 | U68: =CV68*I68 -> 0 | V68: =CW68*I68 -> 0 | W68: =ROUND(CX68*I68,2) -> 0 | X68: =ROUND(CY68,2) -> 0 | Y68: =ROUND(CZ68,2) -> 0 | AA68: 39612628 | AB68: =ROUND((AC68+AD68+AF68),6) -> 117.93 | AC68: =ROUND((ES68),6) -> 117.93 | AD68: =ROUND((((ET68)-(EU68))+AE68),6) -> 0 | AE68: =ROUND((EU68),6) -> 0 | AF68: =ROUND((EV68),6) -> 0 | AG68: =ROUND((AP68),6) -> 0 | AH68: =(EW68) -> 0 | AI68: =(EX68) -> 0 | AJ68: =ROUND((AS68),6) -> 0 | AK68: 117.93 | AL68: 117.93 | AM68: 0 | AN68: 0 | AO68: 0 | AP68: 0 | AQ68: 0 | AR68: 0 | AS68: 0 | AT68: 117 | AU68: 76 | AV68: 1 | AW68: 1 | AZ68: 1 | BA68: 1 | BB68: 1 | BC68: 1 | BH68: 3 | BI68: 1 | BJ68: ФССЦ-2001, 02.2.05.04-0042, приказ Минстроя России №1039/пр от 30.12.2016г. | BM68: 23001 | BN68: 0 | BP68: 0 | BQ68: 2 | BR68: 0 | BS68: 1 | BT68: 1 | BU68: 1 | BV68: 1 | BW68: 1 | BX68: 1 | BZ68: 130 | CA68: 89 | CF68: 0 | CG68: 0 | CM68: 0 | CO68: 0 | CP68: =(P68+Q68+S68) -> 10.08 | CQ68: =AC68*BC68 -> 117.93 | CR68: =AD68*BB68 -> 0 | CS68: =AE68*BS68 -> 0 | CT68: =AF68*BA68 -> 0 | CU68: =AG68 -> 0 | CV68: =AH68 -> 0 | CW68: =AI68 -> 0 | CX68: =AJ68 -> 0 | CY68: =(((S68+R68)*AT68)/100) -> 0 | CZ68: =(((S68+R68)*AU68)/100) -> 0 | DN68: 0 | DO68: 0 | DP68: 1 | DQ68: 1 | DU68: 1007 | DV68: м3 | DW68: м3 | DX68: 1 | EE68: 39174537 | EF68: 2 | EG68: Общестроительные работы | EH68: 0 | EJ68: 1 | EK68: 23001 | EL68: Канализация - наружные сети | EM68: ФЕР-23 | EQ68: 0 | ER68: 117.93 | ES68: 117.93 | ET68: 0 | EU68: 0 | EV68: 0 | EW68: 0 | EX68: 0 | FQ68: 0 | FR68: =ROUND(IF(AND(BH68=3,BI68=3),P68,0),2) -> 0 | FS68: 0 | FT68: *0,9 | FU68: *0,85 | FX68: 117 | FY68: 75.65 | GD68: 0 | GF68: -2075856802 | GG68: 2 | GH68: 1 | GI68: -2 | GJ68: 0 | GK68: =ROUND(R68*(R12)/100,2) -> 0 | GL68: =ROUND(IF(AND(BH68=3,BI68=3,FS68<>0),P68,0),2) -> 0 | GM68: =ROUND(O68+X68+Y68+GK68,2)+GX68 -> 10.08 | GN68: =IF(OR(BI68=0,BI68=1),ROUND(O68+X68+Y68+GK68,2),0) -> 10.08 | GO68: =IF(BI68=2,ROUND(O68+X68+Y68+GK68,2),0) -> 0 | GP68: =IF(BI68=4,ROUND(O68+X68+Y68+GK68,2)+GX68,0) -> 0 | GR68: 0 | GS68: 3 | GT68: 0 | GV68: =ROUND(GT68,6) -> 0 | GW68: 1 | GX68: =ROUND(GV68*GW68*I68,2) -> 0 | HA68: 0 | HB68: 0 | IK68: 0
A69: 18 | B69: 1 | C69: 110 | E69: 10,4 | F69: 02.2.05.04-0042 | G69: Щебень из гравия для строительных работ марка 400, фракция 10-20 мм | H69: м3 | I69: =I61*J69 -> 0.0855 | J69: 0.19 | O69: =ROUND(CP69,2) -> 51.93 | P69: =ROUND(CQ69*I69,2) -> 51.93 | Q69: =ROUND(CR69*I69,2) -> 0 | R69: =ROUND(CS69*I69,2) -> 0 | S69: =ROUND(CT69*I69,2) -> 0 | T69: =ROUND(CU69*I69,2) -> 0 | U69: =CV69*I69 -> 0 | V69: =CW69*I69 -> 0 | W69: =ROUND(CX69*I69,2) -> 0 | X69: =ROUND(CY69,2) -> 0 | Y69: =ROUND(CZ69,2) -> 0 | AA69: 39612629 | AB69: =ROUND((AC69+AD69+AF69),6) -> 117.93 | AC69: =ROUND((ES69),6) -> 117.93 | AD69: =ROUND((((ET69)-(EU69))+AE69),6) -> 0 | AE69: =ROUND((EU69),6) -> 0 | AF69: =ROUND((EV69),6) -> 0 | AG69: =ROUND((AP69),6) -> 0 | AH69: =(EW69) -> 0 | AI69: =(EX69) -> 0 | AJ69: =ROUND((AS69),6) -> 0 | AK69: 117.93 | AL69: 117.93 | AM69: 0 | AN69: 0 | AO69: 0 | AP69: 0 | AQ69: 0 | AR69: 0 | AS69: 0 | AT69: 117 | AU69: 76 | AV69: 1 | AW69: 1 | AZ69: 5.15 | BA69: 1 | BB69: 1 | BC69: 5.15 | BH69: 3 | BI69: 1 | BJ69: ФССЦ-2001, 02.2.05.04-0042, приказ Минстроя России №1039/пр от 30.12.2016г. | BM69: 23001 | BN69: 0 | BP69: 0 | BQ69: 2 | BR69: 0 | BS69: 1 | BT69: 1 | BU69: 1 | BV69: 1 | BW69: 1 | BX69: 1 | BZ69: 130 | CA69: 89 | CF69: 0 | CG69: 0 | CM69: 0 | CO69: 0 | CP69: =(P69+Q69+S69) -> 51.93 | CQ69: =AC69*BC69 -> 607.3395 | CR69: =AD69*BB69 -> 0 | CS69: =AE69*BS69 -> 0 | CT69: =AF69*BA69 -> 0 | CU69: =AG69 -> 0 | CV69: =AH69 -> 0 | CW69: =AI69 -> 0 | CX69: =AJ69 -> 0 | CY69: =(((S69+R69)*AT69)/100) -> 0 | CZ69: =(((S69+R69)*AU69)/100) -> 0 | DN69: 0 | DO69: 0 | DP69: 1 | DQ69: 1 | DU69: 1007 | DV69: м3 | DW69: м3 | DX69: 1 | EE69: 39174537 | EF69: 2 | EG69: Общестроительные работы | EH69: 0 | EJ69: 1 | EK69: 23001 | EL69: Канализация - наружные сети | EM69: ФЕР-23 | EQ69: 0 | ER69: 117.93 | ES69: 117.93 | ET69: 0 | EU69: 0 | EV69: 0 | EW69: 0 | EX69: 0 | FQ69: 0 | FR69: =ROUND(IF(AND(BH69=3,BI69=3),P69,0),2) -> 0 | FS69: 0 | FT69: *0,9 | FU69: *0,85 | FX69: 117 | FY69: 75.65 | GD69: 0 | GF69: -2075856802 | GG69: 1 | GH69: 1 | GI69: 4 | GJ69: 0 | GK69: =ROUND(R69*(S12)/100,2) -> 0 | GL69: =ROUND(IF(AND(BH69=3,BI69=3,FS69<>0),P69,0),2) -> 0 | GM69: =ROUND(O69+X69+Y69+GK69,2)+GX69 -> 51.93 | GN69: =IF(OR(BI69=0,BI69=1),ROUND(O69+X69+Y69+GK69,2),0) -> 51.93 | GO69: =IF(BI69=2,ROUND(O69+X69+Y69+GK69,2),0) -> 0 | GP69: =IF(BI69=4,ROUND(O69+X69+Y69+GK69,2)+GX69,0) -> 0 | GR69: 0 | GS69: 3 | GT69: 0 | GV69: =ROUND(GT69,6) -> 0 | GW69: 1 | GX69: =ROUND(GV69*GW69*I69,2) -> 0 | HA69: 0 | HB69: 0 | IK69: 0
A70: 18 | B70: 1 | C70: 93 | E70: 10,5 | F70: 04.3.01.03 | G70: Раствор асбоцементный | H70: м3 | I70: =I60*J70 -> 0.0171 | J70: 0.038 | O70: =ROUND(CP70,2) -> 0 | P70: =ROUND(CQ70*I70,2) -> 0 | Q70: =ROUND(CR70*I70,2) -> 0 | R70: =ROUND(CS70*I70,2) -> 0 | S70: =ROUND(CT70*I70,2) -> 0 | T70: =ROUND(CU70*I70,2) -> 0 | U70: =CV70*I70 -> 0 | V70: =CW70*I70 -> 0 | W70: =ROUND(CX70*I70,2) -> 0 | X70: =ROUND(CY70,2) -> 0 | Y70: =ROUND(CZ70,2) -> 0 | AA70: 39612628 | AB70: =ROUND((AC70+AD70+AF70),6) -> 0 | AC70: =ROUND((ES70),6) -> 0 | AD70: =ROUND((((ET70)-(EU70))+AE70),6) -> 0 | AE70: =ROUND((EU70),6) -> 0 | AF70: =ROUND((EV70),6) -> 0 | AG70: =ROUND((AP70),6) -> 0 | AH70: =(EW70) -> 0 | AI70: =(EX70) -> 0 | AJ70: =ROUND((AS70),6) -> 0 | AK70: 0 | AL70: 0 | AM70: 0 | AN70: 0 | AO70: 0 | AP70: 0 | AQ70: 0 | AR70: 0 | AS70: 0 | AT70: 117 | AU70: 76 | AV70: 1 | AW70: 1 | AZ70: 1 | BA70: 1 | BB70: 1 | BC70: 1 | BH70: 3 | BI70: 1 | BM70: 23001 | BN70: 0 | BP70: 0 | BQ70: 2 | BR70: 0 | BS70: 1 | BT70: 1 | BU70: 1 | BV70: 1 | BW70: 1 | BX70: 1 | BZ70: 130 | CA70: 89 | CF70: 0 | CG70: 0 | CM70: 0 | CO70: 0 | CP70: =(P70+Q70+S70) -> 0 | CQ70: =AC70*BC70 -> 0 | CR70: =AD70*BB70 -> 0 | CS70: =AE70*BS70 -> 0 | CT70: =AF70*BA70 -> 0 | CU70: =AG70 -> 0 | CV70: =AH70 -> 0 | CW70: =AI70 -> 0 | CX70: =AJ70 -> 0 | CY70: =(((S70+R70)*AT70)/100) -> 0 | CZ70: =(((S70+R70)*AU70)/100) -> 0 | DN70: 0 | DO70: 0 | DP70: 1 | DQ70: 1 | DU70: 1007 | DV70: м3 | DW70: м3 | DX70: 1 | EE70: 39174537 | EF70: 2 | EG70: Общестроительные работы | EH70: 0 | EJ70: 1 | EK70: 23001 | EL70: Канализация - наружные сети | EM70: ФЕР-23 | EQ70: 0 | ER70: 0 | ES70: 0 | ET70: 0 | EU70: 0 | EV70: 0 | EW70: 0 | EX70: 0 | FQ70: 0 | FR70: =ROUND(IF(AND(BH70=3,BI70=3),P70,0),2) -> 0 | FS70: 0 | FT70: *0,9 | FU70: *0,85 | FX70: 117 | FY70: 75.65 | GD70: 0 | GF70: 1707794586 | GG70: 2 | GH70: 1 | GI70: -2 | GJ70: 0 | GK70: =ROUND(R70*(R12)/100,2) -> 0 | GL70: =ROUND(IF(AND(BH70=3,BI70=3,FS70<>0),P70,0),2) -> 0 | GM70: =ROUND(O70+X70+Y70+GK70,2)+GX70 -> 0 | GN70: =IF(OR(BI70=0,BI70=1),ROUND(O70+X70+Y70+GK70,2),0) -> 0 | GO70: =IF(BI70=2,ROUND(O70+X70+Y70+GK70,2),0) -> 0 | GP70: =IF(BI70=4,ROUND(O70+X70+Y70+GK70,2)+GX70,0) -> 0 | GR70: 0 | GS70: 3 | GT70: 0 | GV70: =ROUND(GT70,6) -> 0 | GW70: 1 | GX70: =ROUND(GV70*GW70*I70,2) -> 0 | HA70: 0 | HB70: 0 | IK70: 0
A71: 18 | B71: 1 | C71: 114 | E71: 10,5 | F71: 04.3.01.03 | G71: Раствор асбоцементный | H71: м3 | I71: =I61*J71 -> 0.0171 | J71: 0.038 | O71: =ROUND(CP71,2) -> 0 | P71: =ROUND(CQ71*I71,2) -> 0 | Q71: =ROUND(CR71*I71,2) -> 0 | R71: =ROUND(CS71*I71,2) -> 0 | S71: =ROUND(CT71*I71,2) -> 0 | T71: =ROUND(CU71*I71,2) -> 0 | U71: =CV71*I71 -> 0 | V71: =CW71*I71 -> 0 | W71: =ROUND(CX71*I71,2) -> 0 | X71: =ROUND(CY71,2) -> 0 | Y71: =ROUND(CZ71,2) -> 0 | AA71: 39612629 | AB71: =ROUND((AC71+AD71+AF71),6) -> 0 | AC71: =ROUND((ES71),6) -> 0 | AD71: =ROUND((((ET71)-(EU71))+AE71),6) -> 0 | AE71: =ROUND((EU71),6) -> 0 | AF71: =ROUND((EV71),6) -> 0 | AG71: =ROUND((AP71),6) -> 0 | AH71: =(EW71) -> 0 | AI71: =(EX71) -> 0 | AJ71: =ROUND((AS71),6) -> 0 | AK71: 0 | AL71: 0 | AM71: 0 | AN71: 0 | AO71: 0 | AP71: 0 | AQ71: 0 | AR71: 0 | AS71: 0 | AT71: 117 | AU71: 76 | AV71: 1 | AW71: 1 | AZ71: 5.15 | BA71: 1 | BB71: 1 | BC71: 5.15 | BH71: 3 | BI71: 1 | BM71: 23001 | BN71: 0 | BP71: 0 | BQ71: 2 | BR71: 0 | BS71: 1 | BT71: 1 | BU71: 1 | BV71: 1 | BW71: 1 | BX71: 1 | BZ71: 130 | CA71: 89 | CF71: 0 | CG71: 0 | CM71: 0 | CO71: 0 | CP71: =(P71+Q71+S71) -> 0 | CQ71: =AC71*BC71 -> 0 | CR71: =AD71*BB71 -> 0 | CS71: =AE71*BS71 -> 0 | CT71: =AF71*BA71 -> 0 | CU71: =AG71 -> 0 | CV71: =AH71 -> 0 | CW71: =AI71 -> 0 | CX71: =AJ71 -> 0 | CY71: =(((S71+R71)*AT71)/100) -> 0 | CZ71: =(((S71+R71)*AU71)/100) -> 0 | DN71: 0 | DO71: 0 | DP71: 1 | DQ71: 1 | DU71: 1007 | DV71: м3 | DW71: м3 | DX71: 1 | EE71: 39174537 | EF71: 2 | EG71: Общестроительные работы | EH71: 0 | EJ71: 1 | EK71: 23001 | EL71: Канализация - наружные сети | EM71: ФЕР-23 | EQ71: 0 | ER71: 0 | ES71: 0 | ET71: 0 | EU71: 0 | EV71: 0 | EW71: 0 | EX71: 0 | FQ71: 0 | FR71: =ROUND(IF(AND(BH71=3,BI71=3),P71,0),2) -> 0 | FS71: 0 | FT71: *0,9 | FU71: *0,85 | FX71: 117 | FY71: 75.65 | GD71: 0 | GF71: 1707794586 | GG71: 1 | GH71: 1 | GI71: 4 | GJ71: 0 | GK71: =ROUND(R71*(S12)/100,2) -> 0 | GL71: =ROUND(IF(AND(BH71=3,BI71=3,FS71<>0),P71,0),2) -> 0 | GM71: =ROUND(O71+X71+Y71+GK71,2)+GX71 -> 0 | GN71: =IF(OR(BI71=0,BI71=1),ROUND(O71+X71+Y71+GK71,2),0) -> 0 | GO71: =IF(BI71=2,ROUND(O71+X71+Y71+GK71,2),0) -> 0 | GP71: =IF(BI71=4,ROUND(O71+X71+Y71+GK71,2)+GX71,0) -> 0 | GR71: 0 | GS71: 3 | GT71: 0 | GV71: =ROUND(GT71,6) -> 0 | GW71: 1 | GX71: =ROUND(GV71*GW71*I71,2) -> 0 | HA71: 0 | HB71: 0 | IK71: 0
A72: 18 | B72: 1 | C72: 94 | E72: 10,6 | F72: 04.3.01.09-0015 | G72: Раствор готовый кладочный цементный марки 150 | H72: м3 | I72: =I60*J72 -> 0.0171 | J72: 0.038 | O72: =ROUND(CP72,2) -> 9.38 | P72: =ROUND(CQ72*I72,2) -> 9.38 | Q72: =ROUND(CR72*I72,2) -> 0 | R72: =ROUND(CS72*I72,2) -> 0 | S72: =ROUND(CT72*I72,2) -> 0 | T72: =ROUND(CU72*I72,2) -> 0 | U72: =CV72*I72 -> 0 | V72: =CW72*I72 -> 0 | W72: =ROUND(CX72*I72,2) -> 0 | X72: =ROUND(CY72,2) -> 0 | Y72: =ROUND(CZ72,2) -> 0 | AA72: 39612628 | AB72: =ROUND((AC72+AD72+AF72),6) -> 548.3 | AC72: =ROUND((ES72),6) -> 548.3 | AD72: =ROUND((((ET72)-(EU72))+AE72),6) -> 0 | AE72: =ROUND((EU72),6) -> 0 | AF72: =ROUND((EV72),6) -> 0 | AG72: =ROUND((AP72),6) -> 0 | AH72: =(EW72) -> 0 | AI72: =(EX72) -> 0 | AJ72: =ROUND((AS72),6) -> 0 | AK72: 548.3 | AL72: 548.3 | AM72: 0 | AN72: 0 | AO72: 0 | AP72: 0 | AQ72: 0 | AR72: 0 | AS72: 0 | AT72: 117 | AU72: 76 | AV72: 1 | AW72: 1 | AZ72: 1 | BA72: 1 | BB72: 1 | BC72: 1 | BH72: 3 | BI72: 1 | BJ72: ФССЦ-2001, 04.3.01.09-0015, приказ Минстроя России №1039/пр от 30.12.2016г. | BM72: 23001 | BN72: 0 | BP72: 0 | BQ72: 2 | BR72: 0 | BS72: 1 | BT72: 1 | BU72: 1 | BV72: 1 | BW72: 1 | BX72: 1 | BZ72: 130 | CA72: 89 | CF72: 0 | CG72: 0 | CM72: 0 | CO72: 0 | CP72: =(P72+Q72+S72) -> 9.38 | CQ72: =AC72*BC72 -> 548.3 | CR72: =AD72*BB72 -> 0 | CS72: =AE72*BS72 -> 0 | CT72: =AF72*BA72 -> 0 | CU72: =AG72 -> 0 | CV72: =AH72 -> 0 | CW72: =AI72 -> 0 | CX72: =AJ72 -> 0 | CY72: =(((S72+R72)*AT72)/100) -> 0 | CZ72: =(((S72+R72)*AU72)/100) -> 0 | DN72: 0 | DO72: 0 | DP72: 1 | DQ72: 1 | DU72: 1007 | DV72: м3 | DW72: м3 | DX72: 1 | EE72: 39174537 | EF72: 2 | EG72: Общестроительные работы | EH72: 0 | EJ72: 1 | EK72: 23001 | EL72: Канализация - наружные сети | EM72: ФЕР-23 | EQ72: 0 | ER72: 548.3 | ES72: 548.3 | ET72: 0 | EU72: 0 | EV72: 0 | EW72: 0 | EX72: 0 | FQ72: 0 | FR72: =ROUND(IF(AND(BH72=3,BI72=3),P72,0),2) -> 0 | FS72: 0 | FT72: *0,9 | FU72: *0,85 | FX72: 117 | FY72: 75.65 | GD72: 0 | GF72: -1970722706 | GG72: 2 | GH72: 1 | GI72: -2 | GJ72: 0 | GK72: =ROUND(R72*(R12)/100,2) -> 0 | GL72: =ROUND(IF(AND(BH72=3,BI72=3,FS72<>0),P72,0),2) -> 0 | GM72: =ROUND(O72+X72+Y72+GK72,2)+GX72 -> 9.38 | GN72: =IF(OR(BI72=0,BI72=1),ROUND(O72+X72+Y72+GK72,2),0) -> 9.38 | GO72: =IF(BI72=2,ROUND(O72+X72+Y72+GK72,2),0) -> 0 | GP72: =IF(BI72=4,ROUND(O72+X72+Y72+GK72,2)+GX72,0) -> 0 | GR72: 0 | GS72: 3 | GT72: 0 | GV72: =ROUND(GT72,6) -> 0 | GW72: 1 | GX72: =ROUND(GV72*GW72*I72,2) -> 0 | HA72: 0 | HB72: 0 | IK72: 0
A73: 18 | B73: 1 | C73: 115 | E73: 10,6 | F73: 04.3.01.09-0015 | G73: Раствор готовый кладочный цементный марки 150 | H73: м3 | I73: =I61*J73 -> 0.0171 | J73: 0.038 | O73: =ROUND(CP73,2) -> 48.29 | P73: =ROUND(CQ73*I73,2) -> 48.29 | Q73: =ROUND(CR73*I73,2) -> 0 | R73: =ROUND(CS73*I73,2) -> 0 | S73: =ROUND(CT73*I73,2) -> 0 | T73: =ROUND(CU73*I73,2) -> 0 | U73: =CV73*I73 -> 0 | V73: =CW73*I73 -> 0 | W73: =ROUND(CX73*I73,2) -> 0 | X73: =ROUND(CY73,2) -> 0 | Y73: =ROUND(CZ73,2) -> 0 | AA73: 39612629 | AB73: =ROUND((AC73+AD73+AF73),6) -> 548.3 | AC73: =ROUND((ES73),6) -> 548.3 | AD73: =ROUND((((ET73)-(EU73))+AE73),6) -> 0 | AE73: =ROUND((EU73),6) -> 0 | AF73: =ROUND((EV73),6) -> 0 | AG73: =ROUND((AP73),6) -> 0 | AH73: =(EW73) -> 0 | AI73: =(EX73) -> 0 | AJ73: =ROUND((AS73),6) -> 0 | AK73: 548.3 | AL73: 548.3 | AM73: 0 | AN73: 0 | AO73: 0 | AP73: 0 | AQ73: 0 | AR73: 0 | AS73: 0 | AT73: 117 | AU73: 76 | AV73: 1 | AW73: 1 | AZ73: 5.15 | BA73: 1 | BB73: 1 | BC73: 5.15 | BH73: 3 | BI73: 1 | BJ73: ФССЦ-2001, 04.3.01.09-0015, приказ Минстроя России №1039/пр от 30.12.2016г. | BM73: 23001 | BN73: 0 | BP73: 0 | BQ73: 2 | BR73: 0 | BS73: 1 | BT73: 1 | BU73: 1 | BV73: 1 | BW73: 1 | BX73: 1 | BZ73: 130 | CA73: 89 | CF73: 0 | CG73: 0 | CM73: 0 | CO73: 0 | CP73: =(P73+Q73+S73) -> 48.29 | CQ73: =AC73*BC73 -> 2823.745 | CR73: =AD73*BB73 -> 0 | CS73: =AE73*BS73 -> 0 | CT73: =AF73*BA73 -> 0 | CU73: =AG73 -> 0 | CV73: =AH73 -> 0 | CW73: =AI73 -> 0 | CX73: =AJ73 -> 0 | CY73: =(((S73+R73)*AT73)/100) -> 0 | CZ73: =(((S73+R73)*AU73)/100) -> 0 | DN73: 0 | DO73: 0 | DP73: 1 | DQ73: 1 | DU73: 1007 | DV73: м3 | DW73: м3 | DX73: 1 | EE73: 39174537 | EF73: 2 | EG73: Общестроительные работы | EH73: 0 | EJ73: 1 | EK73: 23001 | EL73: Канализация - наружные сети | EM73: ФЕР-23 | EQ73: 0 | ER73: 548.3 | ES73: 548.3 | ET73: 0 | EU73: 0 | EV73: 0 | EW73: 0 | EX73: 0 | FQ73: 0 | FR73: =ROUND(IF(AND(BH73=3,BI73=3),P73,0),2) -> 0 | FS73: 0 | FT73: *0,9 | FU73: *0,85 | FX73: 117 | FY73: 75.65 | GD73: 0 | GF73: -1970722706 | GG73: 1 | GH73: 1 | GI73: 4 | GJ73: 0 | GK73: =ROUND(R73*(S12)/100,2) -> 0 | GL73: =ROUND(IF(AND(BH73=3,BI73=3,FS73<>0),P73,0),2) -> 0 | GM73: =ROUND(O73+X73+Y73+GK73,2)+GX73 -> 48.29 | GN73: =IF(OR(BI73=0,BI73=1),ROUND(O73+X73+Y73+GK73,2),0) -> 48.29 | GO73: =IF(BI73=2,ROUND(O73+X73+Y73+GK73,2),0) -> 0 | GP73: =IF(BI73=4,ROUND(O73+X73+Y73+GK73,2)+GX73,0) -> 0 | GR73: 0 | GS73: 3 | GT73: 0 | GV73: =ROUND(GT73,6) -> 0 | GW73: 1 | GX73: =ROUND(GV73*GW73*I73,2) -> 0 | HA73: 0 | HB73: 0 | IK73: 0
A74: 18 | B74: 1 | C74: 97 | E74: 10,7 | F74: 06.1.01.05 | G74: Кирпич и камни керамические марки 100 | H74: 1000 шт. | I74: =I60*J74 -> 1.3185 | J74: 2.93 | O74: =ROUND(CP74,2) -> 0 | P74: =ROUND(CQ74*I74,2) -> 0 | Q74: =ROUND(CR74*I74,2) -> 0 | R74: =ROUND(CS74*I74,2) -> 0 | S74: =ROUND(CT74*I74,2) -> 0 | T74: =ROUND(CU74*I74,2) -> 0 | U74: =CV74*I74 -> 0 | V74: =CW74*I74 -> 0 | W74: =ROUND(CX74*I74,2) -> 0 | X74: =ROUND(CY74,2) -> 0 | Y74: =ROUND(CZ74,2) -> 0 | AA74: 39612628 | AB74: =ROUND((AC74+AD74+AF74),6) -> 0 | AC74: =ROUND((ES74),6) -> 0 | AD74: =ROUND((((ET74)-(EU74))+AE74),6) -> 0 | AE74: =ROUND((EU74),6) -> 0 | AF74: =ROUND((EV74),6) -> 0 | AG74: =ROUND((AP74),6) -> 0 | AH74: =(EW74) -> 0 | AI74: =(EX74) -> 0 | AJ74: =ROUND((AS74),6) -> 0 | AK74: 0 | AL74: 0 | AM74: 0 | AN74: 0 | AO74: 0 | AP74: 0 | AQ74: 0 | AR74: 0 | AS74: 0 | AT74: 117 | AU74: 76 | AV74: 1 | AW74: 1 | AZ74: 1 | BA74: 1 | BB74: 1 | BC74: 1 | BH74: 3 | BI74: 1 | BM74: 23001 | BN74: 0 | BP74: 0 | BQ74: 2 | BR74: 0 | BS74: 1 | BT74: 1 | BU74: 1 | BV74: 1 | BW74: 1 | BX74: 1 | BZ74: 130 | CA74: 89 | CF74: 0 | CG74: 0 | CM74: 0 | CO74: 0 | CP74: =(P74+Q74+S74) -> 0 | CQ74: =AC74*BC74 -> 0 | CR74: =AD74*BB74 -> 0 | CS74: =AE74*BS74 -> 0 | CT74: =AF74*BA74 -> 0 | CU74: =AG74 -> 0 | CV74: =AH74 -> 0 | CW74: =AI74 -> 0 | CX74: =AJ74 -> 0 | CY74: =(((S74+R74)*AT74)/100) -> 0 | CZ74: =(((S74+R74)*AU74)/100) -> 0 | DN74: 0 | DO74: 0 | DP74: 1 | DQ74: 1 | DU74: 1010 | DV74: 1000 шт. | DW74: 1000 шт. | DX74: 1000 | EE74: 39174537 | EF74: 2 | EG74: Общестроительные работы | EH74: 0 | EJ74: 1 | EK74: 23001 | EL74: Канализация - наружные сети | EM74: ФЕР-23 | EQ74: 0 | ER74: 0 | ES74: 0 | ET74: 0 | EU74: 0 | EV74: 0 | EW74: 0 | EX74: 0 | FQ74: 0 | FR74: =ROUND(IF(AND(BH74=3,BI74=3),P74,0),2) -> 0 | FS74: 0 | FT74: *0,9 | FU74: *0,85 | FX74: 117 | FY74: 75.65 | GD74: 0 | GF74: -1264972923 | GG74: 2 | GH74: 1 | GI74: -2 | GJ74: 0 | GK74: =ROUND(R74*(R12)/100,2) -> 0 | GL74: =ROUND(IF(AND(BH74=3,BI74=3,FS74<>0),P74,0),2) -> 0 | GM74: =ROUND(O74+X74+Y74+GK74,2)+GX74 -> 0 | GN74: =IF(OR(BI74=0,BI74=1),ROUND(O74+X74+Y74+GK74,2),0) -> 0 | GO74: =IF(BI74=2,ROUND(O74+X74+Y74+GK74,2),0) -> 0 | GP74: =IF(BI74=4,ROUND(O74+X74+Y74+GK74,2)+GX74,0) -> 0 | GR74: 0 | GS74: 3 | GT74: 0 | GV74: =ROUND(GT74,6) -> 0 | GW74: 1 | GX74: =ROUND(GV74*GW74*I74,2) -> 0 | HA74: 0 | HB74: 0 | IK74: 0
A75: 18 | B75: 1 | C75: 118 | E75: 10,7 | F75: 06.1.01.05 | G75: Кирпич и камни керамические марки 100 | H75: 1000 шт. | I75: =I61*J75 -> 1.3185 | J75: 2.93 | O75: =ROUND(CP75,2) -> 0 | P75: =ROUND(CQ75*I75,2) -> 0 | Q75: =ROUND(CR75*I75,2) -> 0 | R75: =ROUND(CS75*I75,2) -> 0 | S75: =ROUND(CT75*I75,2) -> 0 | T75: =ROUND(CU75*I75,2) -> 0 | U75: =CV75*I75 -> 0 | V75: =CW75*I75 -> 0 | W75: =ROUND(CX75*I75,2) -> 0 | X75: =ROUND(CY75,2) -> 0 | Y75: =ROUND(CZ75,2) -> 0 | AA75: 39612629 | AB75: =ROUND((AC75+AD75+AF75),6) -> 0 | AC75: =ROUND((ES75),6) -> 0 | AD75: =ROUND((((ET75)-(EU75))+AE75),6) -> 0 | AE75: =ROUND((EU75),6) -> 0 | AF75: =ROUND((EV75),6) -> 0 | AG75: =ROUND((AP75),6) -> 0 | AH75: =(EW75) -> 0 | AI75: =(EX75) -> 0 | AJ75: =ROUND((AS75),6) -> 0 | AK75: 0 | AL75: 0 | AM75: 0 | AN75: 0 | AO75: 0 | AP75: 0 | AQ75: 0 | AR75: 0 | AS75: 0 | AT75: 117 | AU75: 76 | AV75: 1 | AW75: 1 | AZ75: 5.15 | BA75: 1 | BB75: 1 | BC75: 5.15 | BH75: 3 | BI75: 1 | BM75: 23001 | BN75: 0 | BP75: 0 | BQ75: 2 | BR75: 0 | BS75: 1 | BT75: 1 | BU75: 1 | BV75: 1 | BW75: 1 | BX75: 1 | BZ75: 130 | CA75: 89 | CF75: 0 | CG75: 0 | CM75: 0 | CO75: 0 | CP75: =(P75+Q75+S75) -> 0 | CQ75: =AC75*BC75 -> 0 | CR75: =AD75*BB75 -> 0 | CS75: =AE75*BS75 -> 0 | CT75: =AF75*BA75 -> 0 | CU75: =AG75 -> 0 | CV75: =AH75 -> 0 | CW75: =AI75 -> 0 | CX75: =AJ75 -> 0 | CY75: =(((S75+R75)*AT75)/100) -> 0 | CZ75: =(((S75+R75)*AU75)/100) -> 0 | DN75: 0 | DO75: 0 | DP75: 1 | DQ75: 1 | DU75: 1010 | DV75: 1000 шт. | DW75: 1000 шт. | DX75: 1000 | EE75: 39174537 | EF75: 2 | EG75: Общестроительные работы | EH75: 0 | EJ75: 1 | EK75: 23001 | EL75: Канализация - наружные сети | EM75: ФЕР-23 | EQ75: 0 | ER75: 0 | ES75: 0 | ET75: 0 | EU75: 0 | EV75: 0 | EW75: 0 | EX75: 0 | FQ75: 0 | FR75: =ROUND(IF(AND(BH75=3,BI75=3),P75,0),2) -> 0 | FS75: 0 | FT75: *0,9 | FU75: *0,85 | FX75: 117 | FY75: 75.65 | GD75: 0 | GF75: -1264972923 | GG75: 1 | GH75: 1 | GI75: 4 | GJ75: 0 | GK75: =ROUND(R75*(S12)/100,2) -> 0 | GL75: =ROUND(IF(AND(BH75=3,BI75=3,FS75<>0),P75,0),2) -> 0 | GM75: =ROUND(O75+X75+Y75+GK75,2)+GX75 -> 0 | GN75: =IF(OR(BI75=0,BI75=1),ROUND(O75+X75+Y75+GK75,2),0) -> 0 | GO75: =IF(BI75=2,ROUND(O75+X75+Y75+GK75,2),0) -> 0 | GP75: =IF(BI75=4,ROUND(O75+X75+Y75+GK75,2)+GX75,0) -> 0 | GR75: 0 | GS75: 3 | GT75: 0 | GV75: =ROUND(GT75,6) -> 0 | GW75: 1 | GX75: =ROUND(GV75*GW75*I75,2) -> 0 | HA75: 0 | HB75: 0 | IK75: 0
A76: 18 | B76: 1 | C76: 98 | E76: 10,8 | F76: 06.1.01.05-0015 | G76: Кирпич керамический лицевой, размером 250х120х65 мм, марка 100 | H76: 1000 шт. | I76: =I60*J76 -> 1.3185 | J76: 2.93 | O76: =ROUND(CP76,2) -> 2294.45 | P76: =ROUND(CQ76*I76,2) -> 2294.45 | Q76: =ROUND(CR76*I76,2) -> 0 | R76: =ROUND(CS76*I76,2) -> 0 | S76: =ROUND(CT76*I76,2) -> 0 | T76: =ROUND(CU76*I76,2) -> 0 | U76: =CV76*I76 -> 0 | V76: =CW76*I76 -> 0 | W76: =ROUND(CX76*I76,2) -> 0 | X76: =ROUND(CY76,2) -> 0 | Y76: =ROUND(CZ76,2) -> 0 | AA76: 39612628 | AB76: =ROUND((AC76+AD76+AF76),6) -> 1740.2 | AC76: =ROUND((ES76),6) -> 1740.2 | AD76: =ROUND((((ET76)-(EU76))+AE76),6) -> 0 | AE76: =ROUND((EU76),6) -> 0 | AF76: =ROUND((EV76),6) -> 0 | AG76: =ROUND((AP76),6) -> 0 | AH76: =(EW76) -> 0 | AI76: =(EX76) -> 0 | AJ76: =ROUND((AS76),6) -> 0 | AK76: 1740.2 | AL76: 1740.2 | AM76: 0 | AN76: 0 | AO76: 0 | AP76: 0 | AQ76: 0 | AR76: 0 | AS76: 0 | AT76: 117 | AU76: 76 | AV76: 1 | AW76: 1 | AZ76: 1 | BA76: 1 | BB76: 1 | BC76: 1 | BH76: 3 | BI76: 1 | BJ76: ФССЦ-2001, 06.1.01.05-0015, приказ Минстроя России №1039/пр от 30.12.2016г. | BM76: 23001 | BN76: 0 | BP76: 0 | BQ76: 2 | BR76: 0 | BS76: 1 | BT76: 1 | BU76: 1 | BV76: 1 | BW76: 1 | BX76: 1 | BZ76: 130 | CA76: 89 | CF76: 0 | CG76: 0 | CM76: 0 | CO76: 0 | CP76: =(P76+Q76+S76) -> 2294.45 | CQ76: =AC76*BC76 -> 1740.2 | CR76: =AD76*BB76 -> 0 | CS76: =AE76*BS76 -> 0 | CT76: =AF76*BA76 -> 0 | CU76: =AG76 -> 0 | CV76: =AH76 -> 0 | CW76: =AI76 -> 0 | CX76: =AJ76 -> 0 | CY76: =(((S76+R76)*AT76)/100) -> 0 | CZ76: =(((S76+R76)*AU76)/100) -> 0 | DN76: 0 | DO76: 0 | DP76: 1 | DQ76: 1 | DU76: 1010 | DV76: 1000 шт. | DW76: 1000 шт. | DX76: 1000 | EE76: 39174537 | EF76: 2 | EG76: Общестроительные работы | EH76: 0 | EJ76: 1 | EK76: 23001 | EL76: Канализация - наружные сети | EM76: ФЕР-23 | EQ76: 0 | ER76: 1740.2 | ES76: 1740.2 | ET76: 0 | EU76: 0 | EV76: 0 | EW76: 0 | EX76: 0 | FQ76: 0 | FR76: =ROUND(IF(AND(BH76=3,BI76=3),P76,0),2) -> 0 | FS76: 0 | FT76: *0,9 | FU76: *0,85 | FX76: 117 | FY76: 75.65 | GD76: 0 | GF76: -2138235231 | GG76: 2 | GH76: 1 | GI76: -2 | GJ76: 0 | GK76: =ROUND(R76*(R12)/100,2) -> 0 | GL76: =ROUND(IF(AND(BH76=3,BI76=3,FS76<>0),P76,0),2) -> 0 | GM76: =ROUND(O76+X76+Y76+GK76,2)+GX76 -> 2294.45 | GN76: =IF(OR(BI76=0,BI76=1),ROUND(O76+X76+Y76+GK76,2),0) -> 2294.45 | GO76: =IF(BI76=2,ROUND(O76+X76+Y76+GK76,2),0) -> 0 | GP76: =IF(BI76=4,ROUND(O76+X76+Y76+GK76,2)+GX76,0) -> 0 | GR76: 0 | GS76: 3 | GT76: 0 | GV76: =ROUND(GT76,6) -> 0 | GW76: 1 | GX76: =ROUND(GV76*GW76*I76,2) -> 0 | HA76: 0 | HB76: 0 | IK76: 0
A77: 18 | B77: 1 | C77: 119 | E77: 10,8 | F77: 06.1.01.05-0015 | G77: Кирпич керамический лицевой, размером 250х120х65 мм, марка 100 | H77: 1000 шт. | I77: =I61*J77 -> 1.3185 | J77: 2.93 | O77: =ROUND(CP77,2) -> 11816.44 | P77: =ROUND(CQ77*I77,2) -> 11816.44 | Q77: =ROUND(CR77*I77,2) -> 0 | R77: =ROUND(CS77*I77,2) -> 0 | S77: =ROUND(CT77*I77,2) -> 0 | T77: =ROUND(CU77*I77,2) -> 0 | U77: =CV77*I77 -> 0 | V77: =CW77*I77 -> 0 | W77: =ROUND(CX77*I77,2) -> 0 | X77: =ROUND(CY77,2) -> 0 | Y77: =ROUND(CZ77,2) -> 0 | AA77: 39612629 | AB77: =ROUND((AC77+AD77+AF77),6) -> 1740.2 | AC77: =ROUND((ES77),6) -> 1740.2 | AD77: =ROUND((((ET77)-(EU77))+AE77),6) -> 0 | AE77: =ROUND((EU77),6) -> 0 | AF77: =ROUND((EV77),6) -> 0 | AG77: =ROUND((AP77),6) -> 0 | AH77: =(EW77) -> 0 | AI77: =(EX77) -> 0 | AJ77: =ROUND((AS77),6) -> 0 | AK77: 1740.2 | AL77: 1740.2 | AM77: 0 | AN77: 0 | AO77: 0 | AP77: 0 | AQ77: 0 | AR77: 0 | AS77: 0 | AT77: 117 | AU77: 76 | AV77: 1 | AW77: 1 | AZ77: 5.15 | BA77: 1 | BB77: 1 | BC77: 5.15 | BH77: 3 | BI77: 1 | BJ77: ФССЦ-2001, 06.1.01.05-0015, приказ Минстроя России №1039/пр от 30.12.2016г. | BM77: 23001 | BN77: 0 | BP77: 0 | BQ77: 2 | BR77: 0 | BS77: 1 | BT77: 1 | BU77: 1 | BV77: 1 | BW77: 1 | BX77: 1 | BZ77: 130 | CA77: 89 | CF77: 0 | CG77: 0 | CM77: 0 | CO77: 0 | CP77: =(P77+Q77+S77) -> 11816.44 | CQ77: =AC77*BC77 -> 8962.03 | CR77: =AD77*BB77 -> 0 | CS77: =AE77*BS77 -> 0 | CT77: =AF77*BA77 -> 0 | CU77: =AG77 -> 0 | CV77: =AH77 -> 0 | CW77: =AI77 -> 0 | CX77: =AJ77 -> 0 | CY77: =(((S77+R77)*AT77)/100) -> 0 | CZ77: =(((S77+R77)*AU77)/100) -> 0 | DN77: 0 | DO77: 0 | DP77: 1 | DQ77: 1 | DU77: 1010 | DV77: 1000 шт. | DW77: 1000 шт. | DX77: 1000 | EE77: 39174537 | EF77: 2 | EG77: Общестроительные работы | EH77: 0 | EJ77: 1 | EK77: 23001 | EL77: Канализация - наружные сети | EM77: ФЕР-23 | EQ77: 0 | ER77: 1740.2 | ES77: 1740.2 | ET77: 0 | EU77: 0 | EV77: 0 | EW77: 0 | EX77: 0 | FQ77: 0 | FR77: =ROUND(IF(AND(BH77=3,BI77=3),P77,0),2) -> 0 | FS77: 0 | FT77: *0,9 | FU77: *0,85 | FX77: 117 | FY77: 75.65 | GD77: 0 | GF77: -2138235231 | GG77: 1 | GH77: 1 | GI77: 4 | GJ77: 0 | GK77: =ROUND(R77*(S12)/100,2) -> 0 | GL77: =ROUND(IF(AND(BH77=3,BI77=3,FS77<>0),P77,0),2) -> 0 | GM77: =ROUND(O77+X77+Y77+GK77,2)+GX77 -> 11816.44 | GN77: =IF(OR(BI77=0,BI77=1),ROUND(O77+X77+Y77+GK77,2),0) -> 11816.44 | GO77: =IF(BI77=2,ROUND(O77+X77+Y77+GK77,2),0) -> 0 | GP77: =IF(BI77=4,ROUND(O77+X77+Y77+GK77,2)+GX77,0) -> 0 | GR77: 0 | GS77: 3 | GT77: 0 | GV77: =ROUND(GT77,6) -> 0 | GW77: 1 | GX77: =ROUND(GV77*GW77*I77,2) -> 0 | HA77: 0 | HB77: 0 | IK77: 0
A78: 18 | B78: 1 | C78: 99 | E78: 10,9 | F78: 07.2.05.01-0032 | G78: Ограждения лестничных проемов, лестничные марши, пожарные лестницы | H78: т | I78: =I60*J78 -> 0.04 | J78: 0.088888889 | O78: =ROUND(CP78,2) -> 302.84 | P78: =ROUND(CQ78*I78,2) -> 302.84 | Q78: =ROUND(CR78*I78,2) -> 0 | R78: =ROUND(CS78*I78,2) -> 0 | S78: =ROUND(CT78*I78,2) -> 0 | T78: =ROUND(CU78*I78,2) -> 0 | U78: =CV78*I78 -> 0 | V78: =CW78*I78 -> 0 | W78: =ROUND(CX78*I78,2) -> 0 | X78: =ROUND(CY78,2) -> 0 | Y78: =ROUND(CZ78,2) -> 0 | AA78: 39612628 | AB78: =ROUND((AC78+AD78+AF78),6) -> 7571 | AC78: =ROUND((ES78),6) -> 7571 | AD78: =ROUND((((ET78)-(EU78))+AE78),6) -> 0 | AE78: =ROUND((EU78),6) -> 0 | AF78: =ROUND((EV78),6) -> 0 | AG78: =ROUND((AP78),6) -> 0 | AH78: =(EW78) -> 0 | AI78: =(EX78) -> 0 | AJ78: =ROUND((AS78),6) -> 0 | AK78: 7571 | AL78: 7571 | AM78: 0 | AN78: 0 | AO78: 0 | AP78: 0 | AQ78: 0 | AR78: 0 | AS78: 0 | AT78: 117 | AU78: 76 | AV78: 1 | AW78: 1 | AZ78: 1 | BA78: 1 | BB78: 1 | BC78: 1 | BH78: 3 | BI78: 1 | BJ78: ФССЦ-2001, 07.2.05.01-0032, приказ Минстроя России №1039/пр от 30.12.2016г. | BM78: 23001 | BN78: 0 | BP78: 0 | BQ78: 2 | BR78: 0 | BS78: 1 | BT78: 1 | BU78: 1 | BV78: 1 | BW78: 1 | BX78: 1 | BZ78: 130 | CA78: 89 | CF78: 0 | CG78: 0 | CM78: 0 | CO78: 0 | CP78: =(P78+Q78+S78) -> 302.84 | CQ78: =AC78*BC78 -> 7571 | CR78: =AD78*BB78 -> 0 | CS78: =AE78*BS78 -> 0 | CT78: =AF78*BA78 -> 0 | CU78: =AG78 -> 0 | CV78: =AH78 -> 0 | CW78: =AI78 -> 0 | CX78: =AJ78 -> 0 | CY78: =(((S78+R78)*AT78)/100) -> 0 | CZ78: =(((S78+R78)*AU78)/100) -> 0 | DN78: 0 | DO78: 0 | DP78: 1 | DQ78: 1 | DU78: 1009 | DV78: т | DW78: т | DX78: 1000 | EE78: 39174537 | EF78: 2 | EG78: Общестроительные работы | EH78: 0 | EJ78: 1 | EK78: 23001 | EL78: Канализация - наружные сети | EM78: ФЕР-23 | EQ78: 0 | ER78: 7571 | ES78: 7571 | ET78: 0 | EU78: 0 | EV78: 0 | EW78: 0 | EX78: 0 | FQ78: 0 | FR78: =ROUND(IF(AND(BH78=3,BI78=3),P78,0),2) -> 0 | FS78: 0 | FT78: *0,9 | FU78: *0,85 | FX78: 117 | FY78: 75.65 | GD78: 0 | GF78: -263122178 | GG78: 2 | GH78: 1 | GI78: -2 | GJ78: 0 | GK78: =ROUND(R78*(R12)/100,2) -> 0 | GL78: =ROUND(IF(AND(BH78=3,BI78=3,FS78<>0),P78,0),2) -> 0 | GM78: =ROUND(O78+X78+Y78+GK78,2)+GX78 -> 302.84 | GN78: =IF(OR(BI78=0,BI78=1),ROUND(O78+X78+Y78+GK78,2),0) -> 302.84 | GO78: =IF(BI78=2,ROUND(O78+X78+Y78+GK78,2),0) -> 0 | GP78: =IF(BI78=4,ROUND(O78+X78+Y78+GK78,2)+GX78,0) -> 0 | GR78: 0 | GS78: 3 | GT78: 0 | GV78: =ROUND(GT78,6) -> 0 | GW78: 1 | GX78: =ROUND(GV78*GW78*I78,2) -> 0 | HA78: 0 | HB78: 0 | IK78: 0
A79: 18 | B79: 1 | C79: 120 | E79: 10,9 | F79: 07.2.05.01-0032 | G79: Ограждения лестничных проемов, лестничные марши, пожарные лестницы | H79: т | I79: =I61*J79 -> 0.04 | J79: 0.088888889 | O79: =ROUND(CP79,2) -> 1559.63 | P79: =ROUND(CQ79*I79,2) -> 1559.63 | Q79: =ROUND(CR79*I79,2) -> 0 | R79: =ROUND(CS79*I79,2) -> 0 | S79: =ROUND(CT79*I79,2) -> 0 | T79: =ROUND(CU79*I79,2) -> 0 | U79: =CV79*I79 -> 0 | V79: =CW79*I79 -> 0 | W79: =ROUND(CX79*I79,2) -> 0 | X79: =ROUND(CY79,2) -> 0 | Y79: =ROUND(CZ79,2) -> 0 | AA79: 39612629 | AB79: =ROUND((AC79+AD79+AF79),6) -> 7571 | AC79: =ROUND((ES79),6) -> 7571 | AD79: =ROUND((((ET79)-(EU79))+AE79),6) -> 0 | AE79: =ROUND((EU79),6) -> 0 | AF79: =ROUND((EV79),6) -> 0 | AG79: =ROUND((AP79),6) -> 0 | AH79: =(EW79) -> 0 | AI79: =(EX79) -> 0 | AJ79: =ROUND((AS79),6) -> 0 | AK79: 7571 | AL79: 7571 | AM79: 0 | AN79: 0 | AO79: 0 | AP79: 0 | AQ79: 0 | AR79: 0 | AS79: 0 | AT79: 117 | AU79: 76 | AV79: 1 | AW79: 1 | AZ79: 5.15 | BA79: 1 | BB79: 1 | BC79: 5.15 | BH79: 3 | BI79: 1 | BJ79: ФССЦ-2001, 07.2.05.01-0032, приказ Минстроя России №1039/пр от 30.12.2016г. | BM79: 23001 | BN79: 0 | BP79: 0 | BQ79: 2 | BR79: 0 | BS79: 1 | BT79: 1 | BU79: 1 | BV79: 1 | BW79: 1 | BX79: 1 | BZ79: 130 | CA79: 89 | CF79: 0 | CG79: 0 | CM79: 0 | CO79: 0 | CP79: =(P79+Q79+S79) -> 1559.63 | CQ79: =AC79*BC79 -> 38990.65 | CR79: =AD79*BB79 -> 0 | CS79: =AE79*BS79 -> 0 | CT79: =AF79*BA79 -> 0 | CU79: =AG79 -> 0 | CV79: =AH79 -> 0 | CW79: =AI79 -> 0 | CX79: =AJ79 -> 0 | CY79: =(((S79+R79)*AT79)/100) -> 0 | CZ79: =(((S79+R79)*AU79)/100) -> 0 | DN79: 0 | DO79: 0 | DP79: 1 | DQ79: 1 | DU79: 1009 | DV79: т | DW79: т | DX79: 1000 | EE79: 39174537 | EF79: 2 | EG79: Общестроительные работы | EH79: 0 | EJ79: 1 | EK79: 23001 | EL79: Канализация - наружные сети | EM79: ФЕР-23 | EQ79: 0 | ER79: 7571 | ES79: 7571 | ET79: 0 | EU79: 0 | EV79: 0 | EW79: 0 | EX79: 0 | FQ79: 0 | FR79: =ROUND(IF(AND(BH79=3,BI79=3),P79,0),2) -> 0 | FS79: 0 | FT79: *0,9 | FU79: *0,85 | FX79: 117 | FY79: 75.65 | GD79: 0 | GF79: -263122178 | GG79: 1 | GH79: 1 | GI79: 4 | GJ79: 0 | GK79: =ROUND(R79*(S12)/100,2) -> 0 | GL79: =ROUND(IF(AND(BH79=3,BI79=3,FS79<>0),P79,0),2) -> 0 | GM79: =ROUND(O79+X79+Y79+GK79,2)+GX79 -> 1559.63 | GN79: =IF(OR(BI79=0,BI79=1),ROUND(O79+X79+Y79+GK79,2),0) -> 1559.63 | GO79: =IF(BI79=2,ROUND(O79+X79+Y79+GK79,2),0) -> 0 | GP79: =IF(BI79=4,ROUND(O79+X79+Y79+GK79,2)+GX79,0) -> 0 | GR79: 0 | GS79: 3 | GT79: 0 | GV79: =ROUND(GT79,6) -> 0 | GW79: 1 | GX79: =ROUND(GV79*GW79*I79,2) -> 0 | HA79: 0 | HB79: 0 | IK79: 0
A80: 18 | B80: 1 | C80: 100 | E80: 10,10 | F80: 08.1.02.06 | G80: Люки чугунные | H80: шт. | I80: =I60*J80 -> 1 | J80: 2.2222222 | O80: =ROUND(CP80,2) -> 0 | P80: =ROUND(CQ80*I80,2) -> 0 | Q80: =ROUND(CR80*I80,2) -> 0 | R80: =ROUND(CS80*I80,2) -> 0 | S80: =ROUND(CT80*I80,2) -> 0 | T80: =ROUND(CU80*I80,2) -> 0 | U80: =CV80*I80 -> 0 | V80: =CW80*I80 -> 0 | W80: =ROUND(CX80*I80,2) -> 0 | X80: =ROUND(CY80,2) -> 0 | Y80: =ROUND(CZ80,2) -> 0 | AA80: 39612628 | AB80: =ROUND((AC80+AD80+AF80),6) -> 0 | AC80: =ROUND((ES80),6) -> 0 | AD80: =ROUND((((ET80)-(EU80))+AE80),6) -> 0 | AE80: =ROUND((EU80),6) -> 0 | AF80: =ROUND((EV80),6) -> 0 | AG80: =ROUND((AP80),6) -> 0 | AH80: =(EW80) -> 0 | AI80: =(EX80) -> 0 | AJ80: =ROUND((AS80),6) -> 0 | AK80: 0 | AL80: 0 | AM80: 0 | AN80: 0 | AO80: 0 | AP80: 0 | AQ80: 0 | AR80: 0 | AS80: 0 | AT80: 117 | AU80: 76 | AV80: 1 | AW80: 1 | AZ80: 1 | BA80: 1 | BB80: 1 | BC80: 1 | BH80: 3 | BI80: 1 | BM80: 23001 | BN80: 0 | BP80: 0 | BQ80: 2 | BR80: 0 | BS80: 1 | BT80: 1 | BU80: 1 | BV80: 1 | BW80: 1 | BX80: 1 | BZ80: 130 | CA80: 89 | CF80: 0 | CG80: 0 | CM80: 0 | CO80: 0 | CP80: =(P80+Q80+S80) -> 0 | CQ80: =AC80*BC80 -> 0 | CR80: =AD80*BB80 -> 0 | CS80: =AE80*BS80 -> 0 | CT80: =AF80*BA80 -> 0 | CU80: =AG80 -> 0 | CV80: =AH80 -> 0 | CW80: =AI80 -> 0 | CX80: =AJ80 -> 0 | CY80: =(((S80+R80)*AT80)/100) -> 0 | CZ80: =(((S80+R80)*AU80)/100) -> 0 | DN80: 0 | DO80: 0 | DP80: 1 | DQ80: 1 | DU80: 1010 | DV80: шт. | DW80: шт. | DX80: 1 | EE80: 39174537 | EF80: 2 | EG80: Общестроительные работы | EH80: 0 | EJ80: 1 | EK80: 23001 | EL80: Канализация - наружные сети | EM80: ФЕР-23 | EQ80: 0 | ER80: 0 | ES80: 0 | ET80: 0 | EU80: 0 | EV80: 0 | EW80: 0 | EX80: 0 | FQ80: 0 | FR80: =ROUND(IF(AND(BH80=3,BI80=3),P80,0),2) -> 0 | FS80: 0 | FT80: *0,9 | FU80: *0,85 | FX80: 117 | FY80: 75.65 | GD80: 0 | GF80: 2016583562 | GG80: 2 | GH80: 1 | GI80: -2 | GJ80: 0 | GK80: =ROUND(R80*(R12)/100,2) -> 0 | GL80: =ROUND(IF(AND(BH80=3,BI80=3,FS80<>0),P80,0),2) -> 0 | GM80: =ROUND(O80+X80+Y80+GK80,2)+GX80 -> 0 | GN80: =IF(OR(BI80=0,BI80=1),ROUND(O80+X80+Y80+GK80,2),0) -> 0 | GO80: =IF(BI80=2,ROUND(O80+X80+Y80+GK80,2),0) -> 0 | GP80: =IF(BI80=4,ROUND(O80+X80+Y80+GK80,2)+GX80,0) -> 0 | GR80: 0 | GS80: 3 | GT80: 0 | GV80: =ROUND(GT80,6) -> 0 | GW80: 1 | GX80: =ROUND(GV80*GW80*I80,2) -> 0 | HA80: 0 | HB80: 0 | IK80: 0
A81: 18 | B81: 1 | C81: 121 | E81: 10,10 | F81: 08.1.02.06 | G81: Люки чугунные | H81: шт. | I81: =I61*J81 -> 1 | J81: 2.2222222 | O81: =ROUND(CP81,2) -> 0 | P81: =ROUND(CQ81*I81,2) -> 0 | Q81: =ROUND(CR81*I81,2) -> 0 | R81: =ROUND(CS81*I81,2) -> 0 | S81: =ROUND(CT81*I81,2) -> 0 | T81: =ROUND(CU81*I81,2) -> 0 | U81: =CV81*I81 -> 0 | V81: =CW81*I81 -> 0 | W81: =ROUND(CX81*I81,2) -> 0 | X81: =ROUND(CY81,2) -> 0 | Y81: =ROUND(CZ81,2) -> 0 | AA81: 39612629 | AB81: =ROUND((AC81+AD81+AF81),6) -> 0 | AC81: =ROUND((ES81),6) -> 0 | AD81: =ROUND((((ET81)-(EU81))+AE81),6) -> 0 | AE81: =ROUND((EU81),6) -> 0 | AF81: =ROUND((EV81),6) -> 0 | AG81: =ROUND((AP81),6) -> 0 | AH81: =(EW81) -> 0 | AI81: =(EX81) -> 0 | AJ81: =ROUND((AS81),6) -> 0 | AK81: 0 | AL81: 0 | AM81: 0 | AN81: 0 | AO81: 0 | AP81: 0 | AQ81: 0 | AR81: 0 | AS81: 0 | AT81: 117 | AU81: 76 | AV81: 1 | AW81: 1 | AZ81: 5.15 | BA81: 1 | BB81: 1 | BC81: 5.15 | BH81: 3 | BI81: 1 | BM81: 23001 | BN81: 0 | BP81: 0 | BQ81: 2 | BR81: 0 | BS81: 1 | BT81: 1 | BU81: 1 | BV81: 1 | BW81: 1 | BX81: 1 | BZ81: 130 | CA81: 89 | CF81: 0 | CG81: 0 | CM81: 0 | CO81: 0 | CP81: =(P81+Q81+S81) -> 0 | CQ81: =AC81*BC81 -> 0 | CR81: =AD81*BB81 -> 0 | CS81: =AE81*BS81 -> 0 | CT81: =AF81*BA81 -> 0 | CU81: =AG81 -> 0 | CV81: =AH81 -> 0 | CW81: =AI81 -> 0 | CX81: =AJ81 -> 0 | CY81: =(((S81+R81)*AT81)/100) -> 0 | CZ81: =(((S81+R81)*AU81)/100) -> 0 | DN81: 0 | DO81: 0 | DP81: 1 | DQ81: 1 | DU81: 1010 | DV81: шт. | DW81: шт. | DX81: 1 | EE81: 39174537 | EF81: 2 | EG81: Общестроительные работы | EH81: 0 | EJ81: 1 | EK81: 23001 | EL81: Канализация - наружные сети | EM81: ФЕР-23 | EQ81: 0 | ER81: 0 | ES81: 0 | ET81: 0 | EU81: 0 | EV81: 0 | EW81: 0 | EX81: 0 | FQ81: 0 | FR81: =ROUND(IF(AND(BH81=3,BI81=3),P81,0),2) -> 0 | FS81: 0 | FT81: *0,9 | FU81: *0,85 | FX81: 117 | FY81: 75.65 | GD81: 0 | GF81: 2016583562 | GG81: 1 | GH81: 1 | GI81: 4 | GJ81: 0 | GK81: =ROUND(R81*(S12)/100,2) -> 0 | GL81: =ROUND(IF(AND(BH81=3,BI81=3,FS81<>0),P81,0),2) -> 0 | GM81: =ROUND(O81+X81+Y81+GK81,2)+GX81 -> 0 | GN81: =IF(OR(BI81=0,BI81=1),ROUND(O81+X81+Y81+GK81,2),0) -> 0 | GO81: =IF(BI81=2,ROUND(O81+X81+Y81+GK81,2),0) -> 0 | GP81: =IF(BI81=4,ROUND(O81+X81+Y81+GK81,2)+GX81,0) -> 0 | GR81: 0 | GS81: 3 | GT81: 0 | GV81: =ROUND(GT81,6) -> 0 | GW81: 1 | GX81: =ROUND(GV81*GW81*I81,2) -> 0 | HA81: 0 | HB81: 0 | IK81: 0
A82: 17 | B82: 1 | C82: =ROW(SmtRes!A143) -> 143 | D82: =ROW(EtalonRes!A135) -> 135 | E82: 11 | F82: 23-03-002-01 | G82: Устройство круглых кирпичных канализационных колодцев с покрытием из сборного железобетона в сухих грунтах, диаметр колодца до 0,7 м (0,6) | H82: 10 м3 | I82: =ROUND(2/10,9) -> 0.2 | J82: 0 | O82: =ROUND(CP82,2) -> 1122.61 | P82: =ROUND(CQ82*I82,2) -> 482.58 | Q82: =ROUND(CR82*I82,2) -> 84.23 | R82: =ROUND(CS82*I82,2) -> 10.94 | S82: =ROUND(CT82*I82,2) -> 555.8 | T82: =ROUND(CU82*I82,2) -> 0 | U82: =CV82*I82 -> 60.5452 | V82: =CW82*I82 -> 0.84 | W82: =ROUND(CX82*I82,2) -> 0 | X82: =ROUND(CY82,2) -> 663.09 | Y82: =ROUND(CZ82,2) -> 430.72 | AA82: 39612628 | AB82: =ROUND((AC82+AD82+AF82),6) -> 5613.0835 | AC82: =ROUND((ES82),6) -> 2412.9 | AD82: =ROUND(((((ET82*1.25))-((EU82*1.25)))+AE82),6) -> 421.1625 | AE82: =ROUND(((EU82*1.25)),6) -> 54.675 | AF82: =ROUND(((EV82*1.15)),6) -> 2779.021 | AG82: =ROUND((AP82),6) -> 0 | AH82: =((EW82*1.15)) -> 302.726 | AI82: =((EX82*1.25)) -> 4.2 | AJ82: =ROUND((AS82),6) -> 0 | AK82: 5166.37 | AL82: 2412.9 | AM82: 336.93 | AN82: 43.74 | AO82: 2416.54 | AP82: 0 | AQ82: 263.24 | AR82: 3.36 | AS82: 0 | AT82: 117 | AU82: 76 | AV82: 1 | AW82: 1 | AZ82: 1 | BA82: 1 | BB82: 1 | BC82: 1 | BH82: 0 | BI82: 1 | BJ82: ФЕР-2001, 23-03-002-01, приказ Минстроя России №1039/пр от 30.12.2016г. | BM82: 23001 | BN82: 0 | BP82: 0 | BQ82: 2 | BR82: 0 | BS82: 1 | BT82: 1 | BU82: 1 | BV82: 1 | BW82: 1 | BX82: 1 | BZ82: 130 | CA82: 89 | CF82: 0 | CG82: 0 | CM82: 0 | CN82: Поправка: МДС 81-35.2004, п.4.7 Наименование: Работы, выполняемые при реконструкции зданий и сооружений работы, аналогичные технологическим процессам в новом строительстве (в том числе возведение новых конструктивных элементов) стоимость которых определена по соответствующим сборникам ФЕР, кроме сборника № 46 «Работы при реконструкции зданий и сооружений» | CO82: 0 | CP82: =(P82+Q82+S82) -> 1122.61 | CQ82: =AC82*BC82 -> 2412.9 | CR82: =AD82*BB82 -> 421.1625 | CS82: =AE82*BS82 -> 54.675 | CT82: =AF82*BA82 -> 2779.021 | CU82: =AG82 -> 0 | CV82: =AH82 -> 302.726 | CW82: =AI82 -> 4.2 | CX82: =AJ82 -> 0 | CY82: =(((S82+R82)*AT82)/100) -> 663.0858 | CZ82: =(((S82+R82)*AU82)/100) -> 430.7224 | DE82: )*1,25 | DF82: )*1,25 | DG82: )*1,15 | DI82: )*1,15 | DJ82: )*1,25 | DN82: 0 | DO82: 0 | DP82: 1 | DQ82: 1 | DU82: 1007 | DV82: 10 м3 | DW82: 10 м3 | DX82: 10 | EE82: 39174537 | EF82: 2 | EG82: Общестроительные работы | EH82: 0 | EJ82: 1 | EK82: 23001 | EL82: Канализация - наружные сети | EM82: ФЕР-23 | EO82: Поправка: МДС 81-35.2004, п.4.7 | EQ82: 131072 | ER82: 5166.37 | ES82: 2412.9 | ET82: 336.93 | EU82: 43.74 | EV82: 2416.54 | EW82: 263.24 | EX82: 3.36 | EY82: 0 | FQ82: 0 | FR82: =ROUND(IF(AND(BH82=3,BI82=3),P82,0),2) -> 0 | FS82: 0 | FT82: *0,9 | FU82: *0,85 | FX82: 117 | FY82: 75.65 | GD82: 0 | GF82: -1279408477 | GG82: 2 | GH82: 1 | GI82: -2 | GJ82: 0 | GK82: =ROUND(R82*(R12)/100,2) -> 0 | GL82: =ROUND(IF(AND(BH82=3,BI82=3,FS82<>0),P82,0),2) -> 0 | GM82: =ROUND(O82+X82+Y82+GK82,2)+GX82 -> 2216.42 | GN82: =IF(OR(BI82=0,BI82=1),ROUND(O82+X82+Y82+GK82,2),0) -> 2216.42 | GO82: =IF(BI82=2,ROUND(O82+X82+Y82+GK82,2),0) -> 0 | GP82: =IF(BI82=4,ROUND(O82+X82+Y82+GK82,2)+GX82,0) -> 0 | GR82: 0 | GS82: 3 | GT82: 0 | GV82: =ROUND(GT82,6) -> 0 | GW82: 1 | GX82: =ROUND(GV82*GW82*I82,2) -> 0 | HA82: 0 | HB82: 0 | IK82: 0
A83: 17 | B83: 1 | C83: =ROW(SmtRes!A164) -> 164 | D83: =ROW(EtalonRes!A152) -> 152 | E83: 11 | F83: 23-03-002-01 | G83: Устройство круглых кирпичных канализационных колодцев с покрытием из сборного железобетона в сухих грунтах, диаметр колодца до 0,7 м (0,6) | H83: 10 м3 | I83: =ROUND(2/10,9) -> 0.2 | J83: 0 | O83: =ROUND(CP83,2) -> 5781.48 | P83: =ROUND(CQ83*I83,2) -> 2485.29 | Q83: =ROUND(CR83*I83,2) -> 433.8 | R83: =ROUND(CS83*I83,2) -> 56.32 | S83: =ROUND(CT83*I83,2) -> 2862.39 | T83: =ROUND(CU83*I83,2) -> 0 | U83: =CV83*I83 -> 60.5452 | V83: =CW83*I83 -> 0.84 | W83: =ROUND(CX83*I83,2) -> 0 | X83: =ROUND(CY83,2) -> 3414.89 | Y83: =ROUND(CZ83,2) -> 2218.22 | AA83: 39612629 | AB83: =ROUND((AC83+AD83+AF83),6) -> 5613.0835 | AC83: =ROUND((ES83),6) -> 2412.9 | AD83: =ROUND(((((ET83*1.25))-((EU83*1.25)))+AE83),6) -> 421.1625 | AE83: =ROUND(((EU83*1.25)),6) -> 54.675 | AF83: =ROUND(((EV83*1.15)),6) -> 2779.021 | AG83: =ROUND((AP83),6) -> 0 | AH83: =((EW83*1.15)) -> 302.726 | AI83: =((EX83*1.25)) -> 4.2 | AJ83: =ROUND((AS83),6) -> 0 | AK83: 5166.37 | AL83: 2412.9 | AM83: 336.93 | AN83: 43.74 | AO83: 2416.54 | AP83: 0 | AQ83: 263.24 | AR83: 3.36 | AS83: 0 | AT83: 117 | AU83: 76 | AV83: 1 | AW83: 1 | AZ83: 5.15 | BA83: 5.15 | BB83: 5.15 | BC83: 5.15 | BH83: 0 | BI83: 1 | BJ83: ФЕР-2001, 23-03-002-01, приказ Минстроя России №1039/пр от 30.12.2016г. | BM83: 23001 | BN83: 0 | BP83: 0 | BQ83: 2 | BR83: 0 | BS83: 5.15 | BT83: 1 | BU83: 1 | BV83: 1 | BW83: 1 | BX83: 1 | BZ83: 130 | CA83: 89 | CF83: 0 | CG83: 0 | CM83: 0 | CN83: Поправка: МДС 81-35.2004, п.4.7 Наименование: Работы, выполняемые при реконструкции зданий и сооружений работы, аналогичные технологическим процессам в новом строительстве (в том числе возведение новых конструктивных элементов) стоимость которых определена по соответствующим сборникам ФЕР, кроме сборника № 46 «Работы при реконструкции зданий и сооружений» | CO83: 0 | CP83: =(P83+Q83+S83) -> 5781.48 | CQ83: =AC83*BC83 -> 12426.435 | CR83: =AD83*BB83 -> 2168.9869 | CS83: =AE83*BS83 -> 281.57625 | CT83: =AF83*BA83 -> 14311.958 | CU83: =AG83 -> 0 | CV83: =AH83 -> 302.726 | CW83: =AI83 -> 4.2 | CX83: =AJ83 -> 0 | CY83: =(((S83+R83)*AT83)/100) -> 3414.8907 | CZ83: =(((S83+R83)*AU83)/100) -> 2218.2196 | DE83: )*1,25 | DF83: )*1,25 | DG83: )*1,15 | DI83: )*1,15 | DJ83: )*1,25 | DN83: 0 | DO83: 0 | DP83: 1 | DQ83: 1 | DU83: 1007 | DV83: 10 м3 | DW83: 10 м3 | DX83: 10 | EE83: 39174537 | EF83: 2 | EG83: Общестроительные работы | EH83: 0 | EJ83: 1 | EK83: 23001 | EL83: Канализация - наружные сети | EM83: ФЕР-23 | EO83: Поправка: МДС 81-35.2004, п.4.7 | EQ83: 131072 | ER83: 5166.37 | ES83: 2412.9 | ET83: 336.93 | EU83: 43.74 | EV83: 2416.54 | EW83: 263.24 | EX83: 3.36 | EY83: 0 | FQ83: 0 | FR83: =ROUND(IF(AND(BH83=3,BI83=3),P83,0),2) -> 0 | FS83: 0 | FT83: *0,9 | FU83: *0,85 | FX83: 117 | FY83: 75.65 | GD83: 0 | GF83: -1279408477 | GG83: 1 | GH83: 1 | GI83: 4 | GJ83: 0 | GK83: =ROUND(R83*(S12)/100,2) -> 0 | GL83: =ROUND(IF(AND(BH83=3,BI83=3,FS83<>0),P83,0),2) -> 0 | GM83: =ROUND(O83+X83+Y83+GK83,2)+GX83 -> 11414.59 | GN83: =IF(OR(BI83=0,BI83=1),ROUND(O83+X83+Y83+GK83,2),0) -> 11414.59 | GO83: =IF(BI83=2,ROUND(O83+X83+Y83+GK83,2),0) -> 0 | GP83: =IF(BI83=4,ROUND(O83+X83+Y83+GK83,2)+GX83,0) -> 0 | GR83: 0 | GS83: 3 | GT83: 0 | GV83: =ROUND(GT83,6) -> 0 | GW83: 1 | GX83: =ROUND(GV83*GW83*I83,2) -> 0 | HA83: 0 | HB83: 0 | IK83: 0
A84: 18 | B84: 1 | C84: 131 | E84: 11,1 | F84: 02.2.05.04 | G84: Щебень | H84: м3 | I84: =I82*J84 -> 0.022 | J84: 0.11 | O84: =ROUND(CP84,2) -> 0 | P84: =ROUND(CQ84*I84,2) -> 0 | Q84: =ROUND(CR84*I84,2) -> 0 | R84: =ROUND(CS84*I84,2) -> 0 | S84: =ROUND(CT84*I84,2) -> 0 | T84: =ROUND(CU84*I84,2) -> 0 | U84: =CV84*I84 -> 0 | V84: =CW84*I84 -> 0 | W84: =ROUND(CX84*I84,2) -> 0 | X84: =ROUND(CY84,2) -> 0 | Y84: =ROUND(CZ84,2) -> 0 | AA84: 39612628 | AB84: =ROUND((AC84+AD84+AF84),6) -> 0 | AC84: =ROUND((ES84),6) -> 0 | AD84: =ROUND((((ET84)-(EU84))+AE84),6) -> 0 | AE84: =ROUND((EU84),6) -> 0 | AF84: =ROUND((EV84),6) -> 0 | AG84: =ROUND((AP84),6) -> 0 | AH84: =(EW84) -> 0 | AI84: =(EX84) -> 0 | AJ84: =ROUND((AS84),6) -> 0 | AK84: 0 | AL84: 0 | AM84: 0 | AN84: 0 | AO84: 0 | AP84: 0 | AQ84: 0 | AR84: 0 | AS84: 0 | AT84: 117 | AU84: 76 | AV84: 1 | AW84: 1 | AZ84: 1 | BA84: 1 | BB84: 1 | BC84: 1 | BH84: 3 | BI84: 1 | BM84: 23001 | BN84: 0 | BP84: 0 | BQ84: 2 | BR84: 0 | BS84: 1 | BT84: 1 | BU84: 1 | BV84: 1 | BW84: 1 | BX84: 1 | BZ84: 130 | CA84: 89 | CF84: 0 | CG84: 0 | CM84: 0 | CO84: 0 | CP84: =(P84+Q84+S84) -> 0 | CQ84: =AC84*BC84 -> 0 | CR84: =AD84*BB84 -> 0 | CS84: =AE84*BS84 -> 0 | CT84: =AF84*BA84 -> 0 | CU84: =AG84 -> 0 | CV84: =AH84 -> 0 | CW84: =AI84 -> 0 | CX84: =AJ84 -> 0 | CY84: =(((S84+R84)*AT84)/100) -> 0 | CZ84: =(((S84+R84)*AU84)/100) -> 0 | DN84: 0 | DO84: 0 | DP84: 1 | DQ84: 1 | DU84: 1007 | DV84: м3 | DW84: м3 | DX84: 1 | EE84: 39174537 | EF84: 2 | EG84: Общестроительные работы | EH84: 0 | EJ84: 1 | EK84: 23001 | EL84: Канализация - наружные сети | EM84: ФЕР-23 | EQ84: 0 | ER84: 0 | ES84: 0 | ET84: 0 | EU84: 0 | EV84: 0 | EW84: 0 | EX84: 0 | FQ84: 0 | FR84: =ROUND(IF(AND(BH84=3,BI84=3),P84,0),2) -> 0 | FS84: 0 | FT84: *0,9 | FU84: *0,85 | FX84: 117 | FY84: 75.65 | GD84: 0 | GF84: 1239012555 | GG84: 2 | GH84: 1 | GI84: -2 | GJ84: 0 | GK84: =ROUND(R84*(R12)/100,2) -> 0 | GL84: =ROUND(IF(AND(BH84=3,BI84=3,FS84<>0),P84,0),2) -> 0 | GM84: =ROUND(O84+X84+Y84+GK84,2)+GX84 -> 0 | GN84: =IF(OR(BI84=0,BI84=1),ROUND(O84+X84+Y84+GK84,2),0) -> 0 | GO84: =IF(BI84=2,ROUND(O84+X84+Y84+GK84,2),0) -> 0 | GP84: =IF(BI84=4,ROUND(O84+X84+Y84+GK84,2)+GX84,0) -> 0 | GR84: 0 | GS84: 3 | GT84: 0 | GV84: =ROUND(GT84,6) -> 0 | GW84: 1 | GX84: =ROUND(GV84*GW84*I84,2) -> 0 | HA84: 0 | HB84: 0 | IK84: 0
A85: 18 | B85: 1 | C85: 152 | E85: 11,1 | F85: 02.2.05.04 | G85: Щебень | H85: м3 | I85: =I83*J85 -> 0.022 | J85: 0.11 | O85: =ROUND(CP85,2) -> 0 | P85: =ROUND(CQ85*I85,2) -> 0 | Q85: =ROUND(CR85*I85,2) -> 0 | R85: =ROUND(CS85*I85,2) -> 0 | S85: =ROUND(CT85*I85,2) -> 0 | T85: =ROUND(CU85*I85,2) -> 0 | U85: =CV85*I85 -> 0 | V85: =CW85*I85 -> 0 | W85: =ROUND(CX85*I85,2) -> 0 | X85: =ROUND(CY85,2) -> 0 | Y85: =ROUND(CZ85,2) -> 0 | AA85: 39612629 | AB85: =ROUND((AC85+AD85+AF85),6) -> 0 | AC85: =ROUND((ES85),6) -> 0 | AD85: =ROUND((((ET85)-(EU85))+AE85),6) -> 0 | AE85: =ROUND((EU85),6) -> 0 | AF85: =ROUND((EV85),6) -> 0 | AG85: =ROUND((AP85),6) -> 0 | AH85: =(EW85) -> 0 | AI85: =(EX85) -> 0 | AJ85: =ROUND((AS85),6) -> 0 | AK85: 0 | AL85: 0 | AM85: 0 | AN85: 0 | AO85: 0 | AP85: 0 | AQ85: 0 | AR85: 0 | AS85: 0 | AT85: 117 | AU85: 76 | AV85: 1 | AW85: 1 | AZ85: 5.15 | BA85: 1 | BB85: 1 | BC85: 5.15 | BH85: 3 | BI85: 1 | BM85: 23001 | BN85: 0 | BP85: 0 | BQ85: 2 | BR85: 0 | BS85: 1 | BT85: 1 | BU85: 1 | BV85: 1 | BW85: 1 | BX85: 1 | BZ85: 130 | CA85: 89 | CF85: 0 | CG85: 0 | CM85: 0 | CO85: 0 | CP85: =(P85+Q85+S85) -> 0 | CQ85: =AC85*BC85 -> 0 | CR85: =AD85*BB85 -> 0 | CS85: =AE85*BS85 -> 0 | CT85: =AF85*BA85 -> 0 | CU85: =AG85 -> 0 | CV85: =AH85 -> 0 | CW85: =AI85 -> 0 | CX85: =AJ85 -> 0 | CY85: =(((S85+R85)*AT85)/100) -> 0 | CZ85: =(((S85+R85)*AU85)/100) -> 0 | DN85: 0 | DO85: 0 | DP85: 1 | DQ85: 1 | DU85: 1007 | DV85: м3 | DW85: м3 | DX85: 1 | EE85: 39174537 | EF85: 2 | EG85: Общестроительные работы | EH85: 0 | EJ85: 1 | EK85: 23001 | EL85: Канализация - наружные сети | EM85: ФЕР-23 | EQ85: 0 | ER85: 0 | ES85: 0 | ET85: 0 | EU85: 0 | EV85: 0 | EW85: 0 | EX85: 0 | FQ85: 0 | FR85: =ROUND(IF(AND(BH85=3,BI85=3),P85,0),2) -> 0 | FS85: 0 | FT85: *0,9 | FU85: *0,85 | FX85: 117 | FY85: 75.65 | GD85: 0 | GF85: 1239012555 | GG85: 1 | GH85: 1 | GI85: 4 | GJ85: 0 | GK85: =ROUND(R85*(S12)/100,2) -> 0 | GL85: =ROUND(IF(AND(BH85=3,BI85=3,FS85<>0),P85,0),2) -> 0 | GM85: =ROUND(O85+X85+Y85+GK85,2)+GX85 -> 0 | GN85: =IF(OR(BI85=0,BI85=1),ROUND(O85+X85+Y85+GK85,2),0) -> 0 | GO85: =IF(BI85=2,ROUND(O85+X85+Y85+GK85,2),0) -> 0 | GP85: =IF(BI85=4,ROUND(O85+X85+Y85+GK85,2)+GX85,0) -> 0 | GR85: 0 | GS85: 3 | GT85: 0 | GV85: =ROUND(GT85,6) -> 0 | GW85: 1 | GX85: =ROUND(GV85*GW85*I85,2) -> 0 | HA85: 0 | HB85: 0 | IK85: 0
A86: 18 | B86: 1 | C86: 139 | E86: 11,2 | F86: 05.1.01.08-0094 | G86: Крышки колодцев КЦП 1-20-1 /бетон В15 (М200), объем 0,51 м3, расход арматуры 43,40 кг/ (серия 3.900-3 вып.7) | H86: шт. | I86: =I82*J86 -> 2 | J86: 10 | O86: =ROUND(CP86,2) -> 1957.42 | P86: =ROUND(CQ86*I86,2) -> 1957.42 | Q86: =ROUND(CR86*I86,2) -> 0 | R86: =ROUND(CS86*I86,2) -> 0 | S86: =ROUND(CT86*I86,2) -> 0 | T86: =ROUND(CU86*I86,2) -> 0 | U86: =CV86*I86 -> 0 | V86: =CW86*I86 -> 0 | W86: =ROUND(CX86*I86,2) -> 0 | X86: =ROUND(CY86,2) -> 0 | Y86: =ROUND(CZ86,2) -> 0 | AA86: 39612628 | AB86: =ROUND((AC86+AD86+AF86),6) -> 978.71 | AC86: =ROUND((ES86),6) -> 978.71 | AD86: =ROUND((((ET86)-(EU86))+AE86),6) -> 0 | AE86: =ROUND((EU86),6) -> 0 | AF86: =ROUND((EV86),6) -> 0 | AG86: =ROUND((AP86),6) -> 0 | AH86: =(EW86) -> 0 | AI86: =(EX86) -> 0 | AJ86: =ROUND((AS86),6) -> 0 | AK86: 978.71 | AL86: 978.71 | AM86: 0 | AN86: 0 | AO86: 0 | AP86: 0 | AQ86: 0 | AR86: 0 | AS86: 0 | AT86: 117 | AU86: 76 | AV86: 1 | AW86: 1 | AZ86: 1 | BA86: 1 | BB86: 1 | BC86: 1 | BH86: 3 | BI86: 1 | BJ86: ФССЦ-2001, 05.1.01.08-0094, приказ Минстроя России №1039/пр от 30.12.2016г. | BM86: 23001 | BN86: 0 | BP86: 0 | BQ86: 2 | BR86: 0 | BS86: 1 | BT86: 1 | BU86: 1 | BV86: 1 | BW86: 1 | BX86: 1 | BZ86: 130 | CA86: 89 | CF86: 0 | CG86: 0 | CM86: 0 | CO86: 0 | CP86: =(P86+Q86+S86) -> 1957.42 | CQ86: =AC86*BC86 -> 978.71 | CR86: =AD86*BB86 -> 0 | CS86: =AE86*BS86 -> 0 | CT86: =AF86*BA86 -> 0 | CU86: =AG86 -> 0 | CV86: =AH86 -> 0 | CW86: =AI86 -> 0 | CX86: =AJ86 -> 0 | CY86: =(((S86+R86)*AT86)/100) -> 0 | CZ86: =(((S86+R86)*AU86)/100) -> 0 | DN86: 0 | DO86: 0 | DP86: 1 | DQ86: 1 | DU86: 1010 | DV86: шт. | DW86: шт. | DX86: 1 | EE86: 39174537 | EF86: 2 | EG86: Общестроительные работы | EH86: 0 | EJ86: 1 | EK86: 23001 | EL86: Канализация - наружные сети | EM86: ФЕР-23 | EQ86: 0 | ER86: 978.71 | ES86: 978.71 | ET86: 0 | EU86: 0 | EV86: 0 | EW86: 0 | EX86: 0 | FQ86: 0 | FR86: =ROUND(IF(AND(BH86=3,BI86=3),P86,0),2) -> 0 | FS86: 0 | FT86: *0,9 | FU86: *0,85 | FX86: 117 | FY86: 75.65 | GD86: 0 | GF86: 1676197869 | GG86: 2 | GH86: 1 | GI86: -2 | GJ86: 0 | GK86: =ROUND(R86*(R12)/100,2) -> 0 | GL86: =ROUND(IF(AND(BH86=3,BI86=3,FS86<>0),P86,0),2) -> 0 | GM86: =ROUND(O86+X86+Y86+GK86,2)+GX86 -> 1957.42 | GN86: =IF(OR(BI86=0,BI86=1),ROUND(O86+X86+Y86+GK86,2),0) -> 1957.42 | GO86: =IF(BI86=2,ROUND(O86+X86+Y86+GK86,2),0) -> 0 | GP86: =IF(BI86=4,ROUND(O86+X86+Y86+GK86,2)+GX86,0) -> 0 | GR86: 0 | GS86: 3 | GT86: 0 | GV86: =ROUND(GT86,6) -> 0 | GW86: 1 | GX86: =ROUND(GV86*GW86*I86,2) -> 0 | HA86: 0 | HB86: 0 | IK86: 0
A87: 18 | B87: 1 | C87: 160 | E87: 11,2 | F87: 05.1.01.08-0094 | G87: Крышки колодцев КЦП 1-20-1 /бетон В15 (М200), объем 0,51 м3, расход арматуры 43,40 кг/ (серия 3.900-3 вып.7) | H87: шт. | I87: =I83*J87 -> 2 | J87: 10 | O87: =ROUND(CP87,2) -> 10080.71 | P87: =ROUND(CQ87*I87,2) -> 10080.71 | Q87: =ROUND(CR87*I87,2) -> 0 | R87: =ROUND(CS87*I87,2) -> 0 | S87: =ROUND(CT87*I87,2) -> 0 | T87: =ROUND(CU87*I87,2) -> 0 | U87: =CV87*I87 -> 0 | V87: =CW87*I87 -> 0 | W87: =ROUND(CX87*I87,2) -> 0 | X87: =ROUND(CY87,2) -> 0 | Y87: =ROUND(CZ87,2) -> 0 | AA87: 39612629 | AB87: =ROUND((AC87+AD87+AF87),6) -> 978.71 | AC87: =ROUND((ES87),6) -> 978.71 | AD87: =ROUND((((ET87)-(EU87))+AE87),6) -> 0 | AE87: =ROUND((EU87),6) -> 0 | AF87: =ROUND((EV87),6) -> 0 | AG87: =ROUND((AP87),6) -> 0 | AH87: =(EW87) -> 0 | AI87: =(EX87) -> 0 | AJ87: =ROUND((AS87),6) -> 0 | AK87: 978.71 | AL87: 978.71 | AM87: 0 | AN87: 0 | AO87: 0 | AP87: 0 | AQ87: 0 | AR87: 0 | AS87: 0 | AT87: 117 | AU87: 76 | AV87: 1 | AW87: 1 | AZ87: 5.15 | BA87: 1 | BB87: 1 | BC87: 5.15 | BH87: 3 | BI87: 1 | BJ87: ФССЦ-2001, 05.1.01.08-0094, приказ Минстроя России №1039/пр от 30.12.2016г. | BM87: 23001 | BN87: 0 | BP87: 0 | BQ87: 2 | BR87: 0 | BS87: 1 | BT87: 1 | BU87: 1 | BV87: 1 | BW87: 1 | BX87: 1 | BZ87: 130 | CA87: 89 | CF87: 0 | CG87: 0 | CM87: 0 | CO87: 0 | CP87: =(P87+Q87+S87) -> 10080.71 | CQ87: =AC87*BC87 -> 5040.3565 | CR87: =AD87*BB87 -> 0 | CS87: =AE87*BS87 -> 0 | CT87: =AF87*BA87 -> 0 | CU87: =AG87 -> 0 | CV87: =AH87 -> 0 | CW87: =AI87 -> 0 | CX87: =AJ87 -> 0 | CY87: =(((S87+R87)*AT87)/100) -> 0 | CZ87: =(((S87+R87)*AU87)/100) -> 0 | DN87: 0 | DO87: 0 | DP87: 1 | DQ87: 1 | DU87: 1010 | DV87: шт. | DW87: шт. | DX87: 1 | EE87: 39174537 | EF87: 2 | EG87: Общестроительные работы | EH87: 0 | EJ87: 1 | EK87: 23001 | EL87: Канализация - наружные сети | EM87: ФЕР-23 | EQ87: 0 | ER87: 978.71 | ES87: 978.71 | ET87: 0 | EU87: 0 | EV87: 0 | EW87: 0 | EX87: 0 | FQ87: 0 | FR87: =ROUND(IF(AND(BH87=3,BI87=3),P87,0),2) -> 0 | FS87: 0 | FT87: *0,9 | FU87: *0,85 | FX87: 117 | FY87: 75.65 | GD87: 0 | GF87: 1676197869 | GG87: 1 | GH87: 1 | GI87: 4 | GJ87: 0 | GK87: =ROUND(R87*(S12)/100,2) -> 0 | GL87: =ROUND(IF(AND(BH87=3,BI87=3,FS87<>0),P87,0),2) -> 0 | GM87: =ROUND(O87+X87+Y87+GK87,2)+GX87 -> 10080.71 | GN87: =IF(OR(BI87=0,BI87=1),ROUND(O87+X87+Y87+GK87,2),0) -> 10080.71 | GO87: =IF(BI87=2,ROUND(O87+X87+Y87+GK87,2),0) -> 0 | GP87: =IF(BI87=4,ROUND(O87+X87+Y87+GK87,2)+GX87,0) -> 0 | GR87: 0 | GS87: 3 | GT87: 0 | GV87: =ROUND(GT87,6) -> 0 | GW87: 1 | GX87: =ROUND(GV87*GW87*I87,2) -> 0 | HA87: 0 | HB87: 0 | IK87: 0
